Workbook
Name COGSType: Instructions!$M$3:$M$5
Name factors: [1]Methods!$B$2:$B$7
Name HeadType: Instructions!$M$8:$M$9
Name methods: [1]Methods!$A$2:$A$7
Name noswitch: [1]Methods!$C$2:$C$7
Name valuevx: 42.314159

Sheet Instructions
B2: INSTRUCTIONS
M3: Per Revenue Dollar
M4: Per Unit
M5: Fixed Dollar Per Month
B6: Welcome to the free Kruze Consulting Simple Start-up VC Pitch Deck Projection Model!
B8: We tried to make this as user-friendly and adaptable as possible so it can be tailored to all sorts of businesses. | M8: Permanent
M9: Contractor
B10: To use this model, enter your unique assumptions in the yellow cells within the "Model" tab.
B11: The assumptions will then flow through to the calculations and "Summary" and "Graphs" tabs so you can see the impacts of any changes.
B13: Please feel free to reach out to us if you have any question or if you'd like any help on an idea you have.
B14: https://kruzeconsulting.com/
B16: REVENUE
B18: This model has the capacity to project up to 5 unique revenue streams e.g. subscription revenue, implementation revenue, advertising revenue etc.
B20: Units sold
B21: Enter the name of each applicable revenue stream in cells E17:E21
B22: Enter the number of units sold of each applicable product/service each month in cells AK17:DD21
B23: Historical units sold can also be entered for comparative purposes in gray cells Y17:AJ21
B24: * Note that not all cells need to be entered. Clear the contents or enter zero for months with no sales.
B25: * Leave blank the revenue streams if they are not needed.
... B28: Enter the annual price applicable to each of the revenue streams in cells J24:O28
A30: =Model!E40 -> Total Revenue | B30: Total revenue can be seen on row 37
B32: Cost Of Goods Sold (COGS)
B33: Enter the basis upon which COGS is applied for each of the applicable revenue streams.
B34: Available options are:
B35: =M3 -> Per Revenue Dollar
B36: =M4 -> Per Unit
B37: =M5 -> Fixed Dollar Per Month
B38: COGS for each revenue stream can be seen in rows 48-52
B40: Total COGS can be seen on row 54
B42: Gross profit for each revenue stream can be seen in rows 57-61
B44: Total Gross Profit can be seen on row 63
B47: EXPENSES
B49: Headcount
B50: Permanent staff
B51: Enter staff names or roles in cells E70:76
B52: Enter average staff salaries in cells F70:76
B53: For each row, enter the number of full-time equivalent staff for each relevant month in cells AK70:DD76
B54: A single row can be used for multiple employees of the same type. For example, if you intend to have mutiple software developers all at a similar salary, you can enter one software developer in cells E70:76, one typical/average salary level in cells F70:76, and then input the number of full time software developers on staff in cells AK70:DD76
B55: * Note: if additional staff/roles need to be added, simply copy row and insert it above in both the Headcount and Payroll sections
... B72: Payroll Tax
A73: =Model!J106 -> 0.1 | B73: Enter the applicable payroll tax rate in cell J103
B74: * Note: Payroll tax is payable on all permanent employees
B76: Employee benefits
B77: Enter a dollar amount per month for employee benefits in cells J104:O104
B79: Other Expenses
B80: Sales and Marketing
A81: =Model!E112 -> Sales & Marketing Programs | B81: Enter Sales and Marketing expenses as a percentage of annual revenue in cells J109:O109
B83: General & Administrative
A84: =Model!E113 -> General & Administrative | B84: Enter General & Administrative expenses per headcount per month in cells J110:O110
B86: Legal & Professional Fees
A87: =Model!E114 -> Legal & Professional Fees | B87: Enter Legal & Professional fees as a dollar amount per month in cells J111:O111
B89: Rent
A90: =Model!E115 -> Rent | B90: Enter Rent expense as a dollar amount per month in cells J112:O112
B92: R&D Expense
A93: =Model!E116 -> R&D Expense | B93: Enter Research & Development expense as a dollar amount per month in cells J113:O113
B95: Travel
A96: =Model!E117 -> Travel | B96: Enter Travel expense as a dollar amount per month per full time employee in cells J114:O114
A98: =Model!E120 -> Total Operating Expenses | B98: Total Operating Expenses can be seen on row 117
B100: Total Operating Income can be seen on row 119
B102: Taxes & Licenses
B103: Enter estimated taxes per month as a dollar amount per month in cell J122
B105: Fixed Assets
B106: Enter the names of fixed assets in cells E125:E129.
B107: For fixed assets that have already been purchased, enter the applicable starting value in gray cells I125:129.
B108: Enter the corresponding dollar amounts of additional spend per month on each fixed asset in cells J125:O129.
B110: Associated depreciation can be seen on row 141
B112: Interest Income/Expense
B113: Enter interest Income on Bank Balance as a dollar amount per month in cells J144:O144
B114: Enter interest Expense on debt as a dollar amount per month in cells J145:O145
A116: =Model!E151 -> Net Income | B116: Net Income can be seen on row 149
B119: Cash Balance
B120: Enter starting cash balance in cell I152
B121: Cash metrics are calculated based on inputs entered above.

Sheet Model
E1: FINANCIAL MODEL
J2: Model Start Date: | K2: 44562
E5: INCOME STATEMENT
I6: Actuals | J6: Assumptions | R6: Yearly Summary
I7: Prior Year | J7: Year 1 | K7: Year 2 | L7: Year 3 | M7: Year 4 | N7: Year 5 | O7: Year 6 | Q7: Year 0 | R7: Year 1 | S7: Year 2 | T7: Year 3 | U7: Year 4 | V7: Year 5 | W7: Year 6 | Y7: Yr0 Mth1 | Z7: Yr0 Mth2 | AA7: Yr0 Mth3 | AB7: Yr0 Mth4 | AC7: Yr0 Mth5 | AD7: Yr0 Mth6 | AE7: Yr0 Mth7 | AF7: Yr0 Mth8 | AG7: Yr0 Mth9 | AH7: Yr0 Mth10 | AI7: Yr0 Mth11 | AJ7: Yr0 Mth12 | AK7: Yr1 Mth1 | AL7: Yr1 Mth2 | AM7: Yr1 Mth3 | AN7: Yr1 Mth4 | AO7: Yr1 Mth5 | AP7: Yr1 Mth6 | AQ7: Yr1 Mth7 | AR7: Yr1 Mth8 | AS7: Yr1 Mth9 | AT7: Yr1 Mth10 | AU7: Yr1 Mth11 | AV7: Yr1 Mth12 | AW7: Yr2 Mth1 | AX7: Yr2 Mth2 | AY7: Yr2 Mth3 | AZ7: Yr2 Mth4 | BA7: Yr2 Mth5 | BB7: Yr2 Mth6 | BC7: Yr2 Mth7 | BD7: Yr2 Mth8 | BE7: Yr2 Mth9 | BF7: Yr2 Mth10 | BG7: Yr2 Mth11 | BH7: Yr2 Mth12 | BI7: Yr3 Mth1 | BJ7: Yr3 Mth2 | BK7: Yr3 Mth3 | BL7: Yr3 Mth4 | BM7: Yr3 Mth5 | BN7: Yr3 Mth6 | BO7: Yr3 Mth7 | BP7: Yr3 Mth8 | BQ7: Yr3 Mth9 | BR7: Yr3 Mth10 | BS7: Yr3 Mth11 | BT7: Yr3 Mth12 | BU7: Yr4 Mth1 | BV7: Yr4 Mth2 | BW7: Yr4 Mth3 | BX7: Yr4 Mth4 | BY7: Yr4 Mth5 | BZ7: Yr4 Mth6 | CA7: Yr4 Mth7 | CB7: Yr4 Mth8 | CC7: Yr4 Mth9 | CD7: Yr4 Mth10 | CE7: Yr4 Mth11 | CF7: Yr4 Mth12 | CG7: Yr5 Mth1 | CH7: Yr5 Mth2 | CI7: Yr5 Mth3 | CJ7: Yr5 Mth4 | CK7: Yr5 Mth5 | CL7: Yr5 Mth6 | CM7: Yr5 Mth7 | CN7: Yr5 Mth8 | CO7: Yr5 Mth9 | CP7: Yr5 Mth10 | CQ7: Yr5 Mth11 | CR7: Yr5 Mth12 | CS7: Yr6 Mth1 | CT7: Yr6 Mth2 | CU7: Yr6 Mth3 | CV7: Yr6 Mth4 | CW7: Yr6 Mth5 | CX7: Yr6 Mth6 | CY7: Yr6 Mth7 | CZ7: Yr6 Mth8 | DA7: Yr6 Mth9 | DB7: Yr6 Mth10 | DC7: Yr6 Mth11 | DD7: Yr6 Mth12
I8: =AJ8 -> 44531 | J8: =AV8 -> 44896 | K8: =BH8 -> 45261 | L8: =BT8 -> 45627 | M8: =CF8 -> 45992 | N8: =CR8 -> 46357 | O8: =DD8 -> 46722 | P8: =AQ8 -> 44743 | Q8: =AJ8 -> 44531 | R8: =AS8 -> 44805 | S8: =BH8 -> 45261 | T8: =BT8 -> 45627 | U8: =CF8 -> 45992 | V8: =CR8 -> 46357 | W8: =DD8 -> 46722 | Y8: =DATE(YEAR(Z8),MONTH(Z8)-1,DAY(Z8)) -> 44197 | Z8: =DATE(YEAR(AA8),MONTH(AA8)-1,DAY(AA8)) -> 44228 | AA8: =DATE(YEAR(AB8),MONTH(AB8)-1,DAY(AB8)) -> 44256 | AB8: =DATE(YEAR(AC8),MONTH(AC8)-1,DAY(AC8)) -> 44287 | AC8: =DATE(YEAR(AD8),MONTH(AD8)-1,DAY(AD8)) -> 44317 | AD8: =DATE(YEAR(AE8),MONTH(AE8)-1,DAY(AE8)) -> 44348 | AE8: =DATE(YEAR(AF8),MONTH(AF8)-1,DAY(AF8)) -> 44378 | AF8: =DATE(YEAR(AG8),MONTH(AG8)-1,DAY(AG8)) -> 44409 | ... AJ8: =DATE(YEAR(AK8),MONTH(AK8)-1,DAY(AK8)) -> 44531 | AK8: =K2 -> 44562 | AL8: =DATE(YEAR(AK8),MONTH(AK8)+1,DAY(AK8)) -> 44593 | AM8: =DATE(YEAR(AL8),MONTH(AL8)+1,DAY(AL8)) -> 44621 | AN8: =DATE(YEAR(AM8),MONTH(AM8)+1,DAY(AM8)) -> 44652 | AO8: =DATE(YEAR(AN8),MONTH(AN8)+1,DAY(AN8)) -> 44682 | AP8: =DATE(YEAR(AO8),MONTH(AO8)+1,DAY(AO8)) -> 44713 | AQ8: =DATE(YEAR(AP8),MONTH(AP8)+1,DAY(AP8)) -> 44743 | AR8: =DATE(YEAR(AQ8),MONTH(AQ8)+1,DAY(AQ8)) -> 44774 | AS8: =DATE(YEAR(AR8),MONTH(AR8)+1,DAY(AR8)) -> 44805 | ... DD8: =DATE(YEAR(DC8),MONTH(DC8)+1,DAY(DC8)) -> 46722
D15: Key Revenue Drivers
E16: Ending Users | J16: Total Customers | Q16: Total Customers
E17: Basic | F17: e.g. Software Subscription | Q17: =AJ17 -> 300 | R17: =AV17 -> 538 | S17: =BH17 -> 966.1707 | T17: =BT17 -> 1531.7106 | U17: =CF17 -> 2632.8437 | V17: =CR17 -> 3241.5962 | W17: =DD17 -> 4269.0886 | Y17: 20 | Z17: =+Y17*2 -> 40 | AA17: =+Z17*1.5 -> 60 | AB17: =+AA17*1.25 -> 75 | AC17: =+AB17*1.25 -> 93.75 | AD17: 90 | AE17: 146 | AF17: =+AE17*1.25 -> 182.5 | AG17: =+AF17*1.2 -> 219 | AH17: 200 | AI17: 282 | AJ17: 300 | AK17: =ROUND(AJ17*1.05,0) -> 315 | AL17: =ROUND(AK17*1.05,0) -> 331 | AM17: =ROUND(AL17*1.05,0) -> 348 | AN17: =ROUND(AM17*1.05,0) -> 365 | AO17: =ROUND(AN17*1.05,0) -> 383 | AP17: =ROUND(AO17*1.05,0) -> 402 | AQ17: =ROUND(AP17*1.05,0) -> 422 | AR17: =ROUND(AQ17*1.05,0) -> 443 | ... AV17: =ROUND(AU17*1.05,0) -> 538 | AW17: =+AV17*1.05 -> 564.9 | AX17: =+AW17*1.05 -> 593.145 | AY17: =+AX17*1.05 -> 622.80225 | AZ17: =+AY17*1.05 -> 653.94236 | BA17: =+AZ17*1.05 -> 686.63948 | BB17: =+BA17*1.05 -> 720.97145 | BC17: =+BB17*1.05 -> 757.02003 | BD17: =+BC17*1.05 -> 794.87103 | ... BI17: =+BH17*1.05 -> 1014.4792 | BJ17: =+BI17*1.04 -> 1055.0584 | BK17: =+BJ17*1.04 -> 1097.2607 | BL17: =+BK17*1.04 -> 1141.1512 | BM17: =+BL17*1.04 -> 1186.7972 | BN17: =+BM17*1.04 -> 1234.2691 | BO17: =+BN17*1.04 -> 1283.6399 | BP17: =+BO17*1.04 -> 1334.9855 | BQ17: =+BP17*1.04 -> 1388.3849 | ... BS17: =+BR17*1.04 -> 1501.6771 | BT17: =+BS17*1.02 -> 1531.7106 | BU17: =+BT17*1.05 -> 1608.2962 | BV17: =+BU17*1.05 -> 1688.711 | BW17: =+BV17*1.05 -> 1773.1465 | BX17: =+BW17*1.05 -> 1861.8039 | BY17: =+BX17*1.05 -> 1954.894 | BZ17: =+BY17*1.05 -> 2052.6387 | CA17: =+BZ17*1.05 -> 2155.2707 | CB17: =+CA17*1.05 -> 2263.0342 | ... CE17: =+CD17*1.05 -> 2619.745 | CF17: =+CE17*1.005 -> 2632.8437 | CG17: =+CF17*1.005 -> 2646.0079 | CH17: =+CG17*1.02 -> 2698.9281 | CI17: =+CH17*1.02 -> 2752.9067 | CJ17: =+CI17*1.02 -> 2807.9648 | CK17: =+CJ17*1.02 -> 2864.1241 | CL17: =+CK17*1.02 -> 2921.4066 | CM17: =+CL17*1.02 -> 2979.8347 | CN17: =+CM17*1.02 -> 3039.4314 | CO17: =+CN17*1.02 -> 3100.22 | ... CQ17: =+CP17*1.02 -> 3225.4689 | CR17: =+CQ17*1.005 -> 3241.5962 | CS17: =+CR17*1.075 -> 3484.716 | CT17: =+CS17*1.02 -> 3554.4103 | CU17: =+CT17*1.02 -> 3625.4985 | CV17: =+CU17*1.02 -> 3698.0085 | CW17: =+CV17*1.02 -> 3771.9686 | CX17: =+CW17*1.02 -> 3847.408 | CY17: =+CX17*1.02 -> 3924.3562 | CZ17: =+CY17*1.02 -> 4002.8433 | DA17: =+CZ17*1.02 -> 4082.9002 | ... DC17: =+DB17*1.02 -> 4247.8493 | DD17: =+DC17*1.005 -> 4269.0886
E18: Pro | F18: e.g. Implementation | Q18: =AJ18 -> 130 | R18: =AV18 -> 599 | S18: =BH18 -> 1560.7218 | T18: =BT18 -> 2425.762 | U18: =CF18 -> 3374.6111 | V18: =CR18 -> 4154.8712 | W18: =DD18 -> 5115.5391 | Y18: 0 | Z18: 0 | AA18: 0 | AB18: 2 | AC18: 5 | AD18: 2 | AE18: 30 | AF18: 40 | AG18: 60 | AH18: 90 | AI18: 110 | AJ18: 130 | AK18: =ROUND(AJ18*1.2,0) -> 156 | AL18: =ROUND(AK18*1.2,0) -> 187 | AM18: =ROUND(AL18*1.2,0) -> 224 | AN18: =ROUND(AM18*1.2,0) -> 269 | AO18: =ROUND(AN18*1.2,0) -> 323 | AP18: =ROUND(AO18*1.2,0) -> 388 | AQ18: =ROUND(AP18*1.1,0) -> 427 | AR18: =ROUND(AQ18*1.1,0) -> 470 | AS18: =ROUND(AR18*1.1,0) -> 517 | AT18: =ROUND(AS18*1.05,0) -> 543 | AU18: =ROUND(AT18*1.05,0) -> 570 | AV18: =ROUND(AU18*1.05,0) -> 599 | AW18: =+AV18*1.05 -> 628.95 | AX18: =+AW18*1.1 -> 691.845 | AY18: =+AX18*1.1 -> 761.0295 | AZ18: =+AY18*1.1 -> 837.13245 | BA18: =+AZ18*1.1 -> 920.8457 | BB18: =+BA18*1.1 -> 1012.9303 | BC18: =+BB18*1.1 -> 1114.2233 | BD18: =+BC18*1.1 -> 1225.6456 | BE18: =+BD18*1.1 -> 1348.2102 | BF18: =+BE18*1.05 -> 1415.6207 | BG18: =+BF18*1.05 -> 1486.4017 | BH18: =+BG18*1.05 -> 1560.7218 | BI18: =+BH18*1.05 -> 1638.7579 | BJ18: =+BI18*1.04 -> 1704.3082 | BK18: =+BJ18*1.04 -> 1772.4805 | BL18: =+BK18*1.04 -> 1843.3798 | BM18: =+BL18*1.04 -> 1917.115 | BN18: =+BM18*1.04 -> 1993.7996 | BO18: =+BN18*1.04 -> 2073.5515 | BP18: =+BO18*1.04 -> 2156.4936 | BQ18: =+BP18*1.04 -> 2242.7533 | ... BS18: =+BR18*1.04 -> 2425.762 | BT18: =+BS18 -> 2425.762 | BU18: =+BT18*1.03 -> 2498.5349 | BV18: =+BU18*1.03 -> 2573.4909 | BW18: =+BV18*1.03 -> 2650.6957 | BX18: =+BW18*1.03 -> 2730.2165 | BY18: =+BX18*1.03 -> 2812.123 | BZ18: =+BY18*1.03 -> 2896.4867 | CA18: =+BZ18*1.03 -> 2983.3813 | CB18: =+CA18*1.03 -> 3072.8828 | ... CE18: =+CD18*1.03 -> 3357.8219 | CF18: =+CE18*1.005 -> 3374.6111 | CG18: =+CF18*1.005 -> 3391.4841 | CH18: =+CG18*1.02 -> 3459.3138 | CI18: =+CH18*1.02 -> 3528.5001 | CJ18: =+CI18*1.02 -> 3599.0701 | CK18: =+CJ18*1.02 -> 3671.0515 | CL18: =+CK18*1.02 -> 3744.4725 | CM18: =+CL18*1.02 -> 3819.362 | CN18: =+CM18*1.02 -> 3895.7492 | CO18: =+CN18*1.02 -> 3973.6642 | ... CQ18: =+CP18*1.02 -> 4134.2002 | CR18: =+CQ18*1.005 -> 4154.8712 | CS18: =+CR18*1.005 -> 4175.6456 | CT18: =+CS18*1.02 -> 4259.1585 | CU18: =+CT18*1.02 -> 4344.3416 | CV18: =+CU18*1.02 -> 4431.2285 | CW18: =+CV18*1.02 -> 4519.8531 | CX18: =+CW18*1.02 -> 4610.2501 | CY18: =+CX18*1.02 -> 4702.4551 | CZ18: =+CY18*1.02 -> 4796.5042 | DA18: =+CZ18*1.02 -> 4892.4343 | ... DC18: =+DB18*1.02 -> 5090.0886 | DD18: =+DC18*1.005 -> 5115.5391
E19: Mult-User | Q19: =AJ19 -> 100 | R19: =AV19 -> 476 | S19: =BH19 -> 1130.0531 | T19: =BT19 -> 1791.5203 | U19: =CF19 -> 2492.2824 | V19: =CR19 -> 3068.5351 | W19: =DD19 -> 3778.026 | Y19: 0 | Z19: 0 | AA19: 0 | AB19: 0 | AC19: 0 | AD19: 1 | AE19: 5 | AF19: 15 | AG19: 35 | AH19: 50 | AI19: 80 | AJ19: 100 | AK19: =ROUND(AJ19*1.2,0) -> 120 | AL19: =ROUND(AK19*1.2,0) -> 144 | AM19: =ROUND(AL19*1.2,0) -> 173 | AN19: =ROUND(AM19*1.2,0) -> 208 | AO19: =ROUND(AN19*1.2,0) -> 250 | AP19: =ROUND(AO19*1.2,0) -> 300 | AQ19: =ROUND(AP19*1.1,0) -> 330 | AR19: =ROUND(AQ19*1.1,0) -> 363 | AS19: =ROUND(AR19*1.1,0) -> 399 | AT19: =ROUND(AS19*1.08,0) -> 431 | AU19: =ROUND(AT19*1.05,0) -> 453 | AV19: =ROUND(AU19*1.05,0) -> 476 | AW19: =+AV19*1.1 -> 523.6 | AX19: =+AW19*1.1 -> 575.96 | AY19: =+AX19*1.1 -> 633.556 | AZ19: =+AY19*1.1 -> 696.9116 | BA19: =+AZ19*1.1 -> 766.60276 | BB19: =+BA19*1.1 -> 843.26304 | BC19: =+BB19*1.05 -> 885.42619 | BD19: =+BC19*1.05 -> 929.6975 | BE19: =+BD19*1.05 -> 976.18237 | BF19: =+BE19*1.05 -> 1024.9915 | BG19: =+BF19*1.05 -> 1076.2411 | BH19: =+BG19*1.05 -> 1130.0531 | BI19: =+BH19*1.05 -> 1186.5558 | BJ19: =+BI19*1.04 -> 1234.018 | BK19: =+BJ19*1.04 -> 1283.3787 | BL19: =+BK19*1.04 -> 1334.7139 | BM19: =+BL19*1.04 -> 1388.1024 | BN19: =+BM19*1.04 -> 1443.6265 | BO19: =+BN19*1.04 -> 1501.3716 | BP19: =+BO19*1.04 -> 1561.4265 | BQ19: =+BP19*1.04 -> 1623.8835 | ... BS19: =+BR19*1.04 -> 1756.3924 | BT19: =+BS19*1.02 -> 1791.5203 | BU19: =+BT19*1.03 -> 1845.2659 | BV19: =+BU19*1.03 -> 1900.6238 | BW19: =+BV19*1.03 -> 1957.6426 | BX19: =+BW19*1.03 -> 2016.3718 | BY19: =+BX19*1.03 -> 2076.863 | BZ19: =+BY19*1.03 -> 2139.1689 | CA19: =+BZ19*1.03 -> 2203.3439 | CB19: =+CA19*1.03 -> 2269.4443 | ... CE19: =+CD19*1.03 -> 2479.883 | CF19: =+CE19*1.005 -> 2492.2824 | CG19: =+CF19*1.005 -> 2504.7438 | CH19: =+CG19*1.02 -> 2554.8387 | CI19: =+CH19*1.02 -> 2605.9355 | CJ19: =+CI19*1.02 -> 2658.0542 | CK19: =+CJ19*1.02 -> 2711.2153 | CL19: =+CK19*1.02 -> 2765.4396 | CM19: =+CL19*1.02 -> 2820.7484 | CN19: =+CM19*1.02 -> 2877.1633 | CO19: =+CN19*1.02 -> 2934.7066 | ... CQ19: =+CP19*1.02 -> 3053.2688 | CR19: =+CQ19*1.005 -> 3068.5351 | CS19: =+CR19*1.005 -> 3083.8778 | CT19: =+CS19*1.02 -> 3145.5553 | CU19: =+CT19*1.02 -> 3208.4664 | CV19: =+CU19*1.02 -> 3272.6358 | CW19: =+CV19*1.02 -> 3338.0885 | CX19: =+CW19*1.02 -> 3404.8503 | CY19: =+CX19*1.02 -> 3472.9473 | CZ19: =+CY19*1.02 -> 3542.4062 | DA19: =+CZ19*1.02 -> 3613.2543 | ... DC19: =+DB19*1.02 -> 3759.2298 | DD19: =+DC19*1.005 -> 3778.026
E20: Invoice Financing | Q20: =AJ20 -> 0 | R20: =AV20 -> 0 | S20: =BH20 -> 1700 | T20: =BT20 -> 9095 | U20: =CF20 -> 14664.195 | V20: =CR20 -> 16360.783 | W20: =DD20 -> 18253.66 | BC20: 100 | BD20: 300 | BE20: 600 | BF20: 1000 | BG20: 1500 | BH20: 1700 | BI20: =+ROUND(BH20*1.15,0) -> 1955 | BJ20: =+ROUND(BI20*1.15,0) -> 2248 | BK20: =+ROUND(BJ20*1.15,0) -> 2585 | BL20: =+ROUND(BK20*1.15,0) -> 2973 | BM20: =+ROUND(BL20*1.15,0) -> 3419 | BN20: =+ROUND(BM20*1.15,0) -> 3932 | BO20: =+ROUND(BN20*1.15,0) -> 4522 | BP20: =+ROUND(BO20*1.15,0) -> 5200 | ... BT20: =+ROUND(BS20*1.15,0) -> 9095 | BU20: =+BT20*1.1 -> 10004.5 | BV20: =+BU20*1.1 -> 11004.95 | BW20: =+BV20*1.1 -> 12105.445 | BX20: =+BW20*1.05 -> 12710.717 | BY20: =+BX20*1.05 -> 13346.253 | BZ20: =+BY20*1.02 -> 13613.178 | CA20: =+BZ20*1.02 -> 13885.442 | CB20: =+CA20*1.02 -> 14163.151 | CC20: =+CB20*1.02 -> 14446.414 | CD20: =+CC20*1.005 -> 14518.646 | CE20: =+CD20*1.005 -> 14591.239 | CF20: =+CE20*1.005 -> 14664.195 | CG20: =+CF20*1.005 -> 14737.516 | CH20: =+CG20*1.01 -> 14884.891 | CI20: =+CH20*1.01 -> 15033.74 | CJ20: =+CI20*1.01 -> 15184.078 | CK20: =+CJ20*1.01 -> 15335.918 | CL20: =+CK20*1.01 -> 15489.277 | CM20: =+CL20*1.01 -> 15644.17 | CN20: =+CM20*1.01 -> 15800.612 | CO20: =+CN20*1.01 -> 15958.618 | ... CQ20: =+CP20*1.01 -> 16279.386 | CR20: =+CQ20*1.005 -> 16360.783 | CS20: =+CR20*1.005 -> 16442.587 | CT20: =+CS20*1.01 -> 16607.013 | CU20: =+CT20*1.01 -> 16773.083 | CV20: =+CU20*1.01 -> 16940.814 | CW20: =+CV20*1.01 -> 17110.222 | CX20: =+CW20*1.01 -> 17281.324 | CY20: =+CX20*1.01 -> 17454.138 | CZ20: =+CY20*1.01 -> 17628.679 | DA20: =+CZ20*1.01 -> 17804.966 | ... DC20: =+DB20*1.01 -> 18162.846 | DD20: =+DC20*1.005 -> 18253.66
E21: Referral Fees | Q21: =AJ21 -> 0 | R21: =AV21 -> 0 | S21: =BH21 -> 0 | T21: =BT21 -> 0 | U21: =CF21 -> 0 | V21: =CR21 -> 0 | W21: =DD21 -> 0
E22: Total Customer Count | Q22: =AJ22 -> 530 | R22: =AV22 -> 1613 | S22: =BH22 -> 5356.9456 | T22: =BT22 -> 14843.993 | U22: =CF22 -> 23163.932 | V22: =CR22 -> 26825.786 | W22: =DD22 -> 31416.313 | Y22: =SUM(Y17:Y21) -> 20 | Z22: =SUM(Z17:Z21) -> 40 | AA22: =SUM(AA17:AA21) -> 60 | AB22: =SUM(AB17:AB21) -> 77 | AC22: =SUM(AC17:AC21) -> 98.75 | AD22: =SUM(AD17:AD21) -> 93 | AE22: =SUM(AE17:AE21) -> 181 | AF22: =SUM(AF17:AF21) -> 237.5 | ... DD22: =SUM(DD17:DD21) -> 31416.313
E24: Pricing | J24: Unit Price
E25: =IF(E17="","",E17) -> Basic | F25: e.g. Software Subscription | I25: 29 | J25: 29 | K25: 29 | L25: =1.02*K25 -> 29.58 | M25: 45 | N25: =+M25*0.95 -> 42.75 | O25: =+N25*0.95 -> 40.6125 | Q25: =IFERROR(AVERAGE(Y25:AJ25),0) -> 29 | R25: =IFERROR(AVERAGE(AK25:AV25),0) -> 29 | S25: =IFERROR(AVERAGE(AW25:BH25),0) -> 29 | T25: =IFERROR(AVERAGE(BI25:BT25),0) -> 29.58 | U25: =IFERROR(AVERAGE(BU25:CF25),0) -> 45 | V25: =IFERROR(AVERAGE(CG25:CR25),0) -> 42.75 | W25: =IFERROR(AVERAGE(CS25:DD25),0) -> 40.6125 | Y25: =$I25 -> 29 | Z25: =$I25 -> 29 | AA25: =$I25 -> 29 | AB25: =$I25 -> 29 | AC25: =$I25 -> 29 | AD25: =$I25 -> 29 | AE25: =$I25 -> 29 | AF25: =$I25 -> 29 | ... AJ25: =$I25 -> 29 | AK25: =$J25 -> 29 | AL25: =$J25 -> 29 | AM25: =$J25 -> 29 | AN25: =$J25 -> 29 | AO25: =$J25 -> 29 | AP25: =$J25 -> 29 | AQ25: =$J25 -> 29 | AR25: =$J25 -> 29 | ... AV25: =$J25 -> 29 | AW25: =$K25 -> 29 | AX25: =$K25 -> 29 | AY25: =$K25 -> 29 | AZ25: =$K25 -> 29 | BA25: =$K25 -> 29 | BB25: =$K25 -> 29 | BC25: =$K25 -> 29 | BD25: =$K25 -> 29 | ... BH25: =$K25 -> 29 | BI25: =$L25 -> 29.58 | BJ25: =$L25 -> 29.58 | BK25: =$L25 -> 29.58 | BL25: =$L25 -> 29.58 | BM25: =$L25 -> 29.58 | BN25: =$L25 -> 29.58 | BO25: =$L25 -> 29.58 | BP25: =$L25 -> 29.58 | ... BT25: =$L25 -> 29.58 | BU25: =$M25 -> 45 | BV25: =$M25 -> 45 | BW25: =$M25 -> 45 | BX25: =$M25 -> 45 | BY25: =$M25 -> 45 | BZ25: =$M25 -> 45 | CA25: =$M25 -> 45 | CB25: =$M25 -> 45 | ... CF25: =$M25 -> 45 | CG25: =$N25 -> 42.75 | CH25: =$N25 -> 42.75 | CI25: =$N25 -> 42.75 | CJ25: =$N25 -> 42.75 | CK25: =$N25 -> 42.75 | CL25: =$N25 -> 42.75 | CM25: =$N25 -> 42.75 | CN25: =$N25 -> 42.75 | ... CR25: =$N25 -> 42.75 | CS25: =$O25 -> 40.6125 | CT25: =$O25 -> 40.6125 | CU25: =$O25 -> 40.6125 | CV25: =$O25 -> 40.6125 | CW25: =$O25 -> 40.6125 | CX25: =$O25 -> 40.6125 | CY25: =$O25 -> 40.6125 | CZ25: =$O25 -> 40.6125 | ... DD25: =$O25 -> 40.6125
E26: =IF(E18="","",E18) -> Pro | F26: e.g. Implementation | I26: 49 | J26: 49 | K26: 49 | L26: =1.02*K26 -> 49.98 | M26: 60 | N26: =1.02*M26 -> 61.2 | O26: =1.02*N26 -> 62.424 | Q26: =IFERROR(AVERAGE(Y26:AJ26),0) -> 49 | R26: =IFERROR(AVERAGE(AK26:AV26),0) -> 49 | S26: =IFERROR(AVERAGE(AW26:BH26),0) -> 49 | T26: =IFERROR(AVERAGE(BI26:BT26),0) -> 49.98 | U26: =IFERROR(AVERAGE(BU26:CF26),0) -> 60 | V26: =IFERROR(AVERAGE(CG26:CR26),0) -> 61.2 | W26: =IFERROR(AVERAGE(CS26:DD26),0) -> 62.424 | Y26: =$I26 -> 49 | Z26: =$I26 -> 49 | AA26: =$I26 -> 49 | AB26: =$I26 -> 49 | AC26: =$I26 -> 49 | AD26: =$I26 -> 49 | AE26: =$I26 -> 49 | AF26: =$I26 -> 49 | ... AJ26: =$I26 -> 49 | AK26: =$J26 -> 49 | AL26: =$J26 -> 49 | AM26: =$J26 -> 49 | AN26: =$J26 -> 49 | AO26: =$J26 -> 49 | AP26: =$J26 -> 49 | AQ26: =$J26 -> 49 | AR26: =$J26 -> 49 | ... AV26: =$J26 -> 49 | AW26: =$K26 -> 49 | AX26: =$K26 -> 49 | AY26: =$K26 -> 49 | AZ26: =$K26 -> 49 | BA26: =$K26 -> 49 | BB26: =$K26 -> 49 | BC26: =$K26 -> 49 | BD26: =$K26 -> 49 | ... BH26: =$K26 -> 49 | BI26: =$L26 -> 49.98 | BJ26: =$L26 -> 49.98 | BK26: =$L26 -> 49.98 | BL26: =$L26 -> 49.98 | BM26: =$L26 -> 49.98 | BN26: =$L26 -> 49.98 | BO26: =$L26 -> 49.98 | BP26: =$L26 -> 49.98 | ... BT26: =$L26 -> 49.98 | BU26: =$M26 -> 60 | BV26: =$M26 -> 60 | BW26: =$M26 -> 60 | BX26: =$M26 -> 60 | BY26: =$M26 -> 60 | BZ26: =$M26 -> 60 | CA26: =$M26 -> 60 | CB26: =$M26 -> 60 | ... CF26: =$M26 -> 60 | CG26: =$N26 -> 61.2 | CH26: =$N26 -> 61.2 | CI26: =$N26 -> 61.2 | CJ26: =$N26 -> 61.2 | CK26: =$N26 -> 61.2 | CL26: =$N26 -> 61.2 | CM26: =$N26 -> 61.2 | CN26: =$N26 -> 61.2 | ... CR26: =$N26 -> 61.2 | CS26: =$O26 -> 62.424 | CT26: =$O26 -> 62.424 | CU26: =$O26 -> 62.424 | CV26: =$O26 -> 62.424 | CW26: =$O26 -> 62.424 | CX26: =$O26 -> 62.424 | CY26: =$O26 -> 62.424 | CZ26: =$O26 -> 62.424 | ... DD26: =$O26 -> 62.424
E27: =IF(E19="","",E19) -> Mult-User | I27: 250 | J27: 250 | K27: 275 | L27: 350 | M27: 600 | N27: 1000 | O27: 1750 | Q27: =IFERROR(AVERAGE(Y27:AJ27),0) -> 250 | R27: =IFERROR(AVERAGE(AK27:AV27),0) -> 250 | S27: =IFERROR(AVERAGE(AW27:BH27),0) -> 275 | T27: =IFERROR(AVERAGE(BI27:BT27),0) -> 350 | U27: =IFERROR(AVERAGE(BU27:CF27),0) -> 600 | V27: =IFERROR(AVERAGE(CG27:CR27),0) -> 1000 | W27: =IFERROR(AVERAGE(CS27:DD27),0) -> 1750 | Y27: =$I27 -> 250 | Z27: =$I27 -> 250 | AA27: =$I27 -> 250 | AB27: =$I27 -> 250 | AC27: =$I27 -> 250 | AD27: =$I27 -> 250 | AE27: =$I27 -> 250 | AF27: =$I27 -> 250 | ... AJ27: =$I27 -> 250 | AK27: =$J27 -> 250 | AL27: =$J27 -> 250 | AM27: =$J27 -> 250 | AN27: =$J27 -> 250 | AO27: =$J27 -> 250 | AP27: =$J27 -> 250 | AQ27: =$J27 -> 250 | AR27: =$J27 -> 250 | ... AV27: =$J27 -> 250 | AW27: =$K27 -> 275 | AX27: =$K27 -> 275 | AY27: =$K27 -> 275 | AZ27: =$K27 -> 275 | BA27: =$K27 -> 275 | BB27: =$K27 -> 275 | BC27: =$K27 -> 275 | BD27: =$K27 -> 275 | ... BH27: =$K27 -> 275 | BI27: =$L27 -> 350 | BJ27: =$L27 -> 350 | BK27: =$L27 -> 350 | BL27: =$L27 -> 350 | BM27: =$L27 -> 350 | BN27: =$L27 -> 350 | BO27: =$L27 -> 350 | BP27: =$L27 -> 350 | ... BT27: =$L27 -> 350 | BU27: =$M27 -> 600 | BV27: =$M27 -> 600 | BW27: =$M27 -> 600 | BX27: =$M27 -> 600 | BY27: =$M27 -> 600 | BZ27: =$M27 -> 600 | CA27: =$M27 -> 600 | CB27: =$M27 -> 600 | ... CF27: =$M27 -> 600 | CG27: =$N27 -> 1000 | CH27: =$N27 -> 1000 | CI27: =$N27 -> 1000 | CJ27: =$N27 -> 1000 | CK27: =$N27 -> 1000 | CL27: =$N27 -> 1000 | CM27: =$N27 -> 1000 | CN27: =$N27 -> 1000 | ... CR27: =$N27 -> 1000 | CS27: =$O27 -> 1750 | CT27: =$O27 -> 1750 | CU27: =$O27 -> 1750 | CV27: =$O27 -> 1750 | CW27: =$O27 -> 1750 | CX27: =$O27 -> 1750 | CY27: =$O27 -> 1750 | CZ27: =$O27 -> 1750 | ... DD27: =$O27 -> 1750
E28: =IF(E20="","",E20) -> Invoice Financing | K28: 50 | L28: 50 | M28: 60 | N28: 75 | O28: 100 | Q28: =IFERROR(AVERAGE(Y28:AJ28),0) -> 0 | R28: =IFERROR(AVERAGE(AK28:AV28),0) -> 0 | S28: =IFERROR(AVERAGE(AW28:BH28),0) -> 50 | T28: =IFERROR(AVERAGE(BI28:BT28),0) -> 50 | U28: =IFERROR(AVERAGE(BU28:CF28),0) -> 60 | V28: =IFERROR(AVERAGE(CG28:CR28),0) -> 75 | W28: =IFERROR(AVERAGE(CS28:DD28),0) -> 100 | Y28: =$I28 -> 0 | Z28: =$I28 -> 0 | AA28: =$I28 -> 0 | AB28: =$I28 -> 0 | AC28: =$I28 -> 0 | AD28: =$I28 -> 0 | AE28: =$I28 -> 0 | AF28: =$I28 -> 0 | ... AJ28: =$I28 -> 0 | AK28: =$J28 -> 0 | AL28: =$J28 -> 0 | AM28: =$J28 -> 0 | AN28: =$J28 -> 0 | AO28: =$J28 -> 0 | AP28: =$J28 -> 0 | AQ28: =$J28 -> 0 | AR28: =$J28 -> 0 | ... AV28: =$J28 -> 0 | AW28: =$K28 -> 50 | AX28: =$K28 -> 50 | AY28: =$K28 -> 50 | AZ28: =$K28 -> 50 | BA28: =$K28 -> 50 | BB28: =$K28 -> 50 | BC28: =$K28 -> 50 | BD28: =$K28 -> 50 | ... BH28: =$K28 -> 50 | BI28: =$L28 -> 50 | BJ28: =$L28 -> 50 | BK28: =$L28 -> 50 | BL28: =$L28 -> 50 | BM28: =$L28 -> 50 | BN28: =$L28 -> 50 | BO28: =$L28 -> 50 | BP28: =$L28 -> 50 | ... BT28: =$L28 -> 50 | BU28: =$M28 -> 60 | BV28: =$M28 -> 60 | BW28: =$M28 -> 60 | BX28: =$M28 -> 60 | BY28: =$M28 -> 60 | BZ28: =$M28 -> 60 | CA28: =$M28 -> 60 | CB28: =$M28 -> 60 | ... CF28: =$M28 -> 60 | CG28: =$N28 -> 75 | CH28: =$N28 -> 75 | CI28: =$N28 -> 75 | CJ28: =$N28 -> 75 | CK28: =$N28 -> 75 | CL28: =$N28 -> 75 | CM28: =$N28 -> 75 | CN28: =$N28 -> 75 | ... CR28: =$N28 -> 75 | CS28: =$O28 -> 100 | CT28: =$O28 -> 100 | CU28: =$O28 -> 100 | CV28: =$O28 -> 100 | CW28: =$O28 -> 100 | CX28: =$O28 -> 100 | CY28: =$O28 -> 100 | CZ28: =$O28 -> 100 | ... DD28: =$O28 -> 100
E29: =IF(E21="","",E21) -> Referral Fees | O29: 25 | Q29: =IFERROR(AVERAGE(Y29:AJ29),0) -> 0 | R29: =IFERROR(AVERAGE(AK29:AV29),0) -> 0 | S29: =IFERROR(AVERAGE(AW29:BH29),0) -> 0 | T29: =IFERROR(AVERAGE(BI29:BT29),0) -> 0 | U29: =IFERROR(AVERAGE(BU29:CF29),0) -> 0 | V29: =IFERROR(AVERAGE(CG29:CR29),0) -> 0 | W29: =IFERROR(AVERAGE(CS29:DD29),0) -> 25 | Y29: =$I29 -> 0 | Z29: =$I29 -> 0 | AA29: =$I29 -> 0 | AB29: =$I29 -> 0 | AC29: =$I29 -> 0 | AD29: =$I29 -> 0 | AE29: =$I29 -> 0 | AF29: =$I29 -> 0 | ... AJ29: =$I29 -> 0 | AK29: =$J29 -> 0 | AL29: =$J29 -> 0 | AM29: =$J29 -> 0 | AN29: =$J29 -> 0 | AO29: =$J29 -> 0 | AP29: =$J29 -> 0 | AQ29: =$J29 -> 0 | AR29: =$J29 -> 0 | ... AV29: =$J29 -> 0 | AW29: =$K29 -> 0 | AX29: =$K29 -> 0 | AY29: =$K29 -> 0 | AZ29: =$K29 -> 0 | BA29: =$K29 -> 0 | BB29: =$K29 -> 0 | BC29: =$K29 -> 0 | BD29: =$K29 -> 0 | ... BH29: =$K29 -> 0 | BI29: =$L29 -> 0 | BJ29: =$L29 -> 0 | BK29: =$L29 -> 0 | BL29: =$L29 -> 0 | BM29: =$L29 -> 0 | BN29: =$L29 -> 0 | BO29: =$L29 -> 0 | BP29: =$L29 -> 0 | ... BT29: =$L29 -> 0 | BU29: =$M29 -> 0 | BV29: =$M29 -> 0 | BW29: =$M29 -> 0 | BX29: =$M29 -> 0 | BY29: =$M29 -> 0 | BZ29: =$M29 -> 0 | CA29: =$M29 -> 0 | CB29: =$M29 -> 0 | ... CF29: =$M29 -> 0 | CG29: =$N29 -> 0 | CH29: =$N29 -> 0 | CI29: =$N29 -> 0 | CJ29: =$N29 -> 0 | CK29: =$N29 -> 0 | CL29: =$N29 -> 0 | CM29: =$N29 -> 0 | CN29: =$N29 -> 0 | ... CR29: =$N29 -> 0 | CS29: =$O29 -> 25 | CT29: =$O29 -> 25 | CU29: =$O29 -> 25 | CV29: =$O29 -> 25 | CW29: =$O29 -> 25 | CX29: =$O29 -> 25 | CY29: =$O29 -> 25 | CZ29: =$O29 -> 25 | ... DD29: =$O29 -> 25
E31: ARR | Q31: =AJ31 -> 480840 | R31: =AV31 -> 1967436 | S31: =BH31 -> 6003107.1 | T31: =BT31 -> 14979956 | U31: =CF31 -> 32354110 | V31: =CR31 -> 56261403 | W31: =DD31 -> 1.0715547e+08 | Y31: =(SUMIF($G$34:$G$38,"y",Y34:Y38))*12 -> 6960 | Z31: =(SUMIF($G$34:$G$38,"y",Z34:Z38))*12 -> 13920 | AA31: =(SUMIF($G$34:$G$38,"y",AA34:AA38))*12 -> 20880 | AB31: =(SUMIF($G$34:$G$38,"y",AB34:AB38))*12 -> 27276 | AC31: =(SUMIF($G$34:$G$38,"y",AC34:AC38))*12 -> 35565 | AD31: =(SUMIF($G$34:$G$38,"y",AD34:AD38))*12 -> 35496 | AE31: =(SUMIF($G$34:$G$38,"y",AE34:AE38))*12 -> 83448 | AF31: =(SUMIF($G$34:$G$38,"y",AF34:AF38))*12 -> 132030 | ... DD31: =(SUMIF($G$34:$G$38,"y",DD34:DD38))*12 -> 1.0715547e+08
E33: Revenue | G33: Counts as MRR?
E34: =IF(E17="","",E17) -> Basic | F34: e.g. Software Subscription | G34: Y | J34: =IFERROR((R34-I34)/I34,"") | K34: =IFERROR((S34-R34)/R34,"") -> 0.79401133 | L34: =IFERROR((T34-S34)/S34,"") -> 0.72579153 | M34: =IFERROR((U34-T34)/T34,"") -> 1.5480975 | N34: =IFERROR((V34-U34)/U34,"") -> 0.32127316 | O34: =IFERROR((W34-V34)/V34,"") -> 0.25112254 | Q34: =SUM(Y34:AJ34) -> 49539.25 | R34: =SUM(AK34:AV34) -> 145348 | S34: =SUM(AW34:BH34) -> 260755.96 | T34: =SUM(BI34:BT34) -> 450010.42 | U34: =SUM(BU34:CF34) -> 1146670.4 | V34: =SUM(CG34:CR34) -> 1515064.9 | W34: =SUM(CS34:DD34) -> 1895531.8 | Y34: =Y17*Y25 -> 580 | Z34: =Z17*Z25 -> 1160 | AA34: =AA17*AA25 -> 1740 | AB34: =AB17*AB25 -> 2175 | AC34: =AC17*AC25 -> 2718.75 | AD34: =AD17*AD25 -> 2610 | AE34: =AE17*AE25 -> 4234 | AF34: =AF17*AF25 -> 5292.5 | ... DD34: =DD17*DD25 -> 173378.36
E35: =IF(E18="","",E18) -> Pro | G35: Y | J35: =IFERROR((R35-I35)/I35,"") | K35: =IFERROR((S35-R35)/R35,"") -> 1.7826998 | L35: =IFERROR((T35-S35)/S35,"") -> 0.9238706 | M35: =IFERROR((U35-T35)/T35,"") -> 0.73148103 | N35: =IFERROR((V35-U35)/U35,"") -> 0.30976494 | O35: =IFERROR((W35-V35)/V35,"") -> 0.25583914 | Q35: =SUM(Y35:AJ35) -> 22981 | R35: =SUM(AK35:AV35) -> 228977 | S35: =SUM(AW35:BH35) -> 637174.26 | T35: =SUM(BI35:BT35) -> 1225840.8 | U35: =SUM(BU35:CF35) -> 2122520.1 | V35: =SUM(CG35:CR35) -> 2780002.4 | W35: =SUM(CS35:DD35) -> 3491235.8 | Y35: =Y18*Y26 -> 0 | Z35: =Z18*Z26 -> 0 | AA35: =AA18*AA26 -> 0 | AB35: =AB18*AB26 -> 98 | AC35: =AC18*AC26 -> 245 | AD35: =AD18*AD26 -> 98 | AE35: =AE18*AE26 -> 1470 | AF35: =AF18*AF26 -> 1960 | ... DD35: =DD18*DD26 -> 319332.41
E36: =IF(E19="","",E19) -> Mult-User | G36: Y | J36: =IFERROR((R36-I36)/I36,"") | K36: =IFERROR((S36-R36)/R36,"") -> 2.0350243 | L36: =IFERROR((T36-S36)/S36,"") -> 1.2506061 | M36: =IFERROR((U36-T36)/T36,"") -> 1.5170272 | N36: =IFERROR((V36-U36)/U36,"") -> 1.1401388 | O36: =IFERROR((W36-V36)/V36,"") -> 1.154626 | Q36: =SUM(Y36:AJ36) -> 71500 | R36: =SUM(AK36:AV36) -> 911750 | S36: =SUM(AW36:BH36) -> 2767183.4 | T36: =SUM(BI36:BT36) -> 6227839.9 | U36: =SUM(BU36:CF36) -> 15675642 | V36: =SUM(CG36:CR36) -> 33548050 | W36: =SUM(CS36:DD36) -> 72283500 | Y36: =Y19*Y27 -> 0 | Z36: =Z19*Z27 -> 0 | AA36: =AA19*AA27 -> 0 | AB36: =AB19*AB27 -> 0 | AC36: =AC19*AC27 -> 0 | AD36: =AD19*AD27 -> 250 | AE36: =AE19*AE27 -> 1250 | AF36: =AF19*AF27 -> 3750 | ... DD36: =DD19*DD27 -> 6611545.4
E37: =IF(E20="","",E20) -> Invoice Financing | G37: Y | J37: =IFERROR((R37-I37)/I37,"") | K37: =IFERROR((S37-R37)/R37,"") | L37: =IFERROR((T37-S37)/S37,"") -> 9.9028846 | M37: =IFERROR((U37-T37)/T37,"") -> 2.3665218 | N37: =IFERROR((V37-U37)/U37,"") -> 0.46826741 | O37: =IFERROR((W37-V37)/V37,"") -> 0.48759462 | Q37: =SUM(Y37:AJ37) -> 0 | R37: =SUM(AK37:AV37) -> 0 | S37: =SUM(AW37:BH37) -> 260000 | T37: =SUM(BI37:BT37) -> 2834750 | U37: =SUM(BU37:CF37) -> 9543247.7 | V37: =SUM(CG37:CR37) -> 14012040 | W37: =SUM(CS37:DD37) -> 20844235 | Y37: =Y20*Y28 -> 0 | Z37: =Z20*Z28 -> 0 | AA37: =AA20*AA28 -> 0 | AB37: =AB20*AB28 -> 0 | AC37: =AC20*AC28 -> 0 | AD37: =AD20*AD28 -> 0 | AE37: =AE20*AE28 -> 0 | AF37: =AF20*AF28 -> 0 | ... DD37: =DD20*DD28 -> 1825366
E38: =IF(E21="","",E21) -> Referral Fees | G38: N | J38: =IFERROR((R38-I38)/I38,"") | K38: =IFERROR((S38-R38)/R38,"") | L38: =IFERROR((T38-S38)/S38,"") | M38: =IFERROR((U38-T38)/T38,"") | N38: =IFERROR((V38-U38)/U38,"") | O38: =IFERROR((W38-V38)/V38,"") | Q38: =SUM(Y38:AJ38) -> 0 | R38: =SUM(AK38:AV38) -> 0 | S38: =SUM(AW38:BH38) -> 0 | T38: =SUM(BI38:BT38) -> 0 | U38: =SUM(BU38:CF38) -> 0 | V38: =SUM(CG38:CR38) -> 0 | W38: =SUM(CS38:DD38) -> 0 | Y38: =Y21*Y29 -> 0 | Z38: =Z21*Z29 -> 0 | AA38: =AA21*AA29 -> 0 | AB38: =AB21*AB29 -> 0 | AC38: =AC21*AC29 -> 0 | AD38: =AD21*AD29 -> 0 | AE38: =AE21*AE29 -> 0 | AF38: =AF21*AF29 -> 0 | ... DD38: =DD21*DD29 -> 0
E40: Total Revenue | J40: P.a. Growth | K40: =IFERROR((S40-R40)/R40,"") -> 2.0520099 | L40: =IFERROR((T40-S40)/S40,"") -> 1.7358294 | M40: =IFERROR((U40-T40)/T40,"") -> 1.6529065 | N40: =IFERROR((V40-U40)/U40,"") -> 0.82024046 | O40: =IFERROR((W40-V40)/V40,"") -> 0.89980145 | Q40: =SUM(Y40:AJ40) -> 144020.25 | R40: =SUM(AK40:AV40) -> 1286075 | S40: =SUM(AW40:BH40) -> 3925113.6 | T40: =SUM(BI40:BT40) -> 10738441 | U40: =SUM(BU40:CF40) -> 28488081 | V40: =SUM(CG40:CR40) -> 51855157 | W40: =SUM(CS40:DD40) -> 98514502 | Y40: =SUM(Y34:Y39) -> 580 | Z40: =SUM(Z34:Z39) -> 1160 | AA40: =SUM(AA34:AA39) -> 1740 | AB40: =SUM(AB34:AB39) -> 2273 | AC40: =SUM(AC34:AC39) -> 2963.75 | AD40: =SUM(AD34:AD39) -> 2958 | AE40: =SUM(AE34:AE39) -> 6954 | AF40: =SUM(AF34:AF39) -> 11002.5 | ... DD40: =SUM(DD34:DD39) -> 8929622.2
E42: Cost of Goods Sold | F42: Type | G42: Start Date
E43: =IF(E17="","","COGS - "&E17) -> COGS - Basic | F43: Per Revenue Dollar | I43: 0 | J43: 0.1 | K43: 0.75 | L43: 0.05 | M43: 0.02 | N43: 0.02 | O43: 0.02 | Q43: =IFERROR(AVERAGE(Y43:AJ43),0) -> 0 | R43: =IFERROR(AVERAGE(AK43:AV43),0) -> 2.9 | S43: =IFERROR(AVERAGE(AW43:BH43),0) -> 21.75 | T43: =IFERROR(AVERAGE(BI43:BT43),0) -> 1.479 | U43: =IFERROR(AVERAGE(BU43:CF43),0) -> 0.9 | V43: =IFERROR(AVERAGE(CG43:CR43),0) -> 0.855 | W43: =IFERROR(AVERAGE(CS43:DD43),0) -> 0.81225 | AK43: =IF($J43="","",IF($F43="Per Revenue Dollar",$J43*AK25,IF($F43="Per Unit",$J43*AK17,IF($F43="Fixed Dollar Per Month",IF($G43<AK$8,$J43,0))))) -> 2.9 | AL43: =IF($J43="","",IF($F43="Per Revenue Dollar",$J43*AL25,IF($F43="Per Unit",$J43*AL17,IF($F43="Fixed Dollar Per Month",IF($G43<AL$8,$J43,0))))) -> 2.9 | AM43: =IF($J43="","",IF($F43="Per Revenue Dollar",$J43*AM25,IF($F43="Per Unit",$J43*AM17,IF($F43="Fixed Dollar Per Month",IF($G43<AM$8,$J43,0))))) -> 2.9 | AN43: =IF($J43="","",IF($F43="Per Revenue Dollar",$J43*AN25,IF($F43="Per Unit",$J43*AN17,IF($F43="Fixed Dollar Per Month",IF($G43<AN$8,$J43,0))))) -> 2.9 | AO43: =IF($J43="","",IF($F43="Per Revenue Dollar",$J43*AO25,IF($F43="Per Unit",$J43*AO17,IF($F43="Fixed Dollar Per Month",IF($G43<AO$8,$J43,0))))) -> 2.9 | AP43: =IF($J43="","",IF($F43="Per Revenue Dollar",$J43*AP25,IF($F43="Per Unit",$J43*AP17,IF($F43="Fixed Dollar Per Month",IF($G43<AP$8,$J43,0))))) -> 2.9 | AQ43: =IF($J43="","",IF($F43="Per Revenue Dollar",$J43*AQ25,IF($F43="Per Unit",$J43*AQ17,IF($F43="Fixed Dollar Per Month",IF($G43<AQ$8,$J43,0))))) -> 2.9 | AR43: =IF($J43="","",IF($F43="Per Revenue Dollar",$J43*AR25,IF($F43="Per Unit",$J43*AR17,IF($F43="Fixed Dollar Per Month",IF($G43<AR$8,$J43,0))))) -> 2.9 | ... AV43: =IF($J43="","",IF($F43="Per Revenue Dollar",$J43*AV25,IF($F43="Per Unit",$J43*AV17,IF($F43="Fixed Dollar Per Month",IF($G43<AV$8,$J43,0))))) -> 2.9 | AW43: =IF($K43="","",IF($F43="Per Revenue Dollar",$K43*AW25,IF($F43="Per Unit",$K43*AW17,IF($F43="Fixed Dollar Per Month",IF($G43<AW$8,$K43,0))))) -> 21.75 | AX43: =IF($K43="","",IF($F43="Per Revenue Dollar",$K43*AX25,IF($F43="Per Unit",$K43*AX17,IF($F43="Fixed Dollar Per Month",IF($G43<AX$8,$K43,0))))) -> 21.75 | AY43: =IF($K43="","",IF($F43="Per Revenue Dollar",$K43*AY25,IF($F43="Per Unit",$K43*AY17,IF($F43="Fixed Dollar Per Month",IF($G43<AY$8,$K43,0))))) -> 21.75 | AZ43: =IF($K43="","",IF($F43="Per Revenue Dollar",$K43*AZ25,IF($F43="Per Unit",$K43*AZ17,IF($F43="Fixed Dollar Per Month",IF($G43<AZ$8,$K43,0))))) -> 21.75 | BA43: =IF($K43="","",IF($F43="Per Revenue Dollar",$K43*BA25,IF($F43="Per Unit",$K43*BA17,IF($F43="Fixed Dollar Per Month",IF($G43<BA$8,$K43,0))))) -> 21.75 | BB43: =IF($K43="","",IF($F43="Per Revenue Dollar",$K43*BB25,IF($F43="Per Unit",$K43*BB17,IF($F43="Fixed Dollar Per Month",IF($G43<BB$8,$K43,0))))) -> 21.75 | BC43: =IF($K43="","",IF($F43="Per Revenue Dollar",$K43*BC25,IF($F43="Per Unit",$K43*BC17,IF($F43="Fixed Dollar Per Month",IF($G43<BC$8,$K43,0))))) -> 21.75 | BD43: =IF($K43="","",IF($F43="Per Revenue Dollar",$K43*BD25,IF($F43="Per Unit",$K43*BD17,IF($F43="Fixed Dollar Per Month",IF($G43<BD$8,$K43,0))))) -> 21.75 | ... BH43: =IF($K43="","",IF($F43="Per Revenue Dollar",$K43*BH25,IF($F43="Per Unit",$K43*BH17,IF($F43="Fixed Dollar Per Month",IF($G43<BH$8,$K43,0))))) -> 21.75 | BI43: =IF($L43="","",IF($F43="Per Revenue Dollar",$L43*BI25,IF($F43="Per Unit",$L43*BI17,IF($F43="Fixed Dollar Per Month",IF($G43<BI$8,$L43,0))))) -> 1.479 | BJ43: =IF($L43="","",IF($F43="Per Revenue Dollar",$L43*BJ25,IF($F43="Per Unit",$L43*BJ17,IF($F43="Fixed Dollar Per Month",IF($G43<BJ$8,$L43,0))))) -> 1.479 | BK43: =IF($L43="","",IF($F43="Per Revenue Dollar",$L43*BK25,IF($F43="Per Unit",$L43*BK17,IF($F43="Fixed Dollar Per Month",IF($G43<BK$8,$L43,0))))) -> 1.479 | BL43: =IF($L43="","",IF($F43="Per Revenue Dollar",$L43*BL25,IF($F43="Per Unit",$L43*BL17,IF($F43="Fixed Dollar Per Month",IF($G43<BL$8,$L43,0))))) -> 1.479 | BM43: =IF($L43="","",IF($F43="Per Revenue Dollar",$L43*BM25,IF($F43="Per Unit",$L43*BM17,IF($F43="Fixed Dollar Per Month",IF($G43<BM$8,$L43,0))))) -> 1.479 | BN43: =IF($L43="","",IF($F43="Per Revenue Dollar",$L43*BN25,IF($F43="Per Unit",$L43*BN17,IF($F43="Fixed Dollar Per Month",IF($G43<BN$8,$L43,0))))) -> 1.479 | BO43: =IF($L43="","",IF($F43="Per Revenue Dollar",$L43*BO25,IF($F43="Per Unit",$L43*BO17,IF($F43="Fixed Dollar Per Month",IF($G43<BO$8,$L43,0))))) -> 1.479 | BP43: =IF($L43="","",IF($F43="Per Revenue Dollar",$L43*BP25,IF($F43="Per Unit",$L43*BP17,IF($F43="Fixed Dollar Per Month",IF($G43<BP$8,$L43,0))))) -> 1.479 | ... BT43: =IF($L43="","",IF($F43="Per Revenue Dollar",$L43*BT25,IF($F43="Per Unit",$L43*BT17,IF($F43="Fixed Dollar Per Month",IF($G43<BT$8,$L43,0))))) -> 1.479 | BU43: =IF($M43="","",IF($F43="Per Revenue Dollar",$M43*BU25,IF($F43="Per Unit",$M43*BU17,IF($F43="Fixed Dollar Per Month",IF($G43<BU$8,$M43,0))))) -> 0.9 | BV43: =IF($M43="","",IF($F43="Per Revenue Dollar",$M43*BV25,IF($F43="Per Unit",$M43*BV17,IF($F43="Fixed Dollar Per Month",IF($G43<BV$8,$M43,0))))) -> 0.9 | BW43: =IF($M43="","",IF($F43="Per Revenue Dollar",$M43*BW25,IF($F43="Per Unit",$M43*BW17,IF($F43="Fixed Dollar Per Month",IF($G43<BW$8,$M43,0))))) -> 0.9 | BX43: =IF($M43="","",IF($F43="Per Revenue Dollar",$M43*BX25,IF($F43="Per Unit",$M43*BX17,IF($F43="Fixed Dollar Per Month",IF($G43<BX$8,$M43,0))))) -> 0.9 | BY43: =IF($M43="","",IF($F43="Per Revenue Dollar",$M43*BY25,IF($F43="Per Unit",$M43*BY17,IF($F43="Fixed Dollar Per Month",IF($G43<BY$8,$M43,0))))) -> 0.9 | BZ43: =IF($M43="","",IF($F43="Per Revenue Dollar",$M43*BZ25,IF($F43="Per Unit",$M43*BZ17,IF($F43="Fixed Dollar Per Month",IF($G43<BZ$8,$M43,0))))) -> 0.9 | CA43: =IF($M43="","",IF($F43="Per Revenue Dollar",$M43*CA25,IF($F43="Per Unit",$M43*CA17,IF($F43="Fixed Dollar Per Month",IF($G43<CA$8,$M43,0))))) -> 0.9 | CB43: =IF($M43="","",IF($F43="Per Revenue Dollar",$M43*CB25,IF($F43="Per Unit",$M43*CB17,IF($F43="Fixed Dollar Per Month",IF($G43<CB$8,$M43,0))))) -> 0.9 | ... CF43: =IF($M43="","",IF($F43="Per Revenue Dollar",$M43*CF25,IF($F43="Per Unit",$M43*CF17,IF($F43="Fixed Dollar Per Month",IF($G43<CF$8,$M43,0))))) -> 0.9 | CG43: =IF($N43="","",IF($F43="Per Revenue Dollar",$N43*CG25,IF($F43="Per Unit",$N43*CG17,IF($F43="Fixed Dollar Per Month",IF($G43<CG$8,$N43,0))))) -> 0.855 | CH43: =IF($N43="","",IF($F43="Per Revenue Dollar",$N43*CH25,IF($F43="Per Unit",$N43*CH17,IF($F43="Fixed Dollar Per Month",IF($G43<CH$8,$N43,0))))) -> 0.855 | CI43: =IF($N43="","",IF($F43="Per Revenue Dollar",$N43*CI25,IF($F43="Per Unit",$N43*CI17,IF($F43="Fixed Dollar Per Month",IF($G43<CI$8,$N43,0))))) -> 0.855 | CJ43: =IF($N43="","",IF($F43="Per Revenue Dollar",$N43*CJ25,IF($F43="Per Unit",$N43*CJ17,IF($F43="Fixed Dollar Per Month",IF($G43<CJ$8,$N43,0))))) -> 0.855 | CK43: =IF($N43="","",IF($F43="Per Revenue Dollar",$N43*CK25,IF($F43="Per Unit",$N43*CK17,IF($F43="Fixed Dollar Per Month",IF($G43<CK$8,$N43,0))))) -> 0.855 | CL43: =IF($N43="","",IF($F43="Per Revenue Dollar",$N43*CL25,IF($F43="Per Unit",$N43*CL17,IF($F43="Fixed Dollar Per Month",IF($G43<CL$8,$N43,0))))) -> 0.855 | CM43: =IF($N43="","",IF($F43="Per Revenue Dollar",$N43*CM25,IF($F43="Per Unit",$N43*CM17,IF($F43="Fixed Dollar Per Month",IF($G43<CM$8,$N43,0))))) -> 0.855 | CN43: =IF($N43="","",IF($F43="Per Revenue Dollar",$N43*CN25,IF($F43="Per Unit",$N43*CN17,IF($F43="Fixed Dollar Per Month",IF($G43<CN$8,$N43,0))))) -> 0.855 | ... CR43: =IF($N43="","",IF($F43="Per Revenue Dollar",$N43*CR25,IF($F43="Per Unit",$N43*CR17,IF($F43="Fixed Dollar Per Month",IF($G43<CR$8,$N43,0))))) -> 0.855 | CS43: =IF($O43="","",IF($F43="Per Revenue Dollar",$O43*CS25,IF($F43="Per Unit",$O43*CS17,IF($F43="Fixed Dollar Per Month",IF($G43<CS$8,$O43,0))))) -> 0.81225 | CT43: =IF($O43="","",IF($F43="Per Revenue Dollar",$O43*CT25,IF($F43="Per Unit",$O43*CT17,IF($F43="Fixed Dollar Per Month",IF($G43<CT$8,$O43,0))))) -> 0.81225 | CU43: =IF($O43="","",IF($F43="Per Revenue Dollar",$O43*CU25,IF($F43="Per Unit",$O43*CU17,IF($F43="Fixed Dollar Per Month",IF($G43<CU$8,$O43,0))))) -> 0.81225 | CV43: =IF($O43="","",IF($F43="Per Revenue Dollar",$O43*CV25,IF($F43="Per Unit",$O43*CV17,IF($F43="Fixed Dollar Per Month",IF($G43<CV$8,$O43,0))))) -> 0.81225 | CW43: =IF($O43="","",IF($F43="Per Revenue Dollar",$O43*CW25,IF($F43="Per Unit",$O43*CW17,IF($F43="Fixed Dollar Per Month",IF($G43<CW$8,$O43,0))))) -> 0.81225 | CX43: =IF($O43="","",IF($F43="Per Revenue Dollar",$O43*CX25,IF($F43="Per Unit",$O43*CX17,IF($F43="Fixed Dollar Per Month",IF($G43<CX$8,$O43,0))))) -> 0.81225 | CY43: =IF($O43="","",IF($F43="Per Revenue Dollar",$O43*CY25,IF($F43="Per Unit",$O43*CY17,IF($F43="Fixed Dollar Per Month",IF($G43<CY$8,$O43,0))))) -> 0.81225 | CZ43: =IF($O43="","",IF($F43="Per Revenue Dollar",$O43*CZ25,IF($F43="Per Unit",$O43*CZ17,IF($F43="Fixed Dollar Per Month",IF($G43<CZ$8,$O43,0))))) -> 0.81225 | ... DD43: =IF($O43="","",IF($F43="Per Revenue Dollar",$O43*DD25,IF($F43="Per Unit",$O43*DD17,IF($F43="Fixed Dollar Per Month",IF($G43<DD$8,$O43,0))))) -> 0.81225
E44: =IF(E18="","","COGS - "&E18) -> COGS - Pro | F44: Per Revenue Dollar | I44: 0 | J44: 0.1 | K44: 0.75 | L44: 0.05 | M44: 0.02 | N44: 0.02 | O44: 0.02 | Q44: =IFERROR(AVERAGE(Y44:AJ44),0) -> 0 | R44: =IFERROR(AVERAGE(AK44:AV44),0) -> 4.9 | S44: =IFERROR(AVERAGE(AW44:BH44),0) -> 36.75 | T44: =IFERROR(AVERAGE(BI44:BT44),0) -> 2.499 | U44: =IFERROR(AVERAGE(BU44:CF44),0) -> 1.2 | V44: =IFERROR(AVERAGE(CG44:CR44),0) -> 1.224 | W44: =IFERROR(AVERAGE(CS44:DD44),0) -> 1.24848 | AK44: =IF($J44="","",IF($F44="Per Revenue Dollar",$J44*AK26,IF($F44="Per Unit",$J44*AK18,IF($F44="Fixed Dollar Per Month",IF($G44<AK$8,$J44,0))))) -> 4.9 | AL44: =IF($J44="","",IF($F44="Per Revenue Dollar",$J44*AL26,IF($F44="Per Unit",$J44*AL18,IF($F44="Fixed Dollar Per Month",IF($G44<AL$8,$J44,0))))) -> 4.9 | AM44: =IF($J44="","",IF($F44="Per Revenue Dollar",$J44*AM26,IF($F44="Per Unit",$J44*AM18,IF($F44="Fixed Dollar Per Month",IF($G44<AM$8,$J44,0))))) -> 4.9 | AN44: =IF($J44="","",IF($F44="Per Revenue Dollar",$J44*AN26,IF($F44="Per Unit",$J44*AN18,IF($F44="Fixed Dollar Per Month",IF($G44<AN$8,$J44,0))))) -> 4.9 | AO44: =IF($J44="","",IF($F44="Per Revenue Dollar",$J44*AO26,IF($F44="Per Unit",$J44*AO18,IF($F44="Fixed Dollar Per Month",IF($G44<AO$8,$J44,0))))) -> 4.9 | AP44: =IF($J44="","",IF($F44="Per Revenue Dollar",$J44*AP26,IF($F44="Per Unit",$J44*AP18,IF($F44="Fixed Dollar Per Month",IF($G44<AP$8,$J44,0))))) -> 4.9 | AQ44: =IF($J44="","",IF($F44="Per Revenue Dollar",$J44*AQ26,IF($F44="Per Unit",$J44*AQ18,IF($F44="Fixed Dollar Per Month",IF($G44<AQ$8,$J44,0))))) -> 4.9 | AR44: =IF($J44="","",IF($F44="Per Revenue Dollar",$J44*AR26,IF($F44="Per Unit",$J44*AR18,IF($F44="Fixed Dollar Per Month",IF($G44<AR$8,$J44,0))))) -> 4.9 | ... AV44: =IF($J44="","",IF($F44="Per Revenue Dollar",$J44*AV26,IF($F44="Per Unit",$J44*AV18,IF($F44="Fixed Dollar Per Month",IF($G44<AV$8,$J44,0))))) -> 4.9 | AW44: =IF($K44="","",IF($F44="Per Revenue Dollar",$K44*AW26,IF($F44="Per Unit",$K44*AW18,IF($F44="Fixed Dollar Per Month",IF($G44<AW$8,$K44,0))))) -> 36.75 | AX44: =IF($K44="","",IF($F44="Per Revenue Dollar",$K44*AX26,IF($F44="Per Unit",$K44*AX18,IF($F44="Fixed Dollar Per Month",IF($G44<AX$8,$K44,0))))) -> 36.75 | AY44: =IF($K44="","",IF($F44="Per Revenue Dollar",$K44*AY26,IF($F44="Per Unit",$K44*AY18,IF($F44="Fixed Dollar Per Month",IF($G44<AY$8,$K44,0))))) -> 36.75 | AZ44: =IF($K44="","",IF($F44="Per Revenue Dollar",$K44*AZ26,IF($F44="Per Unit",$K44*AZ18,IF($F44="Fixed Dollar Per Month",IF($G44<AZ$8,$K44,0))))) -> 36.75 | BA44: =IF($K44="","",IF($F44="Per Revenue Dollar",$K44*BA26,IF($F44="Per Unit",$K44*BA18,IF($F44="Fixed Dollar Per Month",IF($G44<BA$8,$K44,0))))) -> 36.75 | BB44: =IF($K44="","",IF($F44="Per Revenue Dollar",$K44*BB26,IF($F44="Per Unit",$K44*BB18,IF($F44="Fixed Dollar Per Month",IF($G44<BB$8,$K44,0))))) -> 36.75 | BC44: =IF($K44="","",IF($F44="Per Revenue Dollar",$K44*BC26,IF($F44="Per Unit",$K44*BC18,IF($F44="Fixed Dollar Per Month",IF($G44<BC$8,$K44,0))))) -> 36.75 | BD44: =IF($K44="","",IF($F44="Per Revenue Dollar",$K44*BD26,IF($F44="Per Unit",$K44*BD18,IF($F44="Fixed Dollar Per Month",IF($G44<BD$8,$K44,0))))) -> 36.75 | ... BH44: =IF($K44="","",IF($F44="Per Revenue Dollar",$K44*BH26,IF($F44="Per Unit",$K44*BH18,IF($F44="Fixed Dollar Per Month",IF($G44<BH$8,$K44,0))))) -> 36.75 | BI44: =IF($L44="","",IF($F44="Per Revenue Dollar",$L44*BI26,IF($F44="Per Unit",$L44*BI18,IF($F44="Fixed Dollar Per Month",IF($G44<BI$8,$L44,0))))) -> 2.499 | BJ44: =IF($L44="","",IF($F44="Per Revenue Dollar",$L44*BJ26,IF($F44="Per Unit",$L44*BJ18,IF($F44="Fixed Dollar Per Month",IF($G44<BJ$8,$L44,0))))) -> 2.499 | BK44: =IF($L44="","",IF($F44="Per Revenue Dollar",$L44*BK26,IF($F44="Per Unit",$L44*BK18,IF($F44="Fixed Dollar Per Month",IF($G44<BK$8,$L44,0))))) -> 2.499 | BL44: =IF($L44="","",IF($F44="Per Revenue Dollar",$L44*BL26,IF($F44="Per Unit",$L44*BL18,IF($F44="Fixed Dollar Per Month",IF($G44<BL$8,$L44,0))))) -> 2.499 | BM44: =IF($L44="","",IF($F44="Per Revenue Dollar",$L44*BM26,IF($F44="Per Unit",$L44*BM18,IF($F44="Fixed Dollar Per Month",IF($G44<BM$8,$L44,0))))) -> 2.499 | BN44: =IF($L44="","",IF($F44="Per Revenue Dollar",$L44*BN26,IF($F44="Per Unit",$L44*BN18,IF($F44="Fixed Dollar Per Month",IF($G44<BN$8,$L44,0))))) -> 2.499 | BO44: =IF($L44="","",IF($F44="Per Revenue Dollar",$L44*BO26,IF($F44="Per Unit",$L44*BO18,IF($F44="Fixed Dollar Per Month",IF($G44<BO$8,$L44,0))))) -> 2.499 | BP44: =IF($L44="","",IF($F44="Per Revenue Dollar",$L44*BP26,IF($F44="Per Unit",$L44*BP18,IF($F44="Fixed Dollar Per Month",IF($G44<BP$8,$L44,0))))) -> 2.499 | ... BT44: =IF($L44="","",IF($F44="Per Revenue Dollar",$L44*BT26,IF($F44="Per Unit",$L44*BT18,IF($F44="Fixed Dollar Per Month",IF($G44<BT$8,$L44,0))))) -> 2.499 | BU44: =IF($M44="","",IF($F44="Per Revenue Dollar",$M44*BU26,IF($F44="Per Unit",$M44*BU18,IF($F44="Fixed Dollar Per Month",IF($G44<BU$8,$M44,0))))) -> 1.2 | BV44: =IF($M44="","",IF($F44="Per Revenue Dollar",$M44*BV26,IF($F44="Per Unit",$M44*BV18,IF($F44="Fixed Dollar Per Month",IF($G44<BV$8,$M44,0))))) -> 1.2 | BW44: =IF($M44="","",IF($F44="Per Revenue Dollar",$M44*BW26,IF($F44="Per Unit",$M44*BW18,IF($F44="Fixed Dollar Per Month",IF($G44<BW$8,$M44,0))))) -> 1.2 | BX44: =IF($M44="","",IF($F44="Per Revenue Dollar",$M44*BX26,IF($F44="Per Unit",$M44*BX18,IF($F44="Fixed Dollar Per Month",IF($G44<BX$8,$M44,0))))) -> 1.2 | BY44: =IF($M44="","",IF($F44="Per Revenue Dollar",$M44*BY26,IF($F44="Per Unit",$M44*BY18,IF($F44="Fixed Dollar Per Month",IF($G44<BY$8,$M44,0))))) -> 1.2 | BZ44: =IF($M44="","",IF($F44="Per Revenue Dollar",$M44*BZ26,IF($F44="Per Unit",$M44*BZ18,IF($F44="Fixed Dollar Per Month",IF($G44<BZ$8,$M44,0))))) -> 1.2 | CA44: =IF($M44="","",IF($F44="Per Revenue Dollar",$M44*CA26,IF($F44="Per Unit",$M44*CA18,IF($F44="Fixed Dollar Per Month",IF($G44<CA$8,$M44,0))))) -> 1.2 | CB44: =IF($M44="","",IF($F44="Per Revenue Dollar",$M44*CB26,IF($F44="Per Unit",$M44*CB18,IF($F44="Fixed Dollar Per Month",IF($G44<CB$8,$M44,0))))) -> 1.2 | ... CF44: =IF($M44="","",IF($F44="Per Revenue Dollar",$M44*CF26,IF($F44="Per Unit",$M44*CF18,IF($F44="Fixed Dollar Per Month",IF($G44<CF$8,$M44,0))))) -> 1.2 | CG44: =IF($N44="","",IF($F44="Per Revenue Dollar",$N44*CG26,IF($F44="Per Unit",$N44*CG18,IF($F44="Fixed Dollar Per Month",IF($G44<CG$8,$N44,0))))) -> 1.224 | CH44: =IF($N44="","",IF($F44="Per Revenue Dollar",$N44*CH26,IF($F44="Per Unit",$N44*CH18,IF($F44="Fixed Dollar Per Month",IF($G44<CH$8,$N44,0))))) -> 1.224 | CI44: =IF($N44="","",IF($F44="Per Revenue Dollar",$N44*CI26,IF($F44="Per Unit",$N44*CI18,IF($F44="Fixed Dollar Per Month",IF($G44<CI$8,$N44,0))))) -> 1.224 | CJ44: =IF($N44="","",IF($F44="Per Revenue Dollar",$N44*CJ26,IF($F44="Per Unit",$N44*CJ18,IF($F44="Fixed Dollar Per Month",IF($G44<CJ$8,$N44,0))))) -> 1.224 | CK44: =IF($N44="","",IF($F44="Per Revenue Dollar",$N44*CK26,IF($F44="Per Unit",$N44*CK18,IF($F44="Fixed Dollar Per Month",IF($G44<CK$8,$N44,0))))) -> 1.224 | CL44: =IF($N44="","",IF($F44="Per Revenue Dollar",$N44*CL26,IF($F44="Per Unit",$N44*CL18,IF($F44="Fixed Dollar Per Month",IF($G44<CL$8,$N44,0))))) -> 1.224 | CM44: =IF($N44="","",IF($F44="Per Revenue Dollar",$N44*CM26,IF($F44="Per Unit",$N44*CM18,IF($F44="Fixed Dollar Per Month",IF($G44<CM$8,$N44,0))))) -> 1.224 | CN44: =IF($N44="","",IF($F44="Per Revenue Dollar",$N44*CN26,IF($F44="Per Unit",$N44*CN18,IF($F44="Fixed Dollar Per Month",IF($G44<CN$8,$N44,0))))) -> 1.224 | ... CR44: =IF($N44="","",IF($F44="Per Revenue Dollar",$N44*CR26,IF($F44="Per Unit",$N44*CR18,IF($F44="Fixed Dollar Per Month",IF($G44<CR$8,$N44,0))))) -> 1.224 | CS44: =IF($O44="","",IF($F44="Per Revenue Dollar",$O44*CS26,IF($F44="Per Unit",$O44*CS18,IF($F44="Fixed Dollar Per Month",IF($G44<CS$8,$O44,0))))) -> 1.24848 | CT44: =IF($O44="","",IF($F44="Per Revenue Dollar",$O44*CT26,IF($F44="Per Unit",$O44*CT18,IF($F44="Fixed Dollar Per Month",IF($G44<CT$8,$O44,0))))) -> 1.24848 | CU44: =IF($O44="","",IF($F44="Per Revenue Dollar",$O44*CU26,IF($F44="Per Unit",$O44*CU18,IF($F44="Fixed Dollar Per Month",IF($G44<CU$8,$O44,0))))) -> 1.24848 | CV44: =IF($O44="","",IF($F44="Per Revenue Dollar",$O44*CV26,IF($F44="Per Unit",$O44*CV18,IF($F44="Fixed Dollar Per Month",IF($G44<CV$8,$O44,0))))) -> 1.24848 | CW44: =IF($O44="","",IF($F44="Per Revenue Dollar",$O44*CW26,IF($F44="Per Unit",$O44*CW18,IF($F44="Fixed Dollar Per Month",IF($G44<CW$8,$O44,0))))) -> 1.24848 | CX44: =IF($O44="","",IF($F44="Per Revenue Dollar",$O44*CX26,IF($F44="Per Unit",$O44*CX18,IF($F44="Fixed Dollar Per Month",IF($G44<CX$8,$O44,0))))) -> 1.24848 | CY44: =IF($O44="","",IF($F44="Per Revenue Dollar",$O44*CY26,IF($F44="Per Unit",$O44*CY18,IF($F44="Fixed Dollar Per Month",IF($G44<CY$8,$O44,0))))) -> 1.24848 | CZ44: =IF($O44="","",IF($F44="Per Revenue Dollar",$O44*CZ26,IF($F44="Per Unit",$O44*CZ18,IF($F44="Fixed Dollar Per Month",IF($G44<CZ$8,$O44,0))))) -> 1.24848 | ... DD44: =IF($O44="","",IF($F44="Per Revenue Dollar",$O44*DD26,IF($F44="Per Unit",$O44*DD18,IF($F44="Fixed Dollar Per Month",IF($G44<DD$8,$O44,0))))) -> 1.24848
E45: =IF(E19="","","COGS - "&E19) -> COGS - Mult-User | F45: Per Revenue Dollar | I45: 0 | J45: 0.15 | K45: 0.15 | L45: 0.08 | M45: 0.05 | N45: 0.05 | O45: 0.05 | Q45: =IFERROR(AVERAGE(Y45:AJ45),0) -> 0 | R45: =IFERROR(AVERAGE(AK45:AV45),0) -> 37.5 | S45: =IFERROR(AVERAGE(AW45:BH45),0) -> 41.25 | T45: =IFERROR(AVERAGE(BI45:BT45),0) -> 28 | U45: =IFERROR(AVERAGE(BU45:CF45),0) -> 30 | V45: =IFERROR(AVERAGE(CG45:CR45),0) -> 50 | W45: =IFERROR(AVERAGE(CS45:DD45),0) -> 87.5 | AK45: =IF($J45="","",IF($F45="Per Revenue Dollar",$J45*AK27,IF($F45="Per Unit",$J45*AK19,IF($F45="Fixed Dollar Per Month",IF($G45<AK$8,$J45,0))))) -> 37.5 | AL45: =IF($J45="","",IF($F45="Per Revenue Dollar",$J45*AL27,IF($F45="Per Unit",$J45*AL19,IF($F45="Fixed Dollar Per Month",IF($G45<AL$8,$J45,0))))) -> 37.5 | AM45: =IF($J45="","",IF($F45="Per Revenue Dollar",$J45*AM27,IF($F45="Per Unit",$J45*AM19,IF($F45="Fixed Dollar Per Month",IF($G45<AM$8,$J45,0))))) -> 37.5 | AN45: =IF($J45="","",IF($F45="Per Revenue Dollar",$J45*AN27,IF($F45="Per Unit",$J45*AN19,IF($F45="Fixed Dollar Per Month",IF($G45<AN$8,$J45,0))))) -> 37.5 | AO45: =IF($J45="","",IF($F45="Per Revenue Dollar",$J45*AO27,IF($F45="Per Unit",$J45*AO19,IF($F45="Fixed Dollar Per Month",IF($G45<AO$8,$J45,0))))) -> 37.5 | AP45: =IF($J45="","",IF($F45="Per Revenue Dollar",$J45*AP27,IF($F45="Per Unit",$J45*AP19,IF($F45="Fixed Dollar Per Month",IF($G45<AP$8,$J45,0))))) -> 37.5 | AQ45: =IF($J45="","",IF($F45="Per Revenue Dollar",$J45*AQ27,IF($F45="Per Unit",$J45*AQ19,IF($F45="Fixed Dollar Per Month",IF($G45<AQ$8,$J45,0))))) -> 37.5 | AR45: =IF($J45="","",IF($F45="Per Revenue Dollar",$J45*AR27,IF($F45="Per Unit",$J45*AR19,IF($F45="Fixed Dollar Per Month",IF($G45<AR$8,$J45,0))))) -> 37.5 | ... AV45: =IF($J45="","",IF($F45="Per Revenue Dollar",$J45*AV27,IF($F45="Per Unit",$J45*AV19,IF($F45="Fixed Dollar Per Month",IF($G45<AV$8,$J45,0))))) -> 37.5 | AW45: =IF($K45="","",IF($F45="Per Revenue Dollar",$K45*AW27,IF($F45="Per Unit",$K45*AW19,IF($F45="Fixed Dollar Per Month",IF($G45<AW$8,$K45,0))))) -> 41.25 | AX45: =IF($K45="","",IF($F45="Per Revenue Dollar",$K45*AX27,IF($F45="Per Unit",$K45*AX19,IF($F45="Fixed Dollar Per Month",IF($G45<AX$8,$K45,0))))) -> 41.25 | AY45: =IF($K45="","",IF($F45="Per Revenue Dollar",$K45*AY27,IF($F45="Per Unit",$K45*AY19,IF($F45="Fixed Dollar Per Month",IF($G45<AY$8,$K45,0))))) -> 41.25 | AZ45: =IF($K45="","",IF($F45="Per Revenue Dollar",$K45*AZ27,IF($F45="Per Unit",$K45*AZ19,IF($F45="Fixed Dollar Per Month",IF($G45<AZ$8,$K45,0))))) -> 41.25 | BA45: =IF($K45="","",IF($F45="Per Revenue Dollar",$K45*BA27,IF($F45="Per Unit",$K45*BA19,IF($F45="Fixed Dollar Per Month",IF($G45<BA$8,$K45,0))))) -> 41.25 | BB45: =IF($K45="","",IF($F45="Per Revenue Dollar",$K45*BB27,IF($F45="Per Unit",$K45*BB19,IF($F45="Fixed Dollar Per Month",IF($G45<BB$8,$K45,0))))) -> 41.25 | BC45: =IF($K45="","",IF($F45="Per Revenue Dollar",$K45*BC27,IF($F45="Per Unit",$K45*BC19,IF($F45="Fixed Dollar Per Month",IF($G45<BC$8,$K45,0))))) -> 41.25 | BD45: =IF($K45="","",IF($F45="Per Revenue Dollar",$K45*BD27,IF($F45="Per Unit",$K45*BD19,IF($F45="Fixed Dollar Per Month",IF($G45<BD$8,$K45,0))))) -> 41.25 | ... BH45: =IF($K45="","",IF($F45="Per Revenue Dollar",$K45*BH27,IF($F45="Per Unit",$K45*BH19,IF($F45="Fixed Dollar Per Month",IF($G45<BH$8,$K45,0))))) -> 41.25 | BI45: =IF($L45="","",IF($F45="Per Revenue Dollar",$L45*BI27,IF($F45="Per Unit",$L45*BI19,IF($F45="Fixed Dollar Per Month",IF($G45<BI$8,$L45,0))))) -> 28 | BJ45: =IF($L45="","",IF($F45="Per Revenue Dollar",$L45*BJ27,IF($F45="Per Unit",$L45*BJ19,IF($F45="Fixed Dollar Per Month",IF($G45<BJ$8,$L45,0))))) -> 28 | BK45: =IF($L45="","",IF($F45="Per Revenue Dollar",$L45*BK27,IF($F45="Per Unit",$L45*BK19,IF($F45="Fixed Dollar Per Month",IF($G45<BK$8,$L45,0))))) -> 28 | BL45: =IF($L45="","",IF($F45="Per Revenue Dollar",$L45*BL27,IF($F45="Per Unit",$L45*BL19,IF($F45="Fixed Dollar Per Month",IF($G45<BL$8,$L45,0))))) -> 28 | BM45: =IF($L45="","",IF($F45="Per Revenue Dollar",$L45*BM27,IF($F45="Per Unit",$L45*BM19,IF($F45="Fixed Dollar Per Month",IF($G45<BM$8,$L45,0))))) -> 28 | BN45: =IF($L45="","",IF($F45="Per Revenue Dollar",$L45*BN27,IF($F45="Per Unit",$L45*BN19,IF($F45="Fixed Dollar Per Month",IF($G45<BN$8,$L45,0))))) -> 28 | BO45: =IF($L45="","",IF($F45="Per Revenue Dollar",$L45*BO27,IF($F45="Per Unit",$L45*BO19,IF($F45="Fixed Dollar Per Month",IF($G45<BO$8,$L45,0))))) -> 28 | BP45: =IF($L45="","",IF($F45="Per Revenue Dollar",$L45*BP27,IF($F45="Per Unit",$L45*BP19,IF($F45="Fixed Dollar Per Month",IF($G45<BP$8,$L45,0))))) -> 28 | ... BT45: =IF($L45="","",IF($F45="Per Revenue Dollar",$L45*BT27,IF($F45="Per Unit",$L45*BT19,IF($F45="Fixed Dollar Per Month",IF($G45<BT$8,$L45,0))))) -> 28 | BU45: =IF($M45="","",IF($F45="Per Revenue Dollar",$M45*BU27,IF($F45="Per Unit",$M45*BU19,IF($F45="Fixed Dollar Per Month",IF($G45<BU$8,$M45,0))))) -> 30 | BV45: =IF($M45="","",IF($F45="Per Revenue Dollar",$M45*BV27,IF($F45="Per Unit",$M45*BV19,IF($F45="Fixed Dollar Per Month",IF($G45<BV$8,$M45,0))))) -> 30 | BW45: =IF($M45="","",IF($F45="Per Revenue Dollar",$M45*BW27,IF($F45="Per Unit",$M45*BW19,IF($F45="Fixed Dollar Per Month",IF($G45<BW$8,$M45,0))))) -> 30 | BX45: =IF($M45="","",IF($F45="Per Revenue Dollar",$M45*BX27,IF($F45="Per Unit",$M45*BX19,IF($F45="Fixed Dollar Per Month",IF($G45<BX$8,$M45,0))))) -> 30 | BY45: =IF($M45="","",IF($F45="Per Revenue Dollar",$M45*BY27,IF($F45="Per Unit",$M45*BY19,IF($F45="Fixed Dollar Per Month",IF($G45<BY$8,$M45,0))))) -> 30 | BZ45: =IF($M45="","",IF($F45="Per Revenue Dollar",$M45*BZ27,IF($F45="Per Unit",$M45*BZ19,IF($F45="Fixed Dollar Per Month",IF($G45<BZ$8,$M45,0))))) -> 30 | CA45: =IF($M45="","",IF($F45="Per Revenue Dollar",$M45*CA27,IF($F45="Per Unit",$M45*CA19,IF($F45="Fixed Dollar Per Month",IF($G45<CA$8,$M45,0))))) -> 30 | CB45: =IF($M45="","",IF($F45="Per Revenue Dollar",$M45*CB27,IF($F45="Per Unit",$M45*CB19,IF($F45="Fixed Dollar Per Month",IF($G45<CB$8,$M45,0))))) -> 30 | ... CF45: =IF($M45="","",IF($F45="Per Revenue Dollar",$M45*CF27,IF($F45="Per Unit",$M45*CF19,IF($F45="Fixed Dollar Per Month",IF($G45<CF$8,$M45,0))))) -> 30 | CG45: =IF($N45="","",IF($F45="Per Revenue Dollar",$N45*CG27,IF($F45="Per Unit",$N45*CG19,IF($F45="Fixed Dollar Per Month",IF($G45<CG$8,$N45,0))))) -> 50 | CH45: =IF($N45="","",IF($F45="Per Revenue Dollar",$N45*CH27,IF($F45="Per Unit",$N45*CH19,IF($F45="Fixed Dollar Per Month",IF($G45<CH$8,$N45,0))))) -> 50 | CI45: =IF($N45="","",IF($F45="Per Revenue Dollar",$N45*CI27,IF($F45="Per Unit",$N45*CI19,IF($F45="Fixed Dollar Per Month",IF($G45<CI$8,$N45,0))))) -> 50 | CJ45: =IF($N45="","",IF($F45="Per Revenue Dollar",$N45*CJ27,IF($F45="Per Unit",$N45*CJ19,IF($F45="Fixed Dollar Per Month",IF($G45<CJ$8,$N45,0))))) -> 50 | CK45: =IF($N45="","",IF($F45="Per Revenue Dollar",$N45*CK27,IF($F45="Per Unit",$N45*CK19,IF($F45="Fixed Dollar Per Month",IF($G45<CK$8,$N45,0))))) -> 50 | CL45: =IF($N45="","",IF($F45="Per Revenue Dollar",$N45*CL27,IF($F45="Per Unit",$N45*CL19,IF($F45="Fixed Dollar Per Month",IF($G45<CL$8,$N45,0))))) -> 50 | CM45: =IF($N45="","",IF($F45="Per Revenue Dollar",$N45*CM27,IF($F45="Per Unit",$N45*CM19,IF($F45="Fixed Dollar Per Month",IF($G45<CM$8,$N45,0))))) -> 50 | CN45: =IF($N45="","",IF($F45="Per Revenue Dollar",$N45*CN27,IF($F45="Per Unit",$N45*CN19,IF($F45="Fixed Dollar Per Month",IF($G45<CN$8,$N45,0))))) -> 50 | ... CR45: =IF($N45="","",IF($F45="Per Revenue Dollar",$N45*CR27,IF($F45="Per Unit",$N45*CR19,IF($F45="Fixed Dollar Per Month",IF($G45<CR$8,$N45,0))))) -> 50 | CS45: =IF($O45="","",IF($F45="Per Revenue Dollar",$O45*CS27,IF($F45="Per Unit",$O45*CS19,IF($F45="Fixed Dollar Per Month",IF($G45<CS$8,$O45,0))))) -> 87.5 | CT45: =IF($O45="","",IF($F45="Per Revenue Dollar",$O45*CT27,IF($F45="Per Unit",$O45*CT19,IF($F45="Fixed Dollar Per Month",IF($G45<CT$8,$O45,0))))) -> 87.5 | CU45: =IF($O45="","",IF($F45="Per Revenue Dollar",$O45*CU27,IF($F45="Per Unit",$O45*CU19,IF($F45="Fixed Dollar Per Month",IF($G45<CU$8,$O45,0))))) -> 87.5 | CV45: =IF($O45="","",IF($F45="Per Revenue Dollar",$O45*CV27,IF($F45="Per Unit",$O45*CV19,IF($F45="Fixed Dollar Per Month",IF($G45<CV$8,$O45,0))))) -> 87.5 | CW45: =IF($O45="","",IF($F45="Per Revenue Dollar",$O45*CW27,IF($F45="Per Unit",$O45*CW19,IF($F45="Fixed Dollar Per Month",IF($G45<CW$8,$O45,0))))) -> 87.5 | CX45: =IF($O45="","",IF($F45="Per Revenue Dollar",$O45*CX27,IF($F45="Per Unit",$O45*CX19,IF($F45="Fixed Dollar Per Month",IF($G45<CX$8,$O45,0))))) -> 87.5 | CY45: =IF($O45="","",IF($F45="Per Revenue Dollar",$O45*CY27,IF($F45="Per Unit",$O45*CY19,IF($F45="Fixed Dollar Per Month",IF($G45<CY$8,$O45,0))))) -> 87.5 | CZ45: =IF($O45="","",IF($F45="Per Revenue Dollar",$O45*CZ27,IF($F45="Per Unit",$O45*CZ19,IF($F45="Fixed Dollar Per Month",IF($G45<CZ$8,$O45,0))))) -> 87.5 | ... DD45: =IF($O45="","",IF($F45="Per Revenue Dollar",$O45*DD27,IF($F45="Per Unit",$O45*DD19,IF($F45="Fixed Dollar Per Month",IF($G45<DD$8,$O45,0))))) -> 87.5
E46: =IF(E20="","","COGS - "&E20) -> COGS - Invoice Financing | F46: Per Revenue Dollar | J46: 0.25 | K46: 0.25 | L46: 0.2 | M46: 0.15 | N46: 0.15 | O46: 0.15 | Q46: =IFERROR(AVERAGE(Y46:AJ46),0) -> 0 | R46: =IFERROR(AVERAGE(AK46:AV46),0) -> 0 | S46: =IFERROR(AVERAGE(AW46:BH46),0) -> 12.5 | T46: =IFERROR(AVERAGE(BI46:BT46),0) -> 10 | U46: =IFERROR(AVERAGE(BU46:CF46),0) -> 9 | V46: =IFERROR(AVERAGE(CG46:CR46),0) -> 11.25 | W46: =IFERROR(AVERAGE(CS46:DD46),0) -> 15 | AK46: =IF($J46="","",IF($F46="Per Revenue Dollar",$J46*AK28,IF($F46="Per Unit",$J46*AK20,IF($F46="Fixed Dollar Per Month",IF($G46<AK$8,$J46,0))))) -> 0 | AL46: =IF($J46="","",IF($F46="Per Revenue Dollar",$J46*AL28,IF($F46="Per Unit",$J46*AL20,IF($F46="Fixed Dollar Per Month",IF($G46<AL$8,$J46,0))))) -> 0 | AM46: =IF($J46="","",IF($F46="Per Revenue Dollar",$J46*AM28,IF($F46="Per Unit",$J46*AM20,IF($F46="Fixed Dollar Per Month",IF($G46<AM$8,$J46,0))))) -> 0 | AN46: =IF($J46="","",IF($F46="Per Revenue Dollar",$J46*AN28,IF($F46="Per Unit",$J46*AN20,IF($F46="Fixed Dollar Per Month",IF($G46<AN$8,$J46,0))))) -> 0 | AO46: =IF($J46="","",IF($F46="Per Revenue Dollar",$J46*AO28,IF($F46="Per Unit",$J46*AO20,IF($F46="Fixed Dollar Per Month",IF($G46<AO$8,$J46,0))))) -> 0 | AP46: =IF($J46="","",IF($F46="Per Revenue Dollar",$J46*AP28,IF($F46="Per Unit",$J46*AP20,IF($F46="Fixed Dollar Per Month",IF($G46<AP$8,$J46,0))))) -> 0 | AQ46: =IF($J46="","",IF($F46="Per Revenue Dollar",$J46*AQ28,IF($F46="Per Unit",$J46*AQ20,IF($F46="Fixed Dollar Per Month",IF($G46<AQ$8,$J46,0))))) -> 0 | AR46: =IF($J46="","",IF($F46="Per Revenue Dollar",$J46*AR28,IF($F46="Per Unit",$J46*AR20,IF($F46="Fixed Dollar Per Month",IF($G46<AR$8,$J46,0))))) -> 0 | ... AV46: =IF($J46="","",IF($F46="Per Revenue Dollar",$J46*AV28,IF($F46="Per Unit",$J46*AV20,IF($F46="Fixed Dollar Per Month",IF($G46<AV$8,$J46,0))))) -> 0 | AW46: =IF($K46="","",IF($F46="Per Revenue Dollar",$K46*AW28,IF($F46="Per Unit",$K46*AW20,IF($F46="Fixed Dollar Per Month",IF($G46<AW$8,$K46,0))))) -> 12.5 | AX46: =IF($K46="","",IF($F46="Per Revenue Dollar",$K46*AX28,IF($F46="Per Unit",$K46*AX20,IF($F46="Fixed Dollar Per Month",IF($G46<AX$8,$K46,0))))) -> 12.5 | AY46: =IF($K46="","",IF($F46="Per Revenue Dollar",$K46*AY28,IF($F46="Per Unit",$K46*AY20,IF($F46="Fixed Dollar Per Month",IF($G46<AY$8,$K46,0))))) -> 12.5 | AZ46: =IF($K46="","",IF($F46="Per Revenue Dollar",$K46*AZ28,IF($F46="Per Unit",$K46*AZ20,IF($F46="Fixed Dollar Per Month",IF($G46<AZ$8,$K46,0))))) -> 12.5 | BA46: =IF($K46="","",IF($F46="Per Revenue Dollar",$K46*BA28,IF($F46="Per Unit",$K46*BA20,IF($F46="Fixed Dollar Per Month",IF($G46<BA$8,$K46,0))))) -> 12.5 | BB46: =IF($K46="","",IF($F46="Per Revenue Dollar",$K46*BB28,IF($F46="Per Unit",$K46*BB20,IF($F46="Fixed Dollar Per Month",IF($G46<BB$8,$K46,0))))) -> 12.5 | BC46: =IF($K46="","",IF($F46="Per Revenue Dollar",$K46*BC28,IF($F46="Per Unit",$K46*BC20,IF($F46="Fixed Dollar Per Month",IF($G46<BC$8,$K46,0))))) -> 12.5 | BD46: =IF($K46="","",IF($F46="Per Revenue Dollar",$K46*BD28,IF($F46="Per Unit",$K46*BD20,IF($F46="Fixed Dollar Per Month",IF($G46<BD$8,$K46,0))))) -> 12.5 | ... BH46: =IF($K46="","",IF($F46="Per Revenue Dollar",$K46*BH28,IF($F46="Per Unit",$K46*BH20,IF($F46="Fixed Dollar Per Month",IF($G46<BH$8,$K46,0))))) -> 12.5 | BI46: =IF($L46="","",IF($F46="Per Revenue Dollar",$L46*BI28,IF($F46="Per Unit",$L46*BI20,IF($F46="Fixed Dollar Per Month",IF($G46<BI$8,$L46,0))))) -> 10 | BJ46: =IF($L46="","",IF($F46="Per Revenue Dollar",$L46*BJ28,IF($F46="Per Unit",$L46*BJ20,IF($F46="Fixed Dollar Per Month",IF($G46<BJ$8,$L46,0))))) -> 10 | BK46: =IF($L46="","",IF($F46="Per Revenue Dollar",$L46*BK28,IF($F46="Per Unit",$L46*BK20,IF($F46="Fixed Dollar Per Month",IF($G46<BK$8,$L46,0))))) -> 10 | BL46: =IF($L46="","",IF($F46="Per Revenue Dollar",$L46*BL28,IF($F46="Per Unit",$L46*BL20,IF($F46="Fixed Dollar Per Month",IF($G46<BL$8,$L46,0))))) -> 10 | BM46: =IF($L46="","",IF($F46="Per Revenue Dollar",$L46*BM28,IF($F46="Per Unit",$L46*BM20,IF($F46="Fixed Dollar Per Month",IF($G46<BM$8,$L46,0))))) -> 10 | BN46: =IF($L46="","",IF($F46="Per Revenue Dollar",$L46*BN28,IF($F46="Per Unit",$L46*BN20,IF($F46="Fixed Dollar Per Month",IF($G46<BN$8,$L46,0))))) -> 10 | BO46: =IF($L46="","",IF($F46="Per Revenue Dollar",$L46*BO28,IF($F46="Per Unit",$L46*BO20,IF($F46="Fixed Dollar Per Month",IF($G46<BO$8,$L46,0))))) -> 10 | BP46: =IF($L46="","",IF($F46="Per Revenue Dollar",$L46*BP28,IF($F46="Per Unit",$L46*BP20,IF($F46="Fixed Dollar Per Month",IF($G46<BP$8,$L46,0))))) -> 10 | ... BT46: =IF($L46="","",IF($F46="Per Revenue Dollar",$L46*BT28,IF($F46="Per Unit",$L46*BT20,IF($F46="Fixed Dollar Per Month",IF($G46<BT$8,$L46,0))))) -> 10 | BU46: =IF($M46="","",IF($F46="Per Revenue Dollar",$M46*BU28,IF($F46="Per Unit",$M46*BU20,IF($F46="Fixed Dollar Per Month",IF($G46<BU$8,$M46,0))))) -> 9 | BV46: =IF($M46="","",IF($F46="Per Revenue Dollar",$M46*BV28,IF($F46="Per Unit",$M46*BV20,IF($F46="Fixed Dollar Per Month",IF($G46<BV$8,$M46,0))))) -> 9 | BW46: =IF($M46="","",IF($F46="Per Revenue Dollar",$M46*BW28,IF($F46="Per Unit",$M46*BW20,IF($F46="Fixed Dollar Per Month",IF($G46<BW$8,$M46,0))))) -> 9 | BX46: =IF($M46="","",IF($F46="Per Revenue Dollar",$M46*BX28,IF($F46="Per Unit",$M46*BX20,IF($F46="Fixed Dollar Per Month",IF($G46<BX$8,$M46,0))))) -> 9 | BY46: =IF($M46="","",IF($F46="Per Revenue Dollar",$M46*BY28,IF($F46="Per Unit",$M46*BY20,IF($F46="Fixed Dollar Per Month",IF($G46<BY$8,$M46,0))))) -> 9 | BZ46: =IF($M46="","",IF($F46="Per Revenue Dollar",$M46*BZ28,IF($F46="Per Unit",$M46*BZ20,IF($F46="Fixed Dollar Per Month",IF($G46<BZ$8,$M46,0))))) -> 9 | CA46: =IF($M46="","",IF($F46="Per Revenue Dollar",$M46*CA28,IF($F46="Per Unit",$M46*CA20,IF($F46="Fixed Dollar Per Month",IF($G46<CA$8,$M46,0))))) -> 9 | CB46: =IF($M46="","",IF($F46="Per Revenue Dollar",$M46*CB28,IF($F46="Per Unit",$M46*CB20,IF($F46="Fixed Dollar Per Month",IF($G46<CB$8,$M46,0))))) -> 9 | ... CF46: =IF($M46="","",IF($F46="Per Revenue Dollar",$M46*CF28,IF($F46="Per Unit",$M46*CF20,IF($F46="Fixed Dollar Per Month",IF($G46<CF$8,$M46,0))))) -> 9 | CG46: =IF($N46="","",IF($F46="Per Revenue Dollar",$N46*CG28,IF($F46="Per Unit",$N46*CG20,IF($F46="Fixed Dollar Per Month",IF($G46<CG$8,$N46,0))))) -> 11.25 | CH46: =IF($N46="","",IF($F46="Per Revenue Dollar",$N46*CH28,IF($F46="Per Unit",$N46*CH20,IF($F46="Fixed Dollar Per Month",IF($G46<CH$8,$N46,0))))) -> 11.25 | CI46: =IF($N46="","",IF($F46="Per Revenue Dollar",$N46*CI28,IF($F46="Per Unit",$N46*CI20,IF($F46="Fixed Dollar Per Month",IF($G46<CI$8,$N46,0))))) -> 11.25 | CJ46: =IF($N46="","",IF($F46="Per Revenue Dollar",$N46*CJ28,IF($F46="Per Unit",$N46*CJ20,IF($F46="Fixed Dollar Per Month",IF($G46<CJ$8,$N46,0))))) -> 11.25 | CK46: =IF($N46="","",IF($F46="Per Revenue Dollar",$N46*CK28,IF($F46="Per Unit",$N46*CK20,IF($F46="Fixed Dollar Per Month",IF($G46<CK$8,$N46,0))))) -> 11.25 | CL46: =IF($N46="","",IF($F46="Per Revenue Dollar",$N46*CL28,IF($F46="Per Unit",$N46*CL20,IF($F46="Fixed Dollar Per Month",IF($G46<CL$8,$N46,0))))) -> 11.25 | CM46: =IF($N46="","",IF($F46="Per Revenue Dollar",$N46*CM28,IF($F46="Per Unit",$N46*CM20,IF($F46="Fixed Dollar Per Month",IF($G46<CM$8,$N46,0))))) -> 11.25 | CN46: =IF($N46="","",IF($F46="Per Revenue Dollar",$N46*CN28,IF($F46="Per Unit",$N46*CN20,IF($F46="Fixed Dollar Per Month",IF($G46<CN$8,$N46,0))))) -> 11.25 | ... CR46: =IF($N46="","",IF($F46="Per Revenue Dollar",$N46*CR28,IF($F46="Per Unit",$N46*CR20,IF($F46="Fixed Dollar Per Month",IF($G46<CR$8,$N46,0))))) -> 11.25 | CS46: =IF($O46="","",IF($F46="Per Revenue Dollar",$O46*CS28,IF($F46="Per Unit",$O46*CS20,IF($F46="Fixed Dollar Per Month",IF($G46<CS$8,$O46,0))))) -> 15 | CT46: =IF($O46="","",IF($F46="Per Revenue Dollar",$O46*CT28,IF($F46="Per Unit",$O46*CT20,IF($F46="Fixed Dollar Per Month",IF($G46<CT$8,$O46,0))))) -> 15 | CU46: =IF($O46="","",IF($F46="Per Revenue Dollar",$O46*CU28,IF($F46="Per Unit",$O46*CU20,IF($F46="Fixed Dollar Per Month",IF($G46<CU$8,$O46,0))))) -> 15 | CV46: =IF($O46="","",IF($F46="Per Revenue Dollar",$O46*CV28,IF($F46="Per Unit",$O46*CV20,IF($F46="Fixed Dollar Per Month",IF($G46<CV$8,$O46,0))))) -> 15 | CW46: =IF($O46="","",IF($F46="Per Revenue Dollar",$O46*CW28,IF($F46="Per Unit",$O46*CW20,IF($F46="Fixed Dollar Per Month",IF($G46<CW$8,$O46,0))))) -> 15 | CX46: =IF($O46="","",IF($F46="Per Revenue Dollar",$O46*CX28,IF($F46="Per Unit",$O46*CX20,IF($F46="Fixed Dollar Per Month",IF($G46<CX$8,$O46,0))))) -> 15 | CY46: =IF($O46="","",IF($F46="Per Revenue Dollar",$O46*CY28,IF($F46="Per Unit",$O46*CY20,IF($F46="Fixed Dollar Per Month",IF($G46<CY$8,$O46,0))))) -> 15 | CZ46: =IF($O46="","",IF($F46="Per Revenue Dollar",$O46*CZ28,IF($F46="Per Unit",$O46*CZ20,IF($F46="Fixed Dollar Per Month",IF($G46<CZ$8,$O46,0))))) -> 15 | ... DD46: =IF($O46="","",IF($F46="Per Revenue Dollar",$O46*DD28,IF($F46="Per Unit",$O46*DD20,IF($F46="Fixed Dollar Per Month",IF($G46<DD$8,$O46,0))))) -> 15
E47: =IF(E21="","","COGS - "&E21) -> COGS - Referral Fees | O47: 0 | Q47: =IFERROR(AVERAGE(Y47:AJ47),0) -> 0 | R47: =IFERROR(AVERAGE(AK47:AV47),0) -> 0 | S47: =IFERROR(AVERAGE(AW47:BH47),0) -> 0 | T47: =IFERROR(AVERAGE(BI47:BT47),0) -> 0 | U47: =IFERROR(AVERAGE(BU47:CF47),0) -> 0 | V47: =IFERROR(AVERAGE(CG47:CR47),0) -> 0 | W47: =IFERROR(AVERAGE(CS47:DD47),0) -> 0 | AK47: =IF($J47="","",IF($F47="Per Revenue Dollar",$J47*AK29,IF($F47="Per Unit",$J47*AK21,IF($F47="Fixed Dollar Per Month",IF($G47<AK$8,$J47,0))))) | AL47: =IF($J47="","",IF($F47="Per Revenue Dollar",$J47*AL29,IF($F47="Per Unit",$J47*AL21,IF($F47="Fixed Dollar Per Month",IF($G47<AL$8,$J47,0))))) | AM47: =IF($J47="","",IF($F47="Per Revenue Dollar",$J47*AM29,IF($F47="Per Unit",$J47*AM21,IF($F47="Fixed Dollar Per Month",IF($G47<AM$8,$J47,0))))) | AN47: =IF($J47="","",IF($F47="Per Revenue Dollar",$J47*AN29,IF($F47="Per Unit",$J47*AN21,IF($F47="Fixed Dollar Per Month",IF($G47<AN$8,$J47,0))))) | AO47: =IF($J47="","",IF($F47="Per Revenue Dollar",$J47*AO29,IF($F47="Per Unit",$J47*AO21,IF($F47="Fixed Dollar Per Month",IF($G47<AO$8,$J47,0))))) | AP47: =IF($J47="","",IF($F47="Per Revenue Dollar",$J47*AP29,IF($F47="Per Unit",$J47*AP21,IF($F47="Fixed Dollar Per Month",IF($G47<AP$8,$J47,0))))) | AQ47: =IF($J47="","",IF($F47="Per Revenue Dollar",$J47*AQ29,IF($F47="Per Unit",$J47*AQ21,IF($F47="Fixed Dollar Per Month",IF($G47<AQ$8,$J47,0))))) | AR47: =IF($J47="","",IF($F47="Per Revenue Dollar",$J47*AR29,IF($F47="Per Unit",$J47*AR21,IF($F47="Fixed Dollar Per Month",IF($G47<AR$8,$J47,0))))) | ... AV47: =IF($J47="","",IF($F47="Per Revenue Dollar",$J47*AV29,IF($F47="Per Unit",$J47*AV21,IF($F47="Fixed Dollar Per Month",IF($G47<AV$8,$J47,0))))) | AW47: =IF($K47="","",IF($F47="Per Revenue Dollar",$K47*AW29,IF($F47="Per Unit",$K47*AW21,IF($F47="Fixed Dollar Per Month",IF($G47<AW$8,$K47,0))))) | AX47: =IF($K47="","",IF($F47="Per Revenue Dollar",$K47*AX29,IF($F47="Per Unit",$K47*AX21,IF($F47="Fixed Dollar Per Month",IF($G47<AX$8,$K47,0))))) | AY47: =IF($K47="","",IF($F47="Per Revenue Dollar",$K47*AY29,IF($F47="Per Unit",$K47*AY21,IF($F47="Fixed Dollar Per Month",IF($G47<AY$8,$K47,0))))) | AZ47: =IF($K47="","",IF($F47="Per Revenue Dollar",$K47*AZ29,IF($F47="Per Unit",$K47*AZ21,IF($F47="Fixed Dollar Per Month",IF($G47<AZ$8,$K47,0))))) | BA47: =IF($K47="","",IF($F47="Per Revenue Dollar",$K47*BA29,IF($F47="Per Unit",$K47*BA21,IF($F47="Fixed Dollar Per Month",IF($G47<BA$8,$K47,0))))) | BB47: =IF($K47="","",IF($F47="Per Revenue Dollar",$K47*BB29,IF($F47="Per Unit",$K47*BB21,IF($F47="Fixed Dollar Per Month",IF($G47<BB$8,$K47,0))))) | BC47: =IF($K47="","",IF($F47="Per Revenue Dollar",$K47*BC29,IF($F47="Per Unit",$K47*BC21,IF($F47="Fixed Dollar Per Month",IF($G47<BC$8,$K47,0))))) | BD47: =IF($K47="","",IF($F47="Per Revenue Dollar",$K47*BD29,IF($F47="Per Unit",$K47*BD21,IF($F47="Fixed Dollar Per Month",IF($G47<BD$8,$K47,0))))) | ... BH47: =IF($K47="","",IF($F47="Per Revenue Dollar",$K47*BH29,IF($F47="Per Unit",$K47*BH21,IF($F47="Fixed Dollar Per Month",IF($G47<BH$8,$K47,0))))) | BI47: =IF($L47="","",IF($F47="Per Revenue Dollar",$L47*BI29,IF($F47="Per Unit",$L47*BI21,IF($F47="Fixed Dollar Per Month",IF($G47<BI$8,$L47,0))))) | BJ47: =IF($L47="","",IF($F47="Per Revenue Dollar",$L47*BJ29,IF($F47="Per Unit",$L47*BJ21,IF($F47="Fixed Dollar Per Month",IF($G47<BJ$8,$L47,0))))) | BK47: =IF($L47="","",IF($F47="Per Revenue Dollar",$L47*BK29,IF($F47="Per Unit",$L47*BK21,IF($F47="Fixed Dollar Per Month",IF($G47<BK$8,$L47,0))))) | BL47: =IF($L47="","",IF($F47="Per Revenue Dollar",$L47*BL29,IF($F47="Per Unit",$L47*BL21,IF($F47="Fixed Dollar Per Month",IF($G47<BL$8,$L47,0))))) | BM47: =IF($L47="","",IF($F47="Per Revenue Dollar",$L47*BM29,IF($F47="Per Unit",$L47*BM21,IF($F47="Fixed Dollar Per Month",IF($G47<BM$8,$L47,0))))) | BN47: =IF($L47="","",IF($F47="Per Revenue Dollar",$L47*BN29,IF($F47="Per Unit",$L47*BN21,IF($F47="Fixed Dollar Per Month",IF($G47<BN$8,$L47,0))))) | BO47: =IF($L47="","",IF($F47="Per Revenue Dollar",$L47*BO29,IF($F47="Per Unit",$L47*BO21,IF($F47="Fixed Dollar Per Month",IF($G47<BO$8,$L47,0))))) | BP47: =IF($L47="","",IF($F47="Per Revenue Dollar",$L47*BP29,IF($F47="Per Unit",$L47*BP21,IF($F47="Fixed Dollar Per Month",IF($G47<BP$8,$L47,0))))) | ... BT47: =IF($L47="","",IF($F47="Per Revenue Dollar",$L47*BT29,IF($F47="Per Unit",$L47*BT21,IF($F47="Fixed Dollar Per Month",IF($G47<BT$8,$L47,0))))) | BU47: =IF($M47="","",IF($F47="Per Revenue Dollar",$M47*BU29,IF($F47="Per Unit",$M47*BU21,IF($F47="Fixed Dollar Per Month",IF($G47<BU$8,$M47,0))))) | BV47: =IF($M47="","",IF($F47="Per Revenue Dollar",$M47*BV29,IF($F47="Per Unit",$M47*BV21,IF($F47="Fixed Dollar Per Month",IF($G47<BV$8,$M47,0))))) | BW47: =IF($M47="","",IF($F47="Per Revenue Dollar",$M47*BW29,IF($F47="Per Unit",$M47*BW21,IF($F47="Fixed Dollar Per Month",IF($G47<BW$8,$M47,0))))) | BX47: =IF($M47="","",IF($F47="Per Revenue Dollar",$M47*BX29,IF($F47="Per Unit",$M47*BX21,IF($F47="Fixed Dollar Per Month",IF($G47<BX$8,$M47,0))))) | BY47: =IF($M47="","",IF($F47="Per Revenue Dollar",$M47*BY29,IF($F47="Per Unit",$M47*BY21,IF($F47="Fixed Dollar Per Month",IF($G47<BY$8,$M47,0))))) | BZ47: =IF($M47="","",IF($F47="Per Revenue Dollar",$M47*BZ29,IF($F47="Per Unit",$M47*BZ21,IF($F47="Fixed Dollar Per Month",IF($G47<BZ$8,$M47,0))))) | CA47: =IF($M47="","",IF($F47="Per Revenue Dollar",$M47*CA29,IF($F47="Per Unit",$M47*CA21,IF($F47="Fixed Dollar Per Month",IF($G47<CA$8,$M47,0))))) | CB47: =IF($M47="","",IF($F47="Per Revenue Dollar",$M47*CB29,IF($F47="Per Unit",$M47*CB21,IF($F47="Fixed Dollar Per Month",IF($G47<CB$8,$M47,0))))) | ... CF47: =IF($M47="","",IF($F47="Per Revenue Dollar",$M47*CF29,IF($F47="Per Unit",$M47*CF21,IF($F47="Fixed Dollar Per Month",IF($G47<CF$8,$M47,0))))) | CG47: =IF($N47="","",IF($F47="Per Revenue Dollar",$N47*CG29,IF($F47="Per Unit",$N47*CG21,IF($F47="Fixed Dollar Per Month",IF($G47<CG$8,$N47,0))))) | CH47: =IF($N47="","",IF($F47="Per Revenue Dollar",$N47*CH29,IF($F47="Per Unit",$N47*CH21,IF($F47="Fixed Dollar Per Month",IF($G47<CH$8,$N47,0))))) | CI47: =IF($N47="","",IF($F47="Per Revenue Dollar",$N47*CI29,IF($F47="Per Unit",$N47*CI21,IF($F47="Fixed Dollar Per Month",IF($G47<CI$8,$N47,0))))) | CJ47: =IF($N47="","",IF($F47="Per Revenue Dollar",$N47*CJ29,IF($F47="Per Unit",$N47*CJ21,IF($F47="Fixed Dollar Per Month",IF($G47<CJ$8,$N47,0))))) | CK47: =IF($N47="","",IF($F47="Per Revenue Dollar",$N47*CK29,IF($F47="Per Unit",$N47*CK21,IF($F47="Fixed Dollar Per Month",IF($G47<CK$8,$N47,0))))) | CL47: =IF($N47="","",IF($F47="Per Revenue Dollar",$N47*CL29,IF($F47="Per Unit",$N47*CL21,IF($F47="Fixed Dollar Per Month",IF($G47<CL$8,$N47,0))))) | CM47: =IF($N47="","",IF($F47="Per Revenue Dollar",$N47*CM29,IF($F47="Per Unit",$N47*CM21,IF($F47="Fixed Dollar Per Month",IF($G47<CM$8,$N47,0))))) | CN47: =IF($N47="","",IF($F47="Per Revenue Dollar",$N47*CN29,IF($F47="Per Unit",$N47*CN21,IF($F47="Fixed Dollar Per Month",IF($G47<CN$8,$N47,0))))) | ... CR47: =IF($N47="","",IF($F47="Per Revenue Dollar",$N47*CR29,IF($F47="Per Unit",$N47*CR21,IF($F47="Fixed Dollar Per Month",IF($G47<CR$8,$N47,0))))) | CS47: =IF($O47="","",IF($F47="Per Revenue Dollar",$O47*CS29,IF($F47="Per Unit",$O47*CS21,IF($F47="Fixed Dollar Per Month",IF($G47<CS$8,$O47,0))))) -> FALSE | CT47: =IF($O47="","",IF($F47="Per Revenue Dollar",$O47*CT29,IF($F47="Per Unit",$O47*CT21,IF($F47="Fixed Dollar Per Month",IF($G47<CT$8,$O47,0))))) -> FALSE | CU47: =IF($O47="","",IF($F47="Per Revenue Dollar",$O47*CU29,IF($F47="Per Unit",$O47*CU21,IF($F47="Fixed Dollar Per Month",IF($G47<CU$8,$O47,0))))) -> FALSE | CV47: =IF($O47="","",IF($F47="Per Revenue Dollar",$O47*CV29,IF($F47="Per Unit",$O47*CV21,IF($F47="Fixed Dollar Per Month",IF($G47<CV$8,$O47,0))))) -> FALSE | CW47: =IF($O47="","",IF($F47="Per Revenue Dollar",$O47*CW29,IF($F47="Per Unit",$O47*CW21,IF($F47="Fixed Dollar Per Month",IF($G47<CW$8,$O47,0))))) -> FALSE | CX47: =IF($O47="","",IF($F47="Per Revenue Dollar",$O47*CX29,IF($F47="Per Unit",$O47*CX21,IF($F47="Fixed Dollar Per Month",IF($G47<CX$8,$O47,0))))) -> FALSE | CY47: =IF($O47="","",IF($F47="Per Revenue Dollar",$O47*CY29,IF($F47="Per Unit",$O47*CY21,IF($F47="Fixed Dollar Per Month",IF($G47<CY$8,$O47,0))))) -> FALSE | CZ47: =IF($O47="","",IF($F47="Per Revenue Dollar",$O47*CZ29,IF($F47="Per Unit",$O47*CZ21,IF($F47="Fixed Dollar Per Month",IF($G47<CZ$8,$O47,0))))) -> FALSE | ... DD47: =IF($O47="","",IF($F47="Per Revenue Dollar",$O47*DD29,IF($F47="Per Unit",$O47*DD21,IF($F47="Fixed Dollar Per Month",IF($G47<DD$8,$O47,0))))) -> FALSE
AK48: =IF($J48="","",IF($F48="Per Revenue Dollar",$J48*AK30,IF($F48="Per Unit",$J48*AK23,IF($F48="Fixed Dollar Per Month",IF($G48<AK$8,$J48,0))))) | AL48: =IF($J48="","",IF($F48="Per Revenue Dollar",$J48*AL30,IF($F48="Per Unit",$J48*AL23,IF($F48="Fixed Dollar Per Month",IF($G48<AL$8,$J48,0))))) | AM48: =IF($J48="","",IF($F48="Per Revenue Dollar",$J48*AM30,IF($F48="Per Unit",$J48*AM23,IF($F48="Fixed Dollar Per Month",IF($G48<AM$8,$J48,0))))) | AN48: =IF($J48="","",IF($F48="Per Revenue Dollar",$J48*AN30,IF($F48="Per Unit",$J48*AN23,IF($F48="Fixed Dollar Per Month",IF($G48<AN$8,$J48,0))))) | AO48: =IF($J48="","",IF($F48="Per Revenue Dollar",$J48*AO30,IF($F48="Per Unit",$J48*AO23,IF($F48="Fixed Dollar Per Month",IF($G48<AO$8,$J48,0))))) | AP48: =IF($J48="","",IF($F48="Per Revenue Dollar",$J48*AP30,IF($F48="Per Unit",$J48*AP23,IF($F48="Fixed Dollar Per Month",IF($G48<AP$8,$J48,0))))) | AQ48: =IF($J48="","",IF($F48="Per Revenue Dollar",$J48*AQ30,IF($F48="Per Unit",$J48*AQ23,IF($F48="Fixed Dollar Per Month",IF($G48<AQ$8,$J48,0))))) | AR48: =IF($J48="","",IF($F48="Per Revenue Dollar",$J48*AR30,IF($F48="Per Unit",$J48*AR23,IF($F48="Fixed Dollar Per Month",IF($G48<AR$8,$J48,0))))) | ... AV48: =IF($J48="","",IF($F48="Per Revenue Dollar",$J48*AV30,IF($F48="Per Unit",$J48*AV23,IF($F48="Fixed Dollar Per Month",IF($G48<AV$8,$J48,0)))))
E50: Cost of Goods Sold
E51: =E43 -> COGS - Basic | F51: =IF(F43="","",F43) -> Per Revenue Dollar | Q51: =SUM(Y51:AJ51) -> 0 | R51: =SUM(AK51:AV51) -> 14534.8 | S51: =SUM(AW51:BH51) -> 195566.97 | T51: =SUM(BI51:BT51) -> 22500.521 | U51: =SUM(BU51:CF51) -> 22933.409 | V51: =SUM(CG51:CR51) -> 30301.297 | W51: =SUM(CS51:DD51) -> 37910.636 | AK51: =IF($J43="","",IF($F51="Per Revenue Dollar",$J43*AK34,IF($F51="Per Unit",$J43*AK17,IF($F51="Fixed Dollar Per Month",IF($G43<AK$8,$J43,0))))) -> 913.5 | AL51: =IF($J43="","",IF($F51="Per Revenue Dollar",$J43*AL34,IF($F51="Per Unit",$J43*AL17,IF($F51="Fixed Dollar Per Month",IF($G43<AL$8,$J43,0))))) -> 959.9 | AM51: =IF($J43="","",IF($F51="Per Revenue Dollar",$J43*AM34,IF($F51="Per Unit",$J43*AM17,IF($F51="Fixed Dollar Per Month",IF($G43<AM$8,$J43,0))))) -> 1009.2 | AN51: =IF($J43="","",IF($F51="Per Revenue Dollar",$J43*AN34,IF($F51="Per Unit",$J43*AN17,IF($F51="Fixed Dollar Per Month",IF($G43<AN$8,$J43,0))))) -> 1058.5 | AO51: =IF($J43="","",IF($F51="Per Revenue Dollar",$J43*AO34,IF($F51="Per Unit",$J43*AO17,IF($F51="Fixed Dollar Per Month",IF($G43<AO$8,$J43,0))))) -> 1110.7 | AP51: =IF($J43="","",IF($F51="Per Revenue Dollar",$J43*AP34,IF($F51="Per Unit",$J43*AP17,IF($F51="Fixed Dollar Per Month",IF($G43<AP$8,$J43,0))))) -> 1165.8 | AQ51: =IF($J43="","",IF($F51="Per Revenue Dollar",$J43*AQ34,IF($F51="Per Unit",$J43*AQ17,IF($F51="Fixed Dollar Per Month",IF($G43<AQ$8,$J43,0))))) -> 1223.8 | AR51: =IF($J43="","",IF($F51="Per Revenue Dollar",$J43*AR34,IF($F51="Per Unit",$J43*AR17,IF($F51="Fixed Dollar Per Month",IF($G43<AR$8,$J43,0))))) -> 1284.7 | ... AV51: =IF($J43="","",IF($F51="Per Revenue Dollar",$J43*AV34,IF($F51="Per Unit",$J43*AV17,IF($F51="Fixed Dollar Per Month",IF($G43<AV$8,$J43,0))))) -> 1560.2 | AW51: =IF($J43="","",IF($F51="Per Revenue Dollar",$K43*AW34,IF($F51="Per Unit",$J43*AW17,IF($F51="Fixed Dollar Per Month",IF($G43<AW$8,$J43,0))))) -> 12286.575 | AX51: =IF($J43="","",IF($F51="Per Revenue Dollar",$K43*AX34,IF($F51="Per Unit",$J43*AX17,IF($F51="Fixed Dollar Per Month",IF($G43<AX$8,$J43,0))))) -> 12900.904 | AY51: =IF($J43="","",IF($F51="Per Revenue Dollar",$K43*AY34,IF($F51="Per Unit",$J43*AY17,IF($F51="Fixed Dollar Per Month",IF($G43<AY$8,$J43,0))))) -> 13545.949 | AZ51: =IF($J43="","",IF($F51="Per Revenue Dollar",$K43*AZ34,IF($F51="Per Unit",$J43*AZ17,IF($F51="Fixed Dollar Per Month",IF($G43<AZ$8,$J43,0))))) -> 14223.246 | BA51: =IF($J43="","",IF($F51="Per Revenue Dollar",$K43*BA34,IF($F51="Per Unit",$J43*BA17,IF($F51="Fixed Dollar Per Month",IF($G43<BA$8,$J43,0))))) -> 14934.409 | BB51: =IF($J43="","",IF($F51="Per Revenue Dollar",$K43*BB34,IF($F51="Per Unit",$J43*BB17,IF($F51="Fixed Dollar Per Month",IF($G43<BB$8,$J43,0))))) -> 15681.129 | BC51: =IF($J43="","",IF($F51="Per Revenue Dollar",$K43*BC34,IF($F51="Per Unit",$J43*BC17,IF($F51="Fixed Dollar Per Month",IF($G43<BC$8,$J43,0))))) -> 16465.186 | BD51: =IF($J43="","",IF($F51="Per Revenue Dollar",$K43*BD34,IF($F51="Per Unit",$J43*BD17,IF($F51="Fixed Dollar Per Month",IF($G43<BD$8,$J43,0))))) -> 17288.445 | ... BH51: =IF($J43="","",IF($F51="Per Revenue Dollar",$K43*BH34,IF($F51="Per Unit",$J43*BH17,IF($F51="Fixed Dollar Per Month",IF($G43<BH$8,$J43,0))))) -> 21014.213 | BI51: =IF($J43="","",IF($F51="Per Revenue Dollar",$L43*BI34,IF($F51="Per Unit",$J43*BI17,IF($F51="Fixed Dollar Per Month",IF($G43<BI$8,$J43,0))))) -> 1500.4148 | BJ51: =IF($J43="","",IF($F51="Per Revenue Dollar",$L43*BJ34,IF($F51="Per Unit",$J43*BJ17,IF($F51="Fixed Dollar Per Month",IF($G43<BJ$8,$J43,0))))) -> 1560.4314 | BK51: =IF($J43="","",IF($F51="Per Revenue Dollar",$L43*BK34,IF($F51="Per Unit",$J43*BK17,IF($F51="Fixed Dollar Per Month",IF($G43<BK$8,$J43,0))))) -> 1622.8486 | BL51: =IF($J43="","",IF($F51="Per Revenue Dollar",$L43*BL34,IF($F51="Per Unit",$J43*BL17,IF($F51="Fixed Dollar Per Month",IF($G43<BL$8,$J43,0))))) -> 1687.7626 | BM51: =IF($J43="","",IF($F51="Per Revenue Dollar",$L43*BM34,IF($F51="Per Unit",$J43*BM17,IF($F51="Fixed Dollar Per Month",IF($G43<BM$8,$J43,0))))) -> 1755.2731 | BN51: =IF($J43="","",IF($F51="Per Revenue Dollar",$L43*BN34,IF($F51="Per Unit",$J43*BN17,IF($F51="Fixed Dollar Per Month",IF($G43<BN$8,$J43,0))))) -> 1825.484 | BO51: =IF($J43="","",IF($F51="Per Revenue Dollar",$L43*BO34,IF($F51="Per Unit",$J43*BO17,IF($F51="Fixed Dollar Per Month",IF($G43<BO$8,$J43,0))))) -> 1898.5034 | BP51: =IF($J43="","",IF($F51="Per Revenue Dollar",$L43*BP34,IF($F51="Per Unit",$J43*BP17,IF($F51="Fixed Dollar Per Month",IF($G43<BP$8,$J43,0))))) -> 1974.4435 | ... BT51: =IF($J43="","",IF($F51="Per Revenue Dollar",$L43*BT34,IF($F51="Per Unit",$J43*BT17,IF($F51="Fixed Dollar Per Month",IF($G43<BT$8,$J43,0))))) -> 2265.4 | BU51: =IF($J43="","",IF($F51="Per Revenue Dollar",$M43*BU34,IF($F51="Per Unit",$J43*BU17,IF($F51="Fixed Dollar Per Month",IF($G43<BU$8,$J43,0))))) -> 1447.4666 | BV51: =IF($J43="","",IF($F51="Per Revenue Dollar",$M43*BV34,IF($F51="Per Unit",$J43*BV17,IF($F51="Fixed Dollar Per Month",IF($G43<BV$8,$J43,0))))) -> 1519.8399 | BW51: =IF($J43="","",IF($F51="Per Revenue Dollar",$M43*BW34,IF($F51="Per Unit",$J43*BW17,IF($F51="Fixed Dollar Per Month",IF($G43<BW$8,$J43,0))))) -> 1595.8319 | BX51: =IF($J43="","",IF($F51="Per Revenue Dollar",$M43*BX34,IF($F51="Per Unit",$J43*BX17,IF($F51="Fixed Dollar Per Month",IF($G43<BX$8,$J43,0))))) -> 1675.6235 | BY51: =IF($J43="","",IF($F51="Per Revenue Dollar",$M43*BY34,IF($F51="Per Unit",$J43*BY17,IF($F51="Fixed Dollar Per Month",IF($G43<BY$8,$J43,0))))) -> 1759.4046 | BZ51: =IF($J43="","",IF($F51="Per Revenue Dollar",$M43*BZ34,IF($F51="Per Unit",$J43*BZ17,IF($F51="Fixed Dollar Per Month",IF($G43<BZ$8,$J43,0))))) -> 1847.3749 | CA51: =IF($J43="","",IF($F51="Per Revenue Dollar",$M43*CA34,IF($F51="Per Unit",$J43*CA17,IF($F51="Fixed Dollar Per Month",IF($G43<CA$8,$J43,0))))) -> 1939.7436 | CB51: =IF($J43="","",IF($F51="Per Revenue Dollar",$M43*CB34,IF($F51="Per Unit",$J43*CB17,IF($F51="Fixed Dollar Per Month",IF($G43<CB$8,$J43,0))))) -> 2036.7308 | ... CF51: =IF($J43="","",IF($F51="Per Revenue Dollar",$M43*CF34,IF($F51="Per Unit",$J43*CF17,IF($F51="Fixed Dollar Per Month",IF($G43<CF$8,$J43,0))))) -> 2369.5593 | CG51: =IF($J43="","",IF($F51="Per Revenue Dollar",$N43*CG34,IF($F51="Per Unit",$J43*CG17,IF($F51="Fixed Dollar Per Month",IF($G43<CG$8,$J43,0))))) -> 2262.3368 | CH51: =IF($J43="","",IF($F51="Per Revenue Dollar",$N43*CH34,IF($F51="Per Unit",$J43*CH17,IF($F51="Fixed Dollar Per Month",IF($G43<CH$8,$J43,0))))) -> 2307.5835 | CI51: =IF($J43="","",IF($F51="Per Revenue Dollar",$N43*CI34,IF($F51="Per Unit",$J43*CI17,IF($F51="Fixed Dollar Per Month",IF($G43<CI$8,$J43,0))))) -> 2353.7352 | CJ51: =IF($J43="","",IF($F51="Per Revenue Dollar",$N43*CJ34,IF($F51="Per Unit",$J43*CJ17,IF($F51="Fixed Dollar Per Month",IF($G43<CJ$8,$J43,0))))) -> 2400.8099 | CK51: =IF($J43="","",IF($F51="Per Revenue Dollar",$N43*CK34,IF($F51="Per Unit",$J43*CK17,IF($F51="Fixed Dollar Per Month",IF($G43<CK$8,$J43,0))))) -> 2448.8261 | CL51: =IF($J43="","",IF($F51="Per Revenue Dollar",$N43*CL34,IF($F51="Per Unit",$J43*CL17,IF($F51="Fixed Dollar Per Month",IF($G43<CL$8,$J43,0))))) -> 2497.8026 | CM51: =IF($J43="","",IF($F51="Per Revenue Dollar",$N43*CM34,IF($F51="Per Unit",$J43*CM17,IF($F51="Fixed Dollar Per Month",IF($G43<CM$8,$J43,0))))) -> 2547.7587 | CN51: =IF($J43="","",IF($F51="Per Revenue Dollar",$N43*CN34,IF($F51="Per Unit",$J43*CN17,IF($F51="Fixed Dollar Per Month",IF($G43<CN$8,$J43,0))))) -> 2598.7138 | ... CR51: =IF($J43="","",IF($F51="Per Revenue Dollar",$N43*CR34,IF($F51="Per Unit",$J43*CR17,IF($F51="Fixed Dollar Per Month",IF($G43<CR$8,$J43,0))))) -> 2771.5648 | CS51: =IF($J43="","",IF($F51="Per Revenue Dollar",$O43*CS34,IF($F51="Per Unit",$J43*CS17,IF($F51="Fixed Dollar Per Month",IF($G43<CS$8,$J43,0))))) -> 2830.4605 | CT51: =IF($J43="","",IF($F51="Per Revenue Dollar",$O43*CT34,IF($F51="Per Unit",$J43*CT17,IF($F51="Fixed Dollar Per Month",IF($G43<CT$8,$J43,0))))) -> 2887.0698 | CU51: =IF($J43="","",IF($F51="Per Revenue Dollar",$O43*CU34,IF($F51="Per Unit",$J43*CU17,IF($F51="Fixed Dollar Per Month",IF($G43<CU$8,$J43,0))))) -> 2944.8111 | CV51: =IF($J43="","",IF($F51="Per Revenue Dollar",$O43*CV34,IF($F51="Per Unit",$J43*CV17,IF($F51="Fixed Dollar Per Month",IF($G43<CV$8,$J43,0))))) -> 3003.7074 | CW51: =IF($J43="","",IF($F51="Per Revenue Dollar",$O43*CW34,IF($F51="Per Unit",$J43*CW17,IF($F51="Fixed Dollar Per Month",IF($G43<CW$8,$J43,0))))) -> 3063.7815 | CX51: =IF($J43="","",IF($F51="Per Revenue Dollar",$O43*CX34,IF($F51="Per Unit",$J43*CX17,IF($F51="Fixed Dollar Per Month",IF($G43<CX$8,$J43,0))))) -> 3125.0572 | CY51: =IF($J43="","",IF($F51="Per Revenue Dollar",$O43*CY34,IF($F51="Per Unit",$J43*CY17,IF($F51="Fixed Dollar Per Month",IF($G43<CY$8,$J43,0))))) -> 3187.5583 | CZ51: =IF($J43="","",IF($F51="Per Revenue Dollar",$O43*CZ34,IF($F51="Per Unit",$J43*CZ17,IF($F51="Fixed Dollar Per Month",IF($G43<CZ$8,$J43,0))))) -> 3251.3095 | ... DD51: =IF($J43="","",IF($F51="Per Revenue Dollar",$O43*DD34,IF($F51="Per Unit",$J43*DD17,IF($F51="Fixed Dollar Per Month",IF($G43<DD$8,$J43,0))))) -> 3467.5672
E52: =E44 -> COGS - Pro | F52: =IF(F44="","",F44) -> Per Revenue Dollar | Q52: =SUM(Y52:AJ52) -> 0 | R52: =SUM(AK52:AV52) -> 22897.7 | S52: =SUM(AW52:BH52) -> 477880.69 | T52: =SUM(BI52:BT52) -> 61292.041 | U52: =SUM(BU52:CF52) -> 42450.402 | V52: =SUM(CG52:CR52) -> 55600.049 | W52: =SUM(CS52:DD52) -> 69824.717 | AK52: =IF($J44="","",IF($F52="Per Revenue Dollar",$J44*AK35,IF($F52="Per Unit",$J44*AK18,IF($F52="Fixed Dollar Per Month",IF($G44<AK$8,$J44,0))))) -> 764.4 | AL52: =IF($J44="","",IF($F52="Per Revenue Dollar",$J44*AL35,IF($F52="Per Unit",$J44*AL18,IF($F52="Fixed Dollar Per Month",IF($G44<AL$8,$J44,0))))) -> 916.3 | AM52: =IF($J44="","",IF($F52="Per Revenue Dollar",$J44*AM35,IF($F52="Per Unit",$J44*AM18,IF($F52="Fixed Dollar Per Month",IF($G44<AM$8,$J44,0))))) -> 1097.6 | AN52: =IF($J44="","",IF($F52="Per Revenue Dollar",$J44*AN35,IF($F52="Per Unit",$J44*AN18,IF($F52="Fixed Dollar Per Month",IF($G44<AN$8,$J44,0))))) -> 1318.1 | AO52: =IF($J44="","",IF($F52="Per Revenue Dollar",$J44*AO35,IF($F52="Per Unit",$J44*AO18,IF($F52="Fixed Dollar Per Month",IF($G44<AO$8,$J44,0))))) -> 1582.7 | AP52: =IF($J44="","",IF($F52="Per Revenue Dollar",$J44*AP35,IF($F52="Per Unit",$J44*AP18,IF($F52="Fixed Dollar Per Month",IF($G44<AP$8,$J44,0))))) -> 1901.2 | AQ52: =IF($J44="","",IF($F52="Per Revenue Dollar",$J44*AQ35,IF($F52="Per Unit",$J44*AQ18,IF($F52="Fixed Dollar Per Month",IF($G44<AQ$8,$J44,0))))) -> 2092.3 | AR52: =IF($J44="","",IF($F52="Per Revenue Dollar",$J44*AR35,IF($F52="Per Unit",$J44*AR18,IF($F52="Fixed Dollar Per Month",IF($G44<AR$8,$J44,0))))) -> 2303 | ... AV52: =IF($J44="","",IF($F52="Per Revenue Dollar",$J44*AV35,IF($F52="Per Unit",$J44*AV18,IF($F52="Fixed Dollar Per Month",IF($G44<AV$8,$J44,0))))) -> 2935.1 | AW52: =IF($J44="","",IF($F52="Per Revenue Dollar",$K44*AW35,IF($F52="Per Unit",$J44*AW18,IF($F52="Fixed Dollar Per Month",IF($G44<AW$8,$J44,0))))) -> 23113.913 | AX52: =IF($J44="","",IF($F52="Per Revenue Dollar",$K44*AX35,IF($F52="Per Unit",$J44*AX18,IF($F52="Fixed Dollar Per Month",IF($G44<AX$8,$J44,0))))) -> 25425.304 | AY52: =IF($J44="","",IF($F52="Per Revenue Dollar",$K44*AY35,IF($F52="Per Unit",$J44*AY18,IF($F52="Fixed Dollar Per Month",IF($G44<AY$8,$J44,0))))) -> 27967.834 | AZ52: =IF($J44="","",IF($F52="Per Revenue Dollar",$K44*AZ35,IF($F52="Per Unit",$J44*AZ18,IF($F52="Fixed Dollar Per Month",IF($G44<AZ$8,$J44,0))))) -> 30764.618 | BA52: =IF($J44="","",IF($F52="Per Revenue Dollar",$K44*BA35,IF($F52="Per Unit",$J44*BA18,IF($F52="Fixed Dollar Per Month",IF($G44<BA$8,$J44,0))))) -> 33841.079 | BB52: =IF($J44="","",IF($F52="Per Revenue Dollar",$K44*BB35,IF($F52="Per Unit",$J44*BB18,IF($F52="Fixed Dollar Per Month",IF($G44<BB$8,$J44,0))))) -> 37225.187 | BC52: =IF($J44="","",IF($F52="Per Revenue Dollar",$K44*BC35,IF($F52="Per Unit",$J44*BC18,IF($F52="Fixed Dollar Per Month",IF($G44<BC$8,$J44,0))))) -> 40947.706 | BD52: =IF($J44="","",IF($F52="Per Revenue Dollar",$K44*BD35,IF($F52="Per Unit",$J44*BD18,IF($F52="Fixed Dollar Per Month",IF($G44<BD$8,$J44,0))))) -> 45042.477 | ... BH52: =IF($J44="","",IF($F52="Per Revenue Dollar",$K44*BH35,IF($F52="Per Unit",$J44*BH18,IF($F52="Fixed Dollar Per Month",IF($G44<BH$8,$J44,0))))) -> 57356.527 | BI52: =IF($J44="","",IF($F52="Per Revenue Dollar",$L44*BI35,IF($F52="Per Unit",$J44*BI18,IF($F52="Fixed Dollar Per Month",IF($G44<BI$8,$J44,0))))) -> 4095.256 | BJ52: =IF($J44="","",IF($F52="Per Revenue Dollar",$L44*BJ35,IF($F52="Per Unit",$J44*BJ18,IF($F52="Fixed Dollar Per Month",IF($G44<BJ$8,$J44,0))))) -> 4259.0662 | BK52: =IF($J44="","",IF($F52="Per Revenue Dollar",$L44*BK35,IF($F52="Per Unit",$J44*BK18,IF($F52="Fixed Dollar Per Month",IF($G44<BK$8,$J44,0))))) -> 4429.4289 | BL52: =IF($J44="","",IF($F52="Per Revenue Dollar",$L44*BL35,IF($F52="Per Unit",$J44*BL18,IF($F52="Fixed Dollar Per Month",IF($G44<BL$8,$J44,0))))) -> 4606.606 | BM52: =IF($J44="","",IF($F52="Per Revenue Dollar",$L44*BM35,IF($F52="Per Unit",$J44*BM18,IF($F52="Fixed Dollar Per Month",IF($G44<BM$8,$J44,0))))) -> 4790.8703 | BN52: =IF($J44="","",IF($F52="Per Revenue Dollar",$L44*BN35,IF($F52="Per Unit",$J44*BN18,IF($F52="Fixed Dollar Per Month",IF($G44<BN$8,$J44,0))))) -> 4982.5051 | BO52: =IF($J44="","",IF($F52="Per Revenue Dollar",$L44*BO35,IF($F52="Per Unit",$J44*BO18,IF($F52="Fixed Dollar Per Month",IF($G44<BO$8,$J44,0))))) -> 5181.8053 | BP52: =IF($J44="","",IF($F52="Per Revenue Dollar",$L44*BP35,IF($F52="Per Unit",$J44*BP18,IF($F52="Fixed Dollar Per Month",IF($G44<BP$8,$J44,0))))) -> 5389.0775 | ... BT52: =IF($J44="","",IF($F52="Per Revenue Dollar",$L44*BT35,IF($F52="Per Unit",$J44*BT18,IF($F52="Fixed Dollar Per Month",IF($G44<BT$8,$J44,0))))) -> 6061.9793 | BU52: =IF($J44="","",IF($F52="Per Revenue Dollar",$M44*BU35,IF($F52="Per Unit",$J44*BU18,IF($F52="Fixed Dollar Per Month",IF($G44<BU$8,$J44,0))))) -> 2998.2419 | BV52: =IF($J44="","",IF($F52="Per Revenue Dollar",$M44*BV35,IF($F52="Per Unit",$J44*BV18,IF($F52="Fixed Dollar Per Month",IF($G44<BV$8,$J44,0))))) -> 3088.1891 | BW52: =IF($J44="","",IF($F52="Per Revenue Dollar",$M44*BW35,IF($F52="Per Unit",$J44*BW18,IF($F52="Fixed Dollar Per Month",IF($G44<BW$8,$J44,0))))) -> 3180.8348 | BX52: =IF($J44="","",IF($F52="Per Revenue Dollar",$M44*BX35,IF($F52="Per Unit",$J44*BX18,IF($F52="Fixed Dollar Per Month",IF($G44<BX$8,$J44,0))))) -> 3276.2598 | BY52: =IF($J44="","",IF($F52="Per Revenue Dollar",$M44*BY35,IF($F52="Per Unit",$J44*BY18,IF($F52="Fixed Dollar Per Month",IF($G44<BY$8,$J44,0))))) -> 3374.5476 | BZ52: =IF($J44="","",IF($F52="Per Revenue Dollar",$M44*BZ35,IF($F52="Per Unit",$J44*BZ18,IF($F52="Fixed Dollar Per Month",IF($G44<BZ$8,$J44,0))))) -> 3475.7841 | CA52: =IF($J44="","",IF($F52="Per Revenue Dollar",$M44*CA35,IF($F52="Per Unit",$J44*CA18,IF($F52="Fixed Dollar Per Month",IF($G44<CA$8,$J44,0))))) -> 3580.0576 | CB52: =IF($J44="","",IF($F52="Per Revenue Dollar",$M44*CB35,IF($F52="Per Unit",$J44*CB18,IF($F52="Fixed Dollar Per Month",IF($G44<CB$8,$J44,0))))) -> 3687.4593 | ... CF52: =IF($J44="","",IF($F52="Per Revenue Dollar",$M44*CF35,IF($F52="Per Unit",$J44*CF18,IF($F52="Fixed Dollar Per Month",IF($G44<CF$8,$J44,0))))) -> 4049.5333 | CG52: =IF($J44="","",IF($F52="Per Revenue Dollar",$N44*CG35,IF($F52="Per Unit",$J44*CG18,IF($F52="Fixed Dollar Per Month",IF($G44<CG$8,$J44,0))))) -> 4151.1766 | CH52: =IF($J44="","",IF($F52="Per Revenue Dollar",$N44*CH35,IF($F52="Per Unit",$J44*CH18,IF($F52="Fixed Dollar Per Month",IF($G44<CH$8,$J44,0))))) -> 4234.2001 | CI52: =IF($J44="","",IF($F52="Per Revenue Dollar",$N44*CI35,IF($F52="Per Unit",$J44*CI18,IF($F52="Fixed Dollar Per Month",IF($G44<CI$8,$J44,0))))) -> 4318.8841 | CJ52: =IF($J44="","",IF($F52="Per Revenue Dollar",$N44*CJ35,IF($F52="Per Unit",$J44*CJ18,IF($F52="Fixed Dollar Per Month",IF($G44<CJ$8,$J44,0))))) -> 4405.2618 | CK52: =IF($J44="","",IF($F52="Per Revenue Dollar",$N44*CK35,IF($F52="Per Unit",$J44*CK18,IF($F52="Fixed Dollar Per Month",IF($G44<CK$8,$J44,0))))) -> 4493.367 | CL52: =IF($J44="","",IF($F52="Per Revenue Dollar",$N44*CL35,IF($F52="Per Unit",$J44*CL18,IF($F52="Fixed Dollar Per Month",IF($G44<CL$8,$J44,0))))) -> 4583.2343 | CM52: =IF($J44="","",IF($F52="Per Revenue Dollar",$N44*CM35,IF($F52="Per Unit",$J44*CM18,IF($F52="Fixed Dollar Per Month",IF($G44<CM$8,$J44,0))))) -> 4674.899 | CN52: =IF($J44="","",IF($F52="Per Revenue Dollar",$N44*CN35,IF($F52="Per Unit",$J44*CN18,IF($F52="Fixed Dollar Per Month",IF($G44<CN$8,$J44,0))))) -> 4768.397 | ... CR52: =IF($J44="","",IF($F52="Per Revenue Dollar",$N44*CR35,IF($F52="Per Unit",$J44*CR18,IF($F52="Fixed Dollar Per Month",IF($G44<CR$8,$J44,0))))) -> 5085.5624 | CS52: =IF($J44="","",IF($F52="Per Revenue Dollar",$O44*CS35,IF($F52="Per Unit",$J44*CS18,IF($F52="Fixed Dollar Per Month",IF($G44<CS$8,$J44,0))))) -> 5213.21 | CT52: =IF($J44="","",IF($F52="Per Revenue Dollar",$O44*CT35,IF($F52="Per Unit",$J44*CT18,IF($F52="Fixed Dollar Per Month",IF($G44<CT$8,$J44,0))))) -> 5317.4742 | CU52: =IF($J44="","",IF($F52="Per Revenue Dollar",$O44*CU35,IF($F52="Per Unit",$J44*CU18,IF($F52="Fixed Dollar Per Month",IF($G44<CU$8,$J44,0))))) -> 5423.8237 | CV52: =IF($J44="","",IF($F52="Per Revenue Dollar",$O44*CV35,IF($F52="Per Unit",$J44*CV18,IF($F52="Fixed Dollar Per Month",IF($G44<CV$8,$J44,0))))) -> 5532.3001 | CW52: =IF($J44="","",IF($F52="Per Revenue Dollar",$O44*CW35,IF($F52="Per Unit",$J44*CW18,IF($F52="Fixed Dollar Per Month",IF($G44<CW$8,$J44,0))))) -> 5642.9461 | CX52: =IF($J44="","",IF($F52="Per Revenue Dollar",$O44*CX35,IF($F52="Per Unit",$J44*CX18,IF($F52="Fixed Dollar Per Month",IF($G44<CX$8,$J44,0))))) -> 5755.8051 | CY52: =IF($J44="","",IF($F52="Per Revenue Dollar",$O44*CY35,IF($F52="Per Unit",$J44*CY18,IF($F52="Fixed Dollar Per Month",IF($G44<CY$8,$J44,0))))) -> 5870.9212 | CZ52: =IF($J44="","",IF($F52="Per Revenue Dollar",$O44*CZ35,IF($F52="Per Unit",$J44*CZ18,IF($F52="Fixed Dollar Per Month",IF($G44<CZ$8,$J44,0))))) -> 5988.3396 | ... DD52: =IF($J44="","",IF($F52="Per Revenue Dollar",$O44*DD35,IF($F52="Per Unit",$J44*DD18,IF($F52="Fixed Dollar Per Month",IF($G44<DD$8,$J44,0))))) -> 6386.6482
E53: =E45 -> COGS - Mult-User | F53: =IF(F45="","",F45) -> Per Revenue Dollar | Q53: =SUM(Y53:AJ53) -> 0 | R53: =SUM(AK53:AV53) -> 136762.5 | S53: =SUM(AW53:BH53) -> 415077.51 | T53: =SUM(BI53:BT53) -> 498227.19 | U53: =SUM(BU53:CF53) -> 783782.12 | V53: =SUM(CG53:CR53) -> 1677402.5 | W53: =SUM(CS53:DD53) -> 3614175 | AK53: =IF($J45="","",IF($F53="Per Revenue Dollar",$J45*AK36,IF($F53="Per Unit",$J45*AK19,IF($F53="Fixed Dollar Per Month",IF($G45<AK$8,$J45,0))))) -> 4500 | AL53: =IF($J45="","",IF($F53="Per Revenue Dollar",$J45*AL36,IF($F53="Per Unit",$J45*AL19,IF($F53="Fixed Dollar Per Month",IF($G45<AL$8,$J45,0))))) -> 5400 | AM53: =IF($J45="","",IF($F53="Per Revenue Dollar",$J45*AM36,IF($F53="Per Unit",$J45*AM19,IF($F53="Fixed Dollar Per Month",IF($G45<AM$8,$J45,0))))) -> 6487.5 | AN53: =IF($J45="","",IF($F53="Per Revenue Dollar",$J45*AN36,IF($F53="Per Unit",$J45*AN19,IF($F53="Fixed Dollar Per Month",IF($G45<AN$8,$J45,0))))) -> 7800 | AO53: =IF($J45="","",IF($F53="Per Revenue Dollar",$J45*AO36,IF($F53="Per Unit",$J45*AO19,IF($F53="Fixed Dollar Per Month",IF($G45<AO$8,$J45,0))))) -> 9375 | AP53: =IF($J45="","",IF($F53="Per Revenue Dollar",$J45*AP36,IF($F53="Per Unit",$J45*AP19,IF($F53="Fixed Dollar Per Month",IF($G45<AP$8,$J45,0))))) -> 11250 | AQ53: =IF($J45="","",IF($F53="Per Revenue Dollar",$J45*AQ36,IF($F53="Per Unit",$J45*AQ19,IF($F53="Fixed Dollar Per Month",IF($G45<AQ$8,$J45,0))))) -> 12375 | AR53: =IF($J45="","",IF($F53="Per Revenue Dollar",$J45*AR36,IF($F53="Per Unit",$J45*AR19,IF($F53="Fixed Dollar Per Month",IF($G45<AR$8,$J45,0))))) -> 13612.5 | ... AV53: =IF($J45="","",IF($F53="Per Revenue Dollar",$J45*AV36,IF($F53="Per Unit",$J45*AV19,IF($F53="Fixed Dollar Per Month",IF($G45<AV$8,$J45,0))))) -> 17850 | AW53: =IF($J45="","",IF($F53="Per Revenue Dollar",$K45*AW36,IF($F53="Per Unit",$J45*AW19,IF($F53="Fixed Dollar Per Month",IF($G45<AW$8,$J45,0))))) -> 21598.5 | AX53: =IF($J45="","",IF($F53="Per Revenue Dollar",$K45*AX36,IF($F53="Per Unit",$J45*AX19,IF($F53="Fixed Dollar Per Month",IF($G45<AX$8,$J45,0))))) -> 23758.35 | AY53: =IF($J45="","",IF($F53="Per Revenue Dollar",$K45*AY36,IF($F53="Per Unit",$J45*AY19,IF($F53="Fixed Dollar Per Month",IF($G45<AY$8,$J45,0))))) -> 26134.185 | AZ53: =IF($J45="","",IF($F53="Per Revenue Dollar",$K45*AZ36,IF($F53="Per Unit",$J45*AZ19,IF($F53="Fixed Dollar Per Month",IF($G45<AZ$8,$J45,0))))) -> 28747.604 | BA53: =IF($J45="","",IF($F53="Per Revenue Dollar",$K45*BA36,IF($F53="Per Unit",$J45*BA19,IF($F53="Fixed Dollar Per Month",IF($G45<BA$8,$J45,0))))) -> 31622.364 | BB53: =IF($J45="","",IF($F53="Per Revenue Dollar",$K45*BB36,IF($F53="Per Unit",$J45*BB19,IF($F53="Fixed Dollar Per Month",IF($G45<BB$8,$J45,0))))) -> 34784.6 | BC53: =IF($J45="","",IF($F53="Per Revenue Dollar",$K45*BC36,IF($F53="Per Unit",$J45*BC19,IF($F53="Fixed Dollar Per Month",IF($G45<BC$8,$J45,0))))) -> 36523.83 | BD53: =IF($J45="","",IF($F53="Per Revenue Dollar",$K45*BD36,IF($F53="Per Unit",$J45*BD19,IF($F53="Fixed Dollar Per Month",IF($G45<BD$8,$J45,0))))) -> 38350.022 | ... BH53: =IF($J45="","",IF($F53="Per Revenue Dollar",$K45*BH36,IF($F53="Per Unit",$J45*BH19,IF($F53="Fixed Dollar Per Month",IF($G45<BH$8,$J45,0))))) -> 46614.691 | BI53: =IF($J45="","",IF($F53="Per Revenue Dollar",$L45*BI36,IF($F53="Per Unit",$J45*BI19,IF($F53="Fixed Dollar Per Month",IF($G45<BI$8,$J45,0))))) -> 33223.562 | BJ53: =IF($J45="","",IF($F53="Per Revenue Dollar",$L45*BJ36,IF($F53="Per Unit",$J45*BJ19,IF($F53="Fixed Dollar Per Month",IF($G45<BJ$8,$J45,0))))) -> 34552.504 | BK53: =IF($J45="","",IF($F53="Per Revenue Dollar",$L45*BK36,IF($F53="Per Unit",$J45*BK19,IF($F53="Fixed Dollar Per Month",IF($G45<BK$8,$J45,0))))) -> 35934.604 | BL53: =IF($J45="","",IF($F53="Per Revenue Dollar",$L45*BL36,IF($F53="Per Unit",$J45*BL19,IF($F53="Fixed Dollar Per Month",IF($G45<BL$8,$J45,0))))) -> 37371.988 | BM53: =IF($J45="","",IF($F53="Per Revenue Dollar",$L45*BM36,IF($F53="Per Unit",$J45*BM19,IF($F53="Fixed Dollar Per Month",IF($G45<BM$8,$J45,0))))) -> 38866.868 | BN53: =IF($J45="","",IF($F53="Per Revenue Dollar",$L45*BN36,IF($F53="Per Unit",$J45*BN19,IF($F53="Fixed Dollar Per Month",IF($G45<BN$8,$J45,0))))) -> 40421.543 | BO53: =IF($J45="","",IF($F53="Per Revenue Dollar",$L45*BO36,IF($F53="Per Unit",$J45*BO19,IF($F53="Fixed Dollar Per Month",IF($G45<BO$8,$J45,0))))) -> 42038.404 | BP53: =IF($J45="","",IF($F53="Per Revenue Dollar",$L45*BP36,IF($F53="Per Unit",$J45*BP19,IF($F53="Fixed Dollar Per Month",IF($G45<BP$8,$J45,0))))) -> 43719.941 | ... BT53: =IF($J45="","",IF($F53="Per Revenue Dollar",$L45*BT36,IF($F53="Per Unit",$J45*BT19,IF($F53="Fixed Dollar Per Month",IF($G45<BT$8,$J45,0))))) -> 50162.567 | BU53: =IF($J45="","",IF($F53="Per Revenue Dollar",$M45*BU36,IF($F53="Per Unit",$J45*BU19,IF($F53="Fixed Dollar Per Month",IF($G45<BU$8,$J45,0))))) -> 55357.976 | BV53: =IF($J45="","",IF($F53="Per Revenue Dollar",$M45*BV36,IF($F53="Per Unit",$J45*BV19,IF($F53="Fixed Dollar Per Month",IF($G45<BV$8,$J45,0))))) -> 57018.715 | BW53: =IF($J45="","",IF($F53="Per Revenue Dollar",$M45*BW36,IF($F53="Per Unit",$J45*BW19,IF($F53="Fixed Dollar Per Month",IF($G45<BW$8,$J45,0))))) -> 58729.277 | BX53: =IF($J45="","",IF($F53="Per Revenue Dollar",$M45*BX36,IF($F53="Per Unit",$J45*BX19,IF($F53="Fixed Dollar Per Month",IF($G45<BX$8,$J45,0))))) -> 60491.155 | BY53: =IF($J45="","",IF($F53="Per Revenue Dollar",$M45*BY36,IF($F53="Per Unit",$J45*BY19,IF($F53="Fixed Dollar Per Month",IF($G45<BY$8,$J45,0))))) -> 62305.889 | BZ53: =IF($J45="","",IF($F53="Per Revenue Dollar",$M45*BZ36,IF($F53="Per Unit",$J45*BZ19,IF($F53="Fixed Dollar Per Month",IF($G45<BZ$8,$J45,0))))) -> 64175.066 | CA53: =IF($J45="","",IF($F53="Per Revenue Dollar",$M45*CA36,IF($F53="Per Unit",$J45*CA19,IF($F53="Fixed Dollar Per Month",IF($G45<CA$8,$J45,0))))) -> 66100.318 | CB53: =IF($J45="","",IF($F53="Per Revenue Dollar",$M45*CB36,IF($F53="Per Unit",$J45*CB19,IF($F53="Fixed Dollar Per Month",IF($G45<CB$8,$J45,0))))) -> 68083.328 | ... CF53: =IF($J45="","",IF($F53="Per Revenue Dollar",$M45*CF36,IF($F53="Per Unit",$J45*CF19,IF($F53="Fixed Dollar Per Month",IF($G45<CF$8,$J45,0))))) -> 74768.473 | CG53: =IF($J45="","",IF($F53="Per Revenue Dollar",$N45*CG36,IF($F53="Per Unit",$J45*CG19,IF($F53="Fixed Dollar Per Month",IF($G45<CG$8,$J45,0))))) -> 125237.19 | CH53: =IF($J45="","",IF($F53="Per Revenue Dollar",$N45*CH36,IF($F53="Per Unit",$J45*CH19,IF($F53="Fixed Dollar Per Month",IF($G45<CH$8,$J45,0))))) -> 127741.94 | CI53: =IF($J45="","",IF($F53="Per Revenue Dollar",$N45*CI36,IF($F53="Per Unit",$J45*CI19,IF($F53="Fixed Dollar Per Month",IF($G45<CI$8,$J45,0))))) -> 130296.77 | CJ53: =IF($J45="","",IF($F53="Per Revenue Dollar",$N45*CJ36,IF($F53="Per Unit",$J45*CJ19,IF($F53="Fixed Dollar Per Month",IF($G45<CJ$8,$J45,0))))) -> 132902.71 | CK53: =IF($J45="","",IF($F53="Per Revenue Dollar",$N45*CK36,IF($F53="Per Unit",$J45*CK19,IF($F53="Fixed Dollar Per Month",IF($G45<CK$8,$J45,0))))) -> 135560.76 | CL53: =IF($J45="","",IF($F53="Per Revenue Dollar",$N45*CL36,IF($F53="Per Unit",$J45*CL19,IF($F53="Fixed Dollar Per Month",IF($G45<CL$8,$J45,0))))) -> 138271.98 | CM53: =IF($J45="","",IF($F53="Per Revenue Dollar",$N45*CM36,IF($F53="Per Unit",$J45*CM19,IF($F53="Fixed Dollar Per Month",IF($G45<CM$8,$J45,0))))) -> 141037.42 | CN53: =IF($J45="","",IF($F53="Per Revenue Dollar",$N45*CN36,IF($F53="Per Unit",$J45*CN19,IF($F53="Fixed Dollar Per Month",IF($G45<CN$8,$J45,0))))) -> 143858.17 | ... CR53: =IF($J45="","",IF($F53="Per Revenue Dollar",$N45*CR36,IF($F53="Per Unit",$J45*CR19,IF($F53="Fixed Dollar Per Month",IF($G45<CR$8,$J45,0))))) -> 153426.76 | CS53: =IF($J45="","",IF($F53="Per Revenue Dollar",$O45*CS36,IF($F53="Per Unit",$J45*CS19,IF($F53="Fixed Dollar Per Month",IF($G45<CS$8,$J45,0))))) -> 269839.31 | CT53: =IF($J45="","",IF($F53="Per Revenue Dollar",$O45*CT36,IF($F53="Per Unit",$J45*CT19,IF($F53="Fixed Dollar Per Month",IF($G45<CT$8,$J45,0))))) -> 275236.09 | CU53: =IF($J45="","",IF($F53="Per Revenue Dollar",$O45*CU36,IF($F53="Per Unit",$J45*CU19,IF($F53="Fixed Dollar Per Month",IF($G45<CU$8,$J45,0))))) -> 280740.81 | CV53: =IF($J45="","",IF($F53="Per Revenue Dollar",$O45*CV36,IF($F53="Per Unit",$J45*CV19,IF($F53="Fixed Dollar Per Month",IF($G45<CV$8,$J45,0))))) -> 286355.63 | CW53: =IF($J45="","",IF($F53="Per Revenue Dollar",$O45*CW36,IF($F53="Per Unit",$J45*CW19,IF($F53="Fixed Dollar Per Month",IF($G45<CW$8,$J45,0))))) -> 292082.74 | CX53: =IF($J45="","",IF($F53="Per Revenue Dollar",$O45*CX36,IF($F53="Per Unit",$J45*CX19,IF($F53="Fixed Dollar Per Month",IF($G45<CX$8,$J45,0))))) -> 297924.4 | CY53: =IF($J45="","",IF($F53="Per Revenue Dollar",$O45*CY36,IF($F53="Per Unit",$J45*CY19,IF($F53="Fixed Dollar Per Month",IF($G45<CY$8,$J45,0))))) -> 303882.89 | CZ53: =IF($J45="","",IF($F53="Per Revenue Dollar",$O45*CZ36,IF($F53="Per Unit",$J45*CZ19,IF($F53="Fixed Dollar Per Month",IF($G45<CZ$8,$J45,0))))) -> 309960.54 | ... DD53: =IF($J45="","",IF($F53="Per Revenue Dollar",$O45*DD36,IF($F53="Per Unit",$J45*DD19,IF($F53="Fixed Dollar Per Month",IF($G45<DD$8,$J45,0))))) -> 330577.27
E54: =E46 -> COGS - Invoice Financing | F54: =IF(F46="","",F46) -> Per Revenue Dollar | Q54: =SUM(Y54:AJ54) -> 0 | R54: =SUM(AK54:AV54) -> 0 | S54: =SUM(AW54:BH54) -> 65000 | T54: =SUM(BI54:BT54) -> 566950 | U54: =SUM(BU54:CF54) -> 1431487.2 | V54: =SUM(CG54:CR54) -> 2101805.9 | W54: =SUM(CS54:DD54) -> 3126635.2 | AK54: =IF($J46="","",IF($F54="Per Revenue Dollar",$J46*AK37,IF($F54="Per Unit",$J46*AK20,IF($F54="Fixed Dollar Per Month",IF($G46<AK$8,$J46,0))))) -> 0 | AL54: =IF($J46="","",IF($F54="Per Revenue Dollar",$J46*AL37,IF($F54="Per Unit",$J46*AL20,IF($F54="Fixed Dollar Per Month",IF($G46<AL$8,$J46,0))))) -> 0 | AM54: =IF($J46="","",IF($F54="Per Revenue Dollar",$J46*AM37,IF($F54="Per Unit",$J46*AM20,IF($F54="Fixed Dollar Per Month",IF($G46<AM$8,$J46,0))))) -> 0 | AN54: =IF($J46="","",IF($F54="Per Revenue Dollar",$J46*AN37,IF($F54="Per Unit",$J46*AN20,IF($F54="Fixed Dollar Per Month",IF($G46<AN$8,$J46,0))))) -> 0 | AO54: =IF($J46="","",IF($F54="Per Revenue Dollar",$J46*AO37,IF($F54="Per Unit",$J46*AO20,IF($F54="Fixed Dollar Per Month",IF($G46<AO$8,$J46,0))))) -> 0 | AP54: =IF($J46="","",IF($F54="Per Revenue Dollar",$J46*AP37,IF($F54="Per Unit",$J46*AP20,IF($F54="Fixed Dollar Per Month",IF($G46<AP$8,$J46,0))))) -> 0 | AQ54: =IF($J46="","",IF($F54="Per Revenue Dollar",$J46*AQ37,IF($F54="Per Unit",$J46*AQ20,IF($F54="Fixed Dollar Per Month",IF($G46<AQ$8,$J46,0))))) -> 0 | AR54: =IF($J46="","",IF($F54="Per Revenue Dollar",$J46*AR37,IF($F54="Per Unit",$J46*AR20,IF($F54="Fixed Dollar Per Month",IF($G46<AR$8,$J46,0))))) -> 0 | ... AV54: =IF($J46="","",IF($F54="Per Revenue Dollar",$J46*AV37,IF($F54="Per Unit",$J46*AV20,IF($F54="Fixed Dollar Per Month",IF($G46<AV$8,$J46,0))))) -> 0 | AW54: =IF($J46="","",IF($F54="Per Revenue Dollar",$K46*AW37,IF($F54="Per Unit",$J46*AW20,IF($F54="Fixed Dollar Per Month",IF($G46<AW$8,$J46,0))))) -> 0 | AX54: =IF($J46="","",IF($F54="Per Revenue Dollar",$K46*AX37,IF($F54="Per Unit",$J46*AX20,IF($F54="Fixed Dollar Per Month",IF($G46<AX$8,$J46,0))))) -> 0 | AY54: =IF($J46="","",IF($F54="Per Revenue Dollar",$K46*AY37,IF($F54="Per Unit",$J46*AY20,IF($F54="Fixed Dollar Per Month",IF($G46<AY$8,$J46,0))))) -> 0 | AZ54: =IF($J46="","",IF($F54="Per Revenue Dollar",$K46*AZ37,IF($F54="Per Unit",$J46*AZ20,IF($F54="Fixed Dollar Per Month",IF($G46<AZ$8,$J46,0))))) -> 0 | BA54: =IF($J46="","",IF($F54="Per Revenue Dollar",$K46*BA37,IF($F54="Per Unit",$J46*BA20,IF($F54="Fixed Dollar Per Month",IF($G46<BA$8,$J46,0))))) -> 0 | BB54: =IF($J46="","",IF($F54="Per Revenue Dollar",$K46*BB37,IF($F54="Per Unit",$J46*BB20,IF($F54="Fixed Dollar Per Month",IF($G46<BB$8,$J46,0))))) -> 0 | BC54: =IF($J46="","",IF($F54="Per Revenue Dollar",$K46*BC37,IF($F54="Per Unit",$J46*BC20,IF($F54="Fixed Dollar Per Month",IF($G46<BC$8,$J46,0))))) -> 1250 | BD54: =IF($J46="","",IF($F54="Per Revenue Dollar",$K46*BD37,IF($F54="Per Unit",$J46*BD20,IF($F54="Fixed Dollar Per Month",IF($G46<BD$8,$J46,0))))) -> 3750 | ... BH54: =IF($J46="","",IF($F54="Per Revenue Dollar",$K46*BH37,IF($F54="Per Unit",$J46*BH20,IF($F54="Fixed Dollar Per Month",IF($G46<BH$8,$J46,0))))) -> 21250 | BI54: =IF($J46="","",IF($F54="Per Revenue Dollar",$L46*BI37,IF($F54="Per Unit",$J46*BI20,IF($F54="Fixed Dollar Per Month",IF($G46<BI$8,$J46,0))))) -> 19550 | BJ54: =IF($J46="","",IF($F54="Per Revenue Dollar",$L46*BJ37,IF($F54="Per Unit",$J46*BJ20,IF($F54="Fixed Dollar Per Month",IF($G46<BJ$8,$J46,0))))) -> 22480 | BK54: =IF($J46="","",IF($F54="Per Revenue Dollar",$L46*BK37,IF($F54="Per Unit",$J46*BK20,IF($F54="Fixed Dollar Per Month",IF($G46<BK$8,$J46,0))))) -> 25850 | BL54: =IF($J46="","",IF($F54="Per Revenue Dollar",$L46*BL37,IF($F54="Per Unit",$J46*BL20,IF($F54="Fixed Dollar Per Month",IF($G46<BL$8,$J46,0))))) -> 29730 | BM54: =IF($J46="","",IF($F54="Per Revenue Dollar",$L46*BM37,IF($F54="Per Unit",$J46*BM20,IF($F54="Fixed Dollar Per Month",IF($G46<BM$8,$J46,0))))) -> 34190 | BN54: =IF($J46="","",IF($F54="Per Revenue Dollar",$L46*BN37,IF($F54="Per Unit",$J46*BN20,IF($F54="Fixed Dollar Per Month",IF($G46<BN$8,$J46,0))))) -> 39320 | BO54: =IF($J46="","",IF($F54="Per Revenue Dollar",$L46*BO37,IF($F54="Per Unit",$J46*BO20,IF($F54="Fixed Dollar Per Month",IF($G46<BO$8,$J46,0))))) -> 45220 | BP54: =IF($J46="","",IF($F54="Per Revenue Dollar",$L46*BP37,IF($F54="Per Unit",$J46*BP20,IF($F54="Fixed Dollar Per Month",IF($G46<BP$8,$J46,0))))) -> 52000 | ... BT54: =IF($J46="","",IF($F54="Per Revenue Dollar",$L46*BT37,IF($F54="Per Unit",$J46*BT20,IF($F54="Fixed Dollar Per Month",IF($G46<BT$8,$J46,0))))) -> 90950 | BU54: =IF($J46="","",IF($F54="Per Revenue Dollar",$M46*BU37,IF($F54="Per Unit",$J46*BU20,IF($F54="Fixed Dollar Per Month",IF($G46<BU$8,$J46,0))))) -> 90040.5 | BV54: =IF($J46="","",IF($F54="Per Revenue Dollar",$M46*BV37,IF($F54="Per Unit",$J46*BV20,IF($F54="Fixed Dollar Per Month",IF($G46<BV$8,$J46,0))))) -> 99044.55 | BW54: =IF($J46="","",IF($F54="Per Revenue Dollar",$M46*BW37,IF($F54="Per Unit",$J46*BW20,IF($F54="Fixed Dollar Per Month",IF($G46<BW$8,$J46,0))))) -> 108949.01 | BX54: =IF($J46="","",IF($F54="Per Revenue Dollar",$M46*BX37,IF($F54="Per Unit",$J46*BX20,IF($F54="Fixed Dollar Per Month",IF($G46<BX$8,$J46,0))))) -> 114396.46 | BY54: =IF($J46="","",IF($F54="Per Revenue Dollar",$M46*BY37,IF($F54="Per Unit",$J46*BY20,IF($F54="Fixed Dollar Per Month",IF($G46<BY$8,$J46,0))))) -> 120116.28 | BZ54: =IF($J46="","",IF($F54="Per Revenue Dollar",$M46*BZ37,IF($F54="Per Unit",$J46*BZ20,IF($F54="Fixed Dollar Per Month",IF($G46<BZ$8,$J46,0))))) -> 122518.6 | CA54: =IF($J46="","",IF($F54="Per Revenue Dollar",$M46*CA37,IF($F54="Per Unit",$J46*CA20,IF($F54="Fixed Dollar Per Month",IF($G46<CA$8,$J46,0))))) -> 124968.98 | CB54: =IF($J46="","",IF($F54="Per Revenue Dollar",$M46*CB37,IF($F54="Per Unit",$J46*CB20,IF($F54="Fixed Dollar Per Month",IF($G46<CB$8,$J46,0))))) -> 127468.36 | ... CF54: =IF($J46="","",IF($F54="Per Revenue Dollar",$M46*CF37,IF($F54="Per Unit",$J46*CF20,IF($F54="Fixed Dollar Per Month",IF($G46<CF$8,$J46,0))))) -> 131977.76 | CG54: =IF($J46="","",IF($F54="Per Revenue Dollar",$N46*CG37,IF($F54="Per Unit",$J46*CG20,IF($F54="Fixed Dollar Per Month",IF($G46<CG$8,$J46,0))))) -> 165797.06 | CH54: =IF($J46="","",IF($F54="Per Revenue Dollar",$N46*CH37,IF($F54="Per Unit",$J46*CH20,IF($F54="Fixed Dollar Per Month",IF($G46<CH$8,$J46,0))))) -> 167455.03 | CI54: =IF($J46="","",IF($F54="Per Revenue Dollar",$N46*CI37,IF($F54="Per Unit",$J46*CI20,IF($F54="Fixed Dollar Per Month",IF($G46<CI$8,$J46,0))))) -> 169129.58 | CJ54: =IF($J46="","",IF($F54="Per Revenue Dollar",$N46*CJ37,IF($F54="Per Unit",$J46*CJ20,IF($F54="Fixed Dollar Per Month",IF($G46<CJ$8,$J46,0))))) -> 170820.87 | CK54: =IF($J46="","",IF($F54="Per Revenue Dollar",$N46*CK37,IF($F54="Per Unit",$J46*CK20,IF($F54="Fixed Dollar Per Month",IF($G46<CK$8,$J46,0))))) -> 172529.08 | CL54: =IF($J46="","",IF($F54="Per Revenue Dollar",$N46*CL37,IF($F54="Per Unit",$J46*CL20,IF($F54="Fixed Dollar Per Month",IF($G46<CL$8,$J46,0))))) -> 174254.37 | CM54: =IF($J46="","",IF($F54="Per Revenue Dollar",$N46*CM37,IF($F54="Per Unit",$J46*CM20,IF($F54="Fixed Dollar Per Month",IF($G46<CM$8,$J46,0))))) -> 175996.92 | CN54: =IF($J46="","",IF($F54="Per Revenue Dollar",$N46*CN37,IF($F54="Per Unit",$J46*CN20,IF($F54="Fixed Dollar Per Month",IF($G46<CN$8,$J46,0))))) -> 177756.88 | ... CR54: =IF($J46="","",IF($F54="Per Revenue Dollar",$N46*CR37,IF($F54="Per Unit",$J46*CR20,IF($F54="Fixed Dollar Per Month",IF($G46<CR$8,$J46,0))))) -> 184058.81 | CS54: =IF($J46="","",IF($F54="Per Revenue Dollar",$O46*CS37,IF($F54="Per Unit",$J46*CS20,IF($F54="Fixed Dollar Per Month",IF($G46<CS$8,$J46,0))))) -> 246638.81 | CT54: =IF($J46="","",IF($F54="Per Revenue Dollar",$O46*CT37,IF($F54="Per Unit",$J46*CT20,IF($F54="Fixed Dollar Per Month",IF($G46<CT$8,$J46,0))))) -> 249105.2 | CU54: =IF($J46="","",IF($F54="Per Revenue Dollar",$O46*CU37,IF($F54="Per Unit",$J46*CU20,IF($F54="Fixed Dollar Per Month",IF($G46<CU$8,$J46,0))))) -> 251596.25 | CV54: =IF($J46="","",IF($F54="Per Revenue Dollar",$O46*CV37,IF($F54="Per Unit",$J46*CV20,IF($F54="Fixed Dollar Per Month",IF($G46<CV$8,$J46,0))))) -> 254112.21 | CW54: =IF($J46="","",IF($F54="Per Revenue Dollar",$O46*CW37,IF($F54="Per Unit",$J46*CW20,IF($F54="Fixed Dollar Per Month",IF($G46<CW$8,$J46,0))))) -> 256653.33 | CX54: =IF($J46="","",IF($F54="Per Revenue Dollar",$O46*CX37,IF($F54="Per Unit",$J46*CX20,IF($F54="Fixed Dollar Per Month",IF($G46<CX$8,$J46,0))))) -> 259219.87 | CY54: =IF($J46="","",IF($F54="Per Revenue Dollar",$O46*CY37,IF($F54="Per Unit",$J46*CY20,IF($F54="Fixed Dollar Per Month",IF($G46<CY$8,$J46,0))))) -> 261812.06 | CZ54: =IF($J46="","",IF($F54="Per Revenue Dollar",$O46*CZ37,IF($F54="Per Unit",$J46*CZ20,IF($F54="Fixed Dollar Per Month",IF($G46<CZ$8,$J46,0))))) -> 264430.18 | ... DD54: =IF($J46="","",IF($F54="Per Revenue Dollar",$O46*DD37,IF($F54="Per Unit",$J46*DD20,IF($F54="Fixed Dollar Per Month",IF($G46<DD$8,$J46,0))))) -> 273804.9
E55: =E47 -> COGS - Referral Fees | F55: =IF(F47="","",F47) | Q55: =SUM(Y55:AJ55) -> 0 | R55: =SUM(AK55:AV55) -> 0 | S55: =SUM(AW55:BH55) -> 0 | T55: =SUM(BI55:BT55) -> 0 | U55: =SUM(BU55:CF55) -> 0 | V55: =SUM(CG55:CR55) -> 0 | W55: =SUM(CS55:DD55) -> 0 | AK55: =AK47 | AL55: =AL47 | AM55: =AM47 | AN55: =AN47 | AO55: =AO47 | AP55: =AP47 | AQ55: =AQ47 | AR55: =AR47 | ... DD55: =DD47 -> FALSE
E57: Total Cost of Good Sold | Q57: =SUM(Y57:AJ57) -> 27783 | R57: =SUM(AK57:AV57) -> 174195 | S57: =SUM(AW57:BH57) -> 1153525.2 | T57: =SUM(BI57:BT57) -> 1148969.8 | U57: =SUM(BU57:CF57) -> 2280653.1 | V57: =SUM(CG57:CR57) -> 3865109.8 | W57: =SUM(CS57:DD57) -> 6848545.6 | Y57: 525 | Z57: 1002 | AA57: 1258 | AB57: 1520 | AC57: 1955 | AD57: 2067 | AE57: 2599 | AF57: 2856 | AG57: 3001 | AH57: 3500 | AI57: 3700 | AJ57: 3800 | AK57: =SUM(AK51:AK56) -> 6177.9 | AL57: =SUM(AL51:AL56) -> 7276.2 | AM57: =SUM(AM51:AM56) -> 8594.3 | AN57: =SUM(AN51:AN56) -> 10176.6 | AO57: =SUM(AO51:AO56) -> 12068.4 | AP57: =SUM(AP51:AP56) -> 14317 | AQ57: =SUM(AQ51:AQ56) -> 15691.1 | AR57: =SUM(AR51:AR56) -> 17200.2 | ... DD57: =SUM(DD51:DD56) -> 614236.38
E59: Gross Profit
E60: =IF(E17="","","Gross Profit - "&E17) -> Gross Profit - Basic | Q60: =SUM(Y60:AJ60) -> 0 | R60: =SUM(AK60:AV60) -> 130813.2 | S60: =SUM(AW60:BH60) -> 65188.99 | T60: =SUM(BI60:BT60) -> 427509.9 | U60: =SUM(BU60:CF60) -> 1123737 | V60: =SUM(CG60:CR60) -> 1484763.6 | W60: =SUM(CS60:DD60) -> 1857621.2 | AK60: =IFERROR(AK34-AK51,0) -> 8221.5 | AL60: =IFERROR(AL34-AL51,0) -> 8639.1 | AM60: =IFERROR(AM34-AM51,0) -> 9082.8 | AN60: =IFERROR(AN34-AN51,0) -> 9526.5 | AO60: =IFERROR(AO34-AO51,0) -> 9996.3 | AP60: =IFERROR(AP34-AP51,0) -> 10492.2 | AQ60: =IFERROR(AQ34-AQ51,0) -> 11014.2 | AR60: =IFERROR(AR34-AR51,0) -> 11562.3 | ... DD60: =IFERROR(DD34-DD51,0) -> 169910.79
E61: =IF(E18="","","Gross Profit - "&E18) -> Gross Profit - Pro | Q61: =SUM(Y61:AJ61) -> 0 | R61: =SUM(AK61:AV61) -> 206079.3 | S61: =SUM(AW61:BH61) -> 159293.56 | T61: =SUM(BI61:BT61) -> 1164548.8 | U61: =SUM(BU61:CF61) -> 2080069.7 | V61: =SUM(CG61:CR61) -> 2724402.4 | W61: =SUM(CS61:DD61) -> 3421411.1 | AK61: =IFERROR(AK35-AK52,0) -> 6879.6 | AL61: =IFERROR(AL35-AL52,0) -> 8246.7 | AM61: =IFERROR(AM35-AM52,0) -> 9878.4 | AN61: =IFERROR(AN35-AN52,0) -> 11862.9 | AO61: =IFERROR(AO35-AO52,0) -> 14244.3 | AP61: =IFERROR(AP35-AP52,0) -> 17110.8 | AQ61: =IFERROR(AQ35-AQ52,0) -> 18830.7 | AR61: =IFERROR(AR35-AR52,0) -> 20727 | ... DD61: =IFERROR(DD35-DD52,0) -> 312945.76
E62: =IF(E19="","","Gross Profit - "&E19) -> Gross Profit - Mult-User | Q62: =SUM(Y62:AJ62) -> 0 | R62: =SUM(AK62:AV62) -> 774987.5 | S62: =SUM(AW62:BH62) -> 2352105.9 | T62: =SUM(BI62:BT62) -> 5729612.7 | U62: =SUM(BU62:CF62) -> 14891860 | V62: =SUM(CG62:CR62) -> 31870648 | W62: =SUM(CS62:DD62) -> 68669325 | AK62: =IFERROR(AK36-AK53,0) -> 25500 | AL62: =IFERROR(AL36-AL53,0) -> 30600 | AM62: =IFERROR(AM36-AM53,0) -> 36762.5 | AN62: =IFERROR(AN36-AN53,0) -> 44200 | AO62: =IFERROR(AO36-AO53,0) -> 53125 | AP62: =IFERROR(AP36-AP53,0) -> 63750 | AQ62: =IFERROR(AQ36-AQ53,0) -> 70125 | AR62: =IFERROR(AR36-AR53,0) -> 77137.5 | ... DD62: =IFERROR(DD36-DD53,0) -> 6280968.2
E63: =IF(E20="","","Gross Profit - "&E20) -> Gross Profit - Invoice Financing | Q63: =SUM(Y63:AJ63) -> 0 | R63: =SUM(AK63:AV63) -> 0 | S63: =SUM(AW63:BH63) -> 195000 | T63: =SUM(BI63:BT63) -> 2267800 | U63: =SUM(BU63:CF63) -> 8111760.6 | V63: =SUM(CG63:CR63) -> 11910234 | W63: =SUM(CS63:DD63) -> 17717599 | AK63: =IFERROR(AK37-AK54,0) -> 0 | AL63: =IFERROR(AL37-AL54,0) -> 0 | AM63: =IFERROR(AM37-AM54,0) -> 0 | AN63: =IFERROR(AN37-AN54,0) -> 0 | AO63: =IFERROR(AO37-AO54,0) -> 0 | AP63: =IFERROR(AP37-AP54,0) -> 0 | AQ63: =IFERROR(AQ37-AQ54,0) -> 0 | AR63: =IFERROR(AR37-AR54,0) -> 0 | ... DD63: =IFERROR(DD37-DD54,0) -> 1551561.1
E64: =IF(E21="","","Gross Profit - "&E21) -> Gross Profit - Referral Fees | Q64: =SUM(Y64:AJ64) -> 0 | R64: =SUM(AK64:AV64) -> 0 | S64: =SUM(AW64:BH64) -> 0 | T64: =SUM(BI64:BT64) -> 0 | U64: =SUM(BU64:CF64) -> 0 | V64: =SUM(CG64:CR64) -> 0 | W64: =SUM(CS64:DD64) -> 0 | AK64: =IFERROR(AK38-AK55,0) -> 0 | AL64: =IFERROR(AL38-AL55,0) -> 0 | AM64: =IFERROR(AM38-AM55,0) -> 0 | AN64: =IFERROR(AN38-AN55,0) -> 0 | AO64: =IFERROR(AO38-AO55,0) -> 0 | AP64: =IFERROR(AP38-AP55,0) -> 0 | AQ64: =IFERROR(AQ38-AQ55,0) -> 0 | AR64: =IFERROR(AR38-AR55,0) -> 0 | ... DD64: =IFERROR(DD38-DD55,0) -> 0
AK65: =IFERROR(AK39-AK56,0) -> 0 | AL65: =IFERROR(AL39-AL56,0) -> 0 | AM65: =IFERROR(AM39-AM56,0) -> 0 | AN65: =IFERROR(AN39-AN56,0) -> 0 | AO65: =IFERROR(AO39-AO56,0) -> 0 | AP65: =IFERROR(AP39-AP56,0) -> 0 | AQ65: =IFERROR(AQ39-AQ56,0) -> 0 | AR65: =IFERROR(AR39-AR56,0) -> 0 | ... DD65: =IFERROR(DD39-DD56,0) -> 0
E66: Total Gross Profit | Q66: =SUM(Y66:AJ66) -> 116237.25 | R66: =SUM(AK66:AV66) -> 1111880 | S66: =SUM(AW66:BH66) -> 2771588.5 | T66: =SUM(BI66:BT66) -> 9589471.4 | U66: =SUM(BU66:CF66) -> 26207428 | V66: =SUM(CG66:CR66) -> 47990047 | W66: =SUM(CS66:DD66) -> 91665957 | Y66: =+Y40-Y57 -> 55 | Z66: =+Z40-Z57 -> 158 | AA66: =+AA40-AA57 -> 482 | AB66: =+AB40-AB57 -> 753 | AC66: =+AC40-AC57 -> 1008.75 | AD66: =+AD40-AD57 -> 891 | AE66: =+AE40-AE57 -> 4355 | AF66: =+AF40-AF57 -> 8146.5 | ... AJ66: =+AJ40-AJ57 -> 36270 | AK66: =SUM(AK60:AK65) -> 40601.1 | AL66: =SUM(AL60:AL65) -> 47485.8 | AM66: =SUM(AM60:AM65) -> 55723.7 | AN66: =SUM(AN60:AN65) -> 65589.4 | AO66: =SUM(AO60:AO65) -> 77365.6 | AP66: =SUM(AP60:AP65) -> 91353 | AQ66: =SUM(AQ60:AQ65) -> 99969.9 | AR66: =SUM(AR60:AR65) -> 109426.8 | ... DD66: =SUM(DD60:DD65) -> 8315385.8
E67: Gross Profit Margin | Q67: =IFERROR(Q66/Q40,"-") -> 0.80708963 | R67: =IFERROR(R66/R40,"-") -> 0.864553 | S67: =IFERROR(S66/S40,"-") -> 0.70611674 | T67: =IFERROR(T66/T40,"-") -> 0.89300405 | U67: =IFERROR(U66/U40,"-") -> 0.9199436 | V67: =IFERROR(V66/V40,"-") -> 0.92546335 | W67: =IFERROR(W66/W40,"-") -> 0.93048185 | Y67: =IFERROR(Y66/Y40,"-") -> 0.094827586 | Z67: =IFERROR(Z66/Z40,"-") -> 0.1362069 | AA67: =IFERROR(AA66/AA40,"-") -> 0.27701149 | AB67: =IFERROR(AB66/AB40,"-") -> 0.33128025 | AC67: =IFERROR(AC66/AC40,"-") -> 0.34036272 | AD67: =IFERROR(AD66/AD40,"-") -> 0.30121704 | AE67: =IFERROR(AE66/AE40,"-") -> 0.62625827 | AF67: =IFERROR(AF66/AF40,"-") -> 0.74042263 | ... DD67: =IFERROR(DD66/DD40,"-") -> 0.93121362
E69: Operating Expenses
D71: Key Expense Drivers
E72: HEADCOUNT | F72: Average Salary | J72: Average Annual Headcount | Q72: End of Period Headcount
E73: Executive & Admin | F73: 130000 | I73: =IFERROR(AVERAGE($Y73:$AJ73),"") -> 2 | J73: =IFERROR(AVERAGE($AK73:$AV73),"") -> 2.3333333 | K73: =IFERROR(AVERAGE($AW73:$BH73),"") -> 3.9166667 | L73: =IFERROR(AVERAGE($BI73:$BT73),"") -> 5.5 | M73: =IFERROR(AVERAGE($BU73:$CF73),"") -> 7.1666667 | N73: =IFERROR(AVERAGE($CG73:$CR73),"") -> 9.6666667 | O73: =IFERROR(AVERAGE($CS73:$DD73),"") -> 13.166667 | Q73: =AJ73 -> 2 | R73: =AV73 -> 3 | S73: =BH73 -> 5 | T73: =BT73 -> 6 | U73: =CF73 -> 9 | V73: =CR73 -> 10 | W73: =DD73 -> 14 | Y73: 2 | Z73: 2 | AA73: 2 | AB73: 2 | AC73: 2 | AD73: 2 | AE73: 2 | AF73: 2 | AG73: 2 | AH73: 2 | AI73: 2 | AJ73: 2 | AK73: 2 | AL73: 2 | AM73: 2 | AN73: 2 | AO73: 2 | AP73: 2 | AQ73: =+AP73+1 -> 3 | AR73: =+AQ73 -> 3 | AS73: 2 | AT73: =+AS73 -> 2 | AU73: =+AT73+1 -> 3 | AV73: =+AU73 -> 3 | AW73: =+AV73 -> 3 | AX73: =+AW73 -> 3 | AY73: =+AX73+1 -> 4 | AZ73: =+AY73 -> 4 | BA73: =+AZ73 -> 4 | BB73: =+BA73 -> 4 | BC73: =+BB73 -> 4 | BD73: =+BC73 -> 4 | BE73: =+BD73 -> 4 | BF73: =+BE73 -> 4 | BG73: =+BF73 -> 4 | BH73: =+BG73+1 -> 5 | BI73: =+BH73 -> 5 | BJ73: =+BI73 -> 5 | BK73: =+BJ73 -> 5 | BL73: =+BK73 -> 5 | BM73: =+BL73 -> 5 | BN73: =+BM73 -> 5 | BO73: =+BN73+1 -> 6 | BP73: =+BO73 -> 6 | BQ73: =+BP73 -> 6 | BR73: =+BQ73 -> 6 | BS73: =+BR73 -> 6 | BT73: =+BS73 -> 6 | BU73: =+BT73 -> 6 | BV73: =+BU73 -> 6 | BW73: =+BV73 -> 6 | ... BZ73: =+BY73 -> 6 | CA73: 8 | CB73: =+CA73 -> 8 | CC73: =+CB73 -> 8 | CD73: =+CC73 -> 8 | CE73: 9 | CF73: =+CE73 -> 9 | CG73: =+CF73 -> 9 | CH73: =+CG73 -> 9 | CI73: =+CH73 -> 9 | CJ73: =+CI73 -> 9 | CK73: 10 | CL73: =+CK73 -> 10 | CM73: =+CL73 -> 10 | CN73: =+CM73 -> 10 | CO73: =+CN73 -> 10 | CP73: =+CO73 -> 10 | CQ73: =+CP73 -> 10 | CR73: =+CQ73 -> 10 | CS73: =+CR73 -> 10 | CT73: 11 | CU73: 12 | CV73: 13 | CW73: 14 | CX73: =+CW73 -> 14 | CY73: =+CX73 -> 14 | CZ73: =+CY73 -> 14 | DA73: =+CZ73 -> 14 | DB73: =+DA73 -> 14 | DC73: =+DB73 -> 14 | DD73: =+DC73 -> 14
E74: Sales | F74: 150000 | I74: =IFERROR(AVERAGE($Y74:$AJ74),"") -> 1.5 | J74: =IFERROR(AVERAGE($AK74:$AV74),"") -> 2.8333333 | K74: =IFERROR(AVERAGE($AW74:$BH74),"") -> 4.0833333 | L74: =IFERROR(AVERAGE($BI74:$BT74),"") -> 10.416667 | M74: =IFERROR(AVERAGE($BU74:$CF74),"") -> 20.666667 | N74: =IFERROR(AVERAGE($CG74:$CR74),"") -> 38.5 | O74: =IFERROR(AVERAGE($CS74:$DD74),"") -> 56.833333 | Q74: =AJ74 -> 2 | R74: =AV74 -> 4 | S74: =BH74 -> 5 | T74: =BT74 -> 15 | U74: =CF74 -> 28 | V74: =CR74 -> 46 | W74: =DD74 -> 66 | Y74: 0 | Z74: 0 | AA74: 1 | AB74: 1 | AC74: 2 | AD74: 2 | AE74: 2 | AF74: 2 | AG74: 2 | AH74: 2 | AI74: 2 | AJ74: 2 | AK74: 2 | AL74: 2 | AM74: 2 | AN74: 2 | AO74: 3 | AP74: 3 | AQ74: 3 | AR74: 3 | AS74: 3 | AT74: 3 | AU74: 4 | AV74: 4 | AW74: 4 | AX74: 4 | AY74: 4 | AZ74: 4 | BA74: 3 | BB74: 4 | BC74: =BB74 -> 4 | BD74: =BC74 -> 4 | BE74: =BD74 -> 4 | BF74: =BE74 -> 4 | BG74: 5 | BH74: =BG74 -> 5 | BI74: =BH74 -> 5 | BJ74: =+BI74+1 -> 6 | BK74: =+BJ74+1 -> 7 | BL74: =+BK74+1 -> 8 | BM74: =+BL74+1 -> 9 | BN74: =+BM74+1 -> 10 | BO74: =+BN74+1 -> 11 | BP74: =+BO74+1 -> 12 | BQ74: =BP74+1 -> 13 | BR74: =BQ74+1 -> 14 | BS74: =BR74+1 -> 15 | BT74: =BS74 -> 15 | BU74: =BT74 -> 15 | BV74: =BU74 -> 15 | BW74: =BV74+1 -> 16 | BX74: =BW74+1 -> 17 | BY74: =BX74+1 -> 18 | BZ74: =BY74+1 -> 19 | CA74: =BZ74+1 -> 20 | CB74: =+CA74+2 -> 22 | CC74: =+CB74+2 -> 24 | CD74: =+CC74+2 -> 26 | CE74: =+CD74+2 -> 28 | CF74: =CE74 -> 28 | CG74: =CF74 -> 28 | CH74: =+CG74+2 -> 30 | CI74: =+CH74+2 -> 32 | CJ74: =+CI74+2 -> 34 | CK74: =+CJ74+2 -> 36 | CL74: =+CK74+2 -> 38 | CM74: =+CL74+2 -> 40 | CN74: =+CM74+2 -> 42 | CO74: =+CN74+2 -> 44 | CP74: =+CO74+2 -> 46 | CQ74: =CP74 -> 46 | CR74: =CQ74 -> 46 | CS74: =CR74 -> 46 | CT74: =+CS74+2 -> 48 | CU74: =+CT74+2 -> 50 | CV74: =+CU74+2 -> 52 | CW74: =+CV74+2 -> 54 | CX74: =+CW74+2 -> 56 | CY74: =+CX74+2 -> 58 | CZ74: =+CY74+2 -> 60 | DA74: =+CZ74+2 -> 62 | ... DC74: =+DB74+2 -> 66 | DD74: =DC74 -> 66
E75: Marketing | F75: 140000 | I75: =IFERROR(AVERAGE($Y75:$AJ75),"") -> 0.91666667 | J75: =IFERROR(AVERAGE($AK75:$AV75),"") -> 1.5 | K75: =IFERROR(AVERAGE($AW75:$BH75),"") -> 4.8333333 | L75: =IFERROR(AVERAGE($BI75:$BT75),"") -> 6 | M75: =IFERROR(AVERAGE($BU75:$CF75),"") -> 6.75 | N75: =IFERROR(AVERAGE($CG75:$CR75),"") -> 9.8333333 | O75: =IFERROR(AVERAGE($CS75:$DD75),"") -> 11.75 | Q75: =AJ75 -> 1 | R75: =AV75 -> 3 | S75: =BH75 -> 6 | T75: =BT75 -> 6 | U75: =CF75 -> 9 | V75: =CR75 -> 11 | W75: =DD75 -> 14 | Y75: 0 | Z75: 1 | AA75: 1 | AB75: 1 | AC75: 1 | AD75: 1 | AE75: 1 | AF75: 1 | AG75: 1 | AH75: 1 | AI75: 1 | AJ75: 1 | AK75: 1 | AL75: 1 | AM75: 1 | AN75: 1 | AO75: 1 | AP75: 1 | AQ75: 1 | AR75: 1 | AS75: 2 | AT75: 2 | AU75: 3 | AV75: 3 | AW75: 3 | AX75: 3 | AY75: 3 | AZ75: 4 | BA75: 4 | BB75: 5 | BC75: 6 | BD75: 6 | BE75: 6 | BF75: 6 | BG75: 6 | BH75: 6 | BI75: 6 | BJ75: 6 | BK75: 6 | BL75: 6 | BM75: 6 | BN75: 6 | BO75: 6 | BP75: 6 | BQ75: 6 | BR75: 6 | BS75: 6 | BT75: 6 | BU75: 6 | BV75: 6 | BW75: 6 | BX75: 6 | BY75: =BX75 -> 6 | BZ75: =BY75 -> 6 | CA75: =BZ75 -> 6 | CB75: =CA75 -> 6 | CC75: =+CB75+1 -> 7 | CD75: =+CC75+1 -> 8 | CE75: =+CD75+1 -> 9 | CF75: =CE75 -> 9 | CG75: =CF75 -> 9 | CH75: =CG75 -> 9 | CI75: =CH75 -> 9 | CJ75: =CI75 -> 9 | CK75: =CJ75 -> 9 | CL75: =+CK75+1 -> 10 | CM75: =CL75 -> 10 | CN75: =CM75 -> 10 | CO75: =CN75 -> 10 | CP75: =+CO75+1 -> 11 | CQ75: =CP75 -> 11 | CR75: =CQ75 -> 11 | CS75: =CR75 -> 11 | CT75: =CS75 -> 11 | CU75: =CT75 -> 11 | CV75: =CU75 -> 11 | CW75: =CV75 -> 11 | CX75: =+CW75+1 -> 12 | CY75: =CX75 -> 12 | CZ75: =CY75 -> 12 | DA75: =CZ75 -> 12 | DB75: =DA75 -> 12 | DC75: =DB75 -> 12 | DD75: =+DC75+2 -> 14
E76: Customer Service | F76: 95000 | I76: =IFERROR(AVERAGE($Y76:$AJ76),"") -> 0 | J76: =IFERROR(AVERAGE($AK76:$AV76),"") -> 0.41666667 | K76: =IFERROR(AVERAGE($AW76:$BH76),"") -> 1.75 | L76: =IFERROR(AVERAGE($BI76:$BT76),"") -> 2.3333333 | M76: =IFERROR(AVERAGE($BU76:$CF76),"") -> 7 | N76: =IFERROR(AVERAGE($CG76:$CR76),"") -> 15 | O76: =IFERROR(AVERAGE($CS76:$DD76),"") -> 15 | Q76: =AJ76 -> 0 | R76: =AV76 -> 1 | S76: =BH76 -> 2 | T76: =BT76 -> 4 | U76: =CF76 -> 10 | V76: =CR76 -> 15 | W76: =DD76 -> 15 | Y76: 0 | Z76: 0 | AA76: 0 | AB76: 0 | AC76: 0 | AD76: 0 | AE76: 0 | AF76: 0 | AG76: 0 | AH76: 0 | AI76: 0 | AJ76: 0 | AK76: 0 | AL76: 0 | AM76: 0 | AN76: 0 | AO76: 0 | AP76: 0 | AQ76: 0 | AR76: 1 | AS76: 1 | AT76: 1 | AU76: 1 | AV76: 1 | AW76: 1 | AX76: 1 | AY76: 1 | AZ76: 2 | BA76: 2 | BB76: 2 | BC76: 2 | BD76: 2 | BE76: 2 | BF76: 2 | BG76: 2 | BH76: 2 | BI76: 2 | BJ76: 2 | BK76: 2 | BL76: 2 | BM76: 2 | BN76: 2 | BO76: 2 | BP76: 2 | BQ76: 2 | BR76: 2 | BS76: 4 | BT76: =+BS76 -> 4 | BU76: =+BT76 -> 4 | BV76: =+BU76 -> 4 | BW76: =+BV76 -> 4 | BX76: =+BW76 -> 4 | BY76: =+BX76 -> 4 | BZ76: =+BY76 -> 4 | CA76: 10 | CB76: =+CA76 -> 10 | CC76: =+CB76 -> 10 | CD76: =+CC76 -> 10 | CE76: =+CD76 -> 10 | CF76: =+CE76 -> 10 | CG76: 15 | CH76: =+CG76 -> 15 | CI76: =+CH76 -> 15 | CJ76: =+CI76 -> 15 | CK76: =+CJ76 -> 15 | CL76: =+CK76 -> 15 | CM76: =+CL76 -> 15 | CN76: =+CM76 -> 15 | CO76: =+CN76 -> 15 | ... DD76: =+DC76 -> 15
E77: Corporate Operations | F77: 100000 | I77: =IFERROR(AVERAGE($Y77:$AJ77),"") -> 0 | J77: =IFERROR(AVERAGE($AK77:$AV77),"") -> 0 | K77: =IFERROR(AVERAGE($AW77:$BH77),"") -> 1.9166667 | L77: =IFERROR(AVERAGE($BI77:$BT77),"") -> 4 | M77: =IFERROR(AVERAGE($BU77:$CF77),"") -> 7.25 | N77: =IFERROR(AVERAGE($CG77:$CR77),"") -> 13 | O77: =IFERROR(AVERAGE($CS77:$DD77),"") -> 21.166667 | Q77: =AJ77 -> 0 | R77: =AV77 -> 0 | S77: =BH77 -> 4 | T77: =BT77 -> 4 | U77: =CF77 -> 10 | V77: =CR77 -> 16 | W77: =DD77 -> 26 | Y77: 0 | Z77: 0 | AA77: 0 | AB77: 0 | AC77: 0 | AD77: 0 | AE77: 0 | AF77: 0 | AG77: 0 | AH77: 0 | AI77: 0 | AJ77: 0 | AK77: 0 | AL77: 0 | AM77: 0 | AN77: 0 | AO77: 0 | AP77: 0 | AQ77: 0 | AR77: 0 | AS77: 0 | AT77: 0 | AU77: 0 | AV77: 0 | AW77: 0 | AX77: 0 | AY77: 0 | AZ77: 0 | BA77: 0 | BB77: 3 | BC77: =BB77 -> 3 | BD77: =BC77 -> 3 | BE77: =BD77 -> 3 | BF77: =BE77 -> 3 | BG77: =+BF77+1 -> 4 | BH77: =BG77 -> 4 | BI77: =BH77 -> 4 | BJ77: =BI77 -> 4 | BK77: =BJ77 -> 4 | BL77: =BK77 -> 4 | BM77: =BL77 -> 4 | BN77: =BM77 -> 4 | BO77: =BN77 -> 4 | BP77: =BO77 -> 4 | BQ77: 4 | BR77: =BQ77 -> 4 | BS77: =BR77 -> 4 | BT77: =BS77 -> 4 | BU77: =BT77 -> 4 | BV77: =+BU77+1 -> 5 | BW77: =+BV77+1 -> 6 | BX77: =+BW77+1 -> 7 | BY77: =BX77 -> 7 | BZ77: =BY77 -> 7 | CA77: =BZ77 -> 7 | CB77: =CA77 -> 7 | CC77: =+CB77+1 -> 8 | CD77: =+CC77+1 -> 9 | CE77: =+CD77+1 -> 10 | CF77: =CE77 -> 10 | CG77: =CF77 -> 10 | CH77: =CG77 -> 10 | CI77: =CH77 -> 10 | CJ77: =+CI77+1 -> 11 | CK77: =+CJ77+1 -> 12 | CL77: =+CK77+1 -> 13 | CM77: =CL77 -> 13 | CN77: =+CM77+1 -> 14 | CO77: =+CN77+1 -> 15 | CP77: =+CO77+1 -> 16 | CQ77: =CP77 -> 16 | CR77: =CQ77 -> 16 | CS77: =CR77 -> 16 | CT77: =+CS77+1 -> 17 | CU77: =+CT77+1 -> 18 | CV77: =+CU77+1 -> 19 | CW77: =+CV77+1 -> 20 | CX77: =+CW77+1 -> 21 | CY77: =+CX77+1 -> 22 | CZ77: =+CY77+1 -> 23 | DA77: =+CZ77+1 -> 24 | DB77: =DA77 -> 24 | DC77: =DB77 -> 24 | DD77: =+DC77+2 -> 26
E78: Engineering & Product | F78: 175000 | I78: =IFERROR(AVERAGE($Y78:$AJ78),"") -> 1.8333333 | J78: =IFERROR(AVERAGE($AK78:$AV78),"") -> 11.333333 | K78: =IFERROR(AVERAGE($AW78:$BH78),"") -> 22.5 | L78: =IFERROR(AVERAGE($BI78:$BT78),"") -> 15.666667 | M78: =IFERROR(AVERAGE($BU78:$CF78),"") -> 15.666667 | N78: =IFERROR(AVERAGE($CG78:$CR78),"") -> 30.833333 | O78: =IFERROR(AVERAGE($CS78:$DD78),"") -> 45.833333 | Q78: =AJ78 -> 3 | R78: =AV78 -> 17 | S78: =BH78 -> 26 | T78: =BT78 -> 10 | U78: =CF78 -> 23 | V78: =CR78 -> 35 | W78: =DD78 -> 55 | Y78: 1 | Z78: 1 | AA78: 1 | AB78: 1 | AC78: 2 | AD78: 2 | AE78: 2 | AF78: 2 | AG78: 2 | AH78: 2 | AI78: 3 | AJ78: 3 | AK78: 3 | AL78: =+AK78+1 -> 4 | AM78: =+AL78+1 -> 5 | AN78: =+AM78+3 -> 8 | AO78: =+AN78+3 -> 11 | AP78: =+AO78+2 -> 13 | AQ78: =+AP78 -> 13 | AR78: =+AQ78+1 -> 14 | AS78: =+AR78+1 -> 15 | AT78: =+AS78+1 -> 16 | AU78: =+AT78+1 -> 17 | AV78: =+AU78 -> 17 | AW78: =+AV78+1 -> 18 | AX78: =+AW78+1 -> 19 | AY78: =+AX78+1 -> 20 | AZ78: =+AY78+1 -> 21 | BA78: =+AZ78+1 -> 22 | BB78: =+BA78+1 -> 23 | BC78: =+BB78 -> 23 | BD78: =+BC78 -> 23 | BE78: =+BD78+1 -> 24 | BF78: =+BE78+1 -> 25 | BG78: =+BF78+1 -> 26 | BH78: =BG78 -> 26 | BI78: =BH78 -> 26 | BJ78: =BI78 -> 26 | BK78: =BJ78 -> 26 | BL78: =BK78 -> 26 | BM78: =BL78 -> 26 | BN78: 7 | BO78: =BN78 -> 7 | BP78: =BO78 -> 7 | BQ78: =BP78+1 -> 8 | BR78: =BQ78+1 -> 9 | BS78: =BR78+1 -> 10 | BT78: =BS78 -> 10 | BU78: =BT78 -> 10 | BV78: =BU78 -> 10 | BW78: =BV78+1 -> 11 | BX78: =BW78+1 -> 12 | BY78: =BX78+1 -> 13 | BZ78: =BY78+1 -> 14 | CA78: =BZ78+1 -> 15 | CB78: =+CA78+2 -> 17 | CC78: =+CB78+2 -> 19 | CD78: =+CC78+2 -> 21 | CE78: =+CD78+2 -> 23 | CF78: =CE78 -> 23 | CG78: =CF78 -> 23 | CH78: =+CG78+2 -> 25 | CI78: =+CH78+2 -> 27 | CJ78: =+CI78+2 -> 29 | CK78: =+CJ78+2 -> 31 | CL78: =+CK78 -> 31 | CM78: =+CL78+2 -> 33 | CN78: =+CM78 -> 33 | CO78: =+CN78 -> 33 | CP78: =+CO78+2 -> 35 | CQ78: =+CP78 -> 35 | CR78: =CQ78 -> 35 | CS78: =CR78 -> 35 | CT78: =+CS78+2 -> 37 | CU78: =+CT78+2 -> 39 | CV78: =+CU78+2 -> 41 | CW78: =+CV78+2 -> 43 | CX78: =+CW78+2 -> 45 | CY78: =+CX78+2 -> 47 | CZ78: =+CY78+2 -> 49 | DA78: =+CZ78+2 -> 51 | ... DC78: =+DB78+2 -> 55 | DD78: =DC78 -> 55
J79: =IFERROR(AVERAGE($AK79:$AV79),"") | K79: =IFERROR(AVERAGE($AW79:$BH79),"") | L79: =IFERROR(AVERAGE($BI79:$BT79),"") | M79: =IFERROR(AVERAGE($BU79:$CF79),"") | N79: =IFERROR(AVERAGE($CG79:$CR79),"") | O79: =IFERROR(AVERAGE($CS79:$DD79),"") | Q79: =AJ79 -> 0 | R79: =AV79 -> 0 | S79: =BH79 -> 0 | T79: =BT79 -> 0 | U79: =CF79 -> 0 | V79: =CR79 -> 0 | W79: =DD79 -> 0
J80: =IFERROR(AVERAGE($AK80:$AV80),"") | K80: =IFERROR(AVERAGE($AW80:$BH80),"") | L80: =IFERROR(AVERAGE($BI80:$BT80),"") | M80: =IFERROR(AVERAGE($BU80:$CF80),"") | N80: =IFERROR(AVERAGE($CG80:$CR80),"") | O80: =IFERROR(AVERAGE($CS80:$DD80),"") | Q80: =AJ80 -> 0 | R80: =AV80 -> 0 | S80: =BH80 -> 0 | T80: =BT80 -> 0 | U80: =CF80 -> 0 | V80: =CR80 -> 0 | W80: =DD80 -> 0
E81: Contractors | J81: =IFERROR(AVERAGE($AK81:$AV81),"") | K81: =IFERROR(AVERAGE($AW81:$BH81),"") | L81: =IFERROR(AVERAGE($BI81:$BT81),"") | M81: =IFERROR(AVERAGE($BU81:$CF81),"") | N81: =IFERROR(AVERAGE($CG81:$CR81),"") | O81: =IFERROR(AVERAGE($CS81:$DD81),"")
E82: Full-Time Contractors | F82: 120000 | I82: =IFERROR(AVERAGE($Y82:$AJ82),"") | J82: =IFERROR(AVERAGE($AK82:$AV82),"") -> 1.3333333 | K82: =IFERROR(AVERAGE($AW82:$BH82),"") -> 5.5 | L82: =IFERROR(AVERAGE($BI82:$BT82),"") -> 12.5 | M82: =IFERROR(AVERAGE($BU82:$CF82),"") -> 19.5 | N82: =IFERROR(AVERAGE($CG82:$CR82),"") -> 23 | O82: =IFERROR(AVERAGE($CS82:$DD82),"") -> 23 | Q82: =AJ82 -> 0 | R82: =AV82 -> 2 | S82: =BH82 -> 9 | T82: =BT82 -> 16 | U82: =CF82 -> 23 | V82: =CR82 -> 23 | W82: =DD82 -> 23 | AK82: 1 | AL82: 1 | AM82: 1 | AN82: 1 | AO82: 1 | AP82: 1 | AQ82: 1 | AR82: 1 | AS82: 2 | AT82: 2 | AU82: 2 | AV82: 2 | AW82: =+AV82+1 -> 3 | AX82: =+AW82 -> 3 | AY82: =+AX82 -> 3 | AZ82: =+AY82+1 -> 4 | BA82: =+AZ82 -> 4 | BB82: =+BA82 -> 4 | BC82: =+BB82+2 -> 6 | BD82: =+BC82+1 -> 7 | BE82: =+BD82 -> 7 | BF82: =+BE82 -> 7 | BG82: =+BF82+2 -> 9 | BH82: =+BG82 -> 9 | BI82: =+BH82+1 -> 10 | BJ82: =+BI82 -> 10 | BK82: =+BJ82 -> 10 | BL82: =+BK82+1 -> 11 | BM82: =+BL82 -> 11 | BN82: =+BM82 -> 11 | BO82: =+BN82+2 -> 13 | BP82: =+BO82+1 -> 14 | BQ82: =+BP82 -> 14 | BR82: =+BQ82 -> 14 | BS82: =+BR82+2 -> 16 | BT82: =+BS82 -> 16 | BU82: =+BT82+1 -> 17 | BV82: =+BU82 -> 17 | BW82: =+BV82 -> 17 | BX82: =+BW82+1 -> 18 | BY82: =+BX82 -> 18 | BZ82: =+BY82 -> 18 | CA82: =+BZ82+2 -> 20 | CB82: =+CA82+1 -> 21 | CC82: =+CB82 -> 21 | CD82: =+CC82 -> 21 | CE82: =+CD82+2 -> 23 | CF82: =+CE82 -> 23 | CG82: =+CF82 -> 23 | CH82: =+CG82 -> 23 | CI82: =+CH82 -> 23 | CJ82: =+CI82 -> 23 | CK82: =+CJ82 -> 23 | CL82: =+CK82 -> 23 | CM82: =+CL82 -> 23 | ... DD82: =+DC82 -> 23
J83: =IFERROR(AVERAGE($AK83:$AV83),"") | K83: =IFERROR(AVERAGE($AW83:$BH83),"") | L83: =IFERROR(AVERAGE($BI83:$BT83),"") | M83: =IFERROR(AVERAGE($BU83:$CF83),"") | N83: =IFERROR(AVERAGE($CG83:$CR83),"") | O83: =IFERROR(AVERAGE($CS83:$DD83),"") | Q83: =AJ83 -> 0 | R83: =AV83 -> 0 | S83: =BH83 -> 0 | T83: =BT83 -> 0 | U83: =CF83 -> 0 | V83: =CR83 -> 0 | W83: =DD83 -> 0
J84: =IFERROR(AVERAGE($AK84:$AV84),"") | K84: =IFERROR(AVERAGE($AW84:$BH84),"") | L84: =IFERROR(AVERAGE($BI84:$BT84),"") | M84: =IFERROR(AVERAGE($BU84:$CF84),"") | N84: =IFERROR(AVERAGE($CG84:$CR84),"") | O84: =IFERROR(AVERAGE($CS84:$DD84),"") | Q84: =AJ84 -> 0 | R84: =AV84 -> 0 | S84: =BH84 -> 0 | T84: =BT84 -> 0 | U84: =CF84 -> 0 | V84: =CR84 -> 0 | W84: =DD84 -> 0
E85: Total Headcount | I85: =SUM(I73:I84) -> 6.25 | J85: =SUM(J73:J84) -> 19.75 | K85: =SUM(K73:K84) -> 44.5 | L85: =SUM(L73:L84) -> 56.416667 | M85: =SUM(M73:M84) -> 84 | N85: =SUM(N73:N84) -> 139.83333 | O85: =SUM(O73:O84) -> 186.75 | Q85: =SUM(Q73:Q84) -> 8 | R85: =SUM(R73:R84) -> 30 | S85: =SUM(S73:S84) -> 57 | T85: =SUM(T73:T84) -> 61 | U85: =SUM(U73:U84) -> 112 | V85: =SUM(V73:V84) -> 156 | W85: =SUM(W73:W84) -> 213 | Y85: =SUM(Y73:Y84) -> 3 | Z85: =SUM(Z73:Z84) -> 4 | AA85: =SUM(AA73:AA84) -> 5 | AB85: =SUM(AB73:AB84) -> 5 | AC85: =SUM(AC73:AC84) -> 7 | AD85: =SUM(AD73:AD84) -> 7 | AE85: =SUM(AE73:AE84) -> 7 | AF85: =SUM(AF73:AF84) -> 7 | ... DD85: =SUM(DD73:DD84) -> 213
E88: PAYROLL | J88: Annual Salary increase
E89: =E73 -> Executive & Admin | K89: 0.08 | L89: 0.08 | M89: 0.5 | N89: 0.08 | O89: 0.08 | Q89: =SUM(Y89:AJ89) -> 0 | R89: =SUM(AK89:AV89) -> 303333.33 | S89: =SUM(AW89:BH89) -> 549900 | T89: =SUM(BI89:BT89) -> 833976 | U89: =SUM(BU89:CF89) -> 3144375 | V89: =SUM(CG89:CR89) -> 1709681.1 | W89: =SUM(CS89:DD89) -> 2514999.9 | AK89: =IFERROR(AK73*$F73/12,0) -> 21666.667 | AL89: =IFERROR(AL73*$F73/12,0) -> 21666.667 | AM89: =IFERROR(AM73*$F73/12,0) -> 21666.667 | AN89: =IFERROR(AN73*$F73/12,0) -> 21666.667 | AO89: =IFERROR(AO73*$F73/12,0) -> 21666.667 | AP89: =IFERROR(AP73*$F73/12,0) -> 21666.667 | AQ89: =IFERROR(AQ73*$F73/12,0) -> 32500 | AR89: =IFERROR(AR73*$F73/12,0) -> 32500 | ... AV89: =IFERROR(AV73*$F73/12,0) -> 32500 | AW89: =IFERROR((1+$K89)*AW73*$F73/12,0) -> 35100 | AX89: =IFERROR((1+$K89)*AX73*$F73/12,0) -> 35100 | AY89: =IFERROR((1+$K89)*AY73*$F73/12,0) -> 46800 | AZ89: =IFERROR((1+$K89)*AZ73*$F73/12,0) -> 46800 | BA89: =IFERROR((1+$K89)*BA73*$F73/12,0) -> 46800 | BB89: =IFERROR((1+$K89)*BB73*$F73/12,0) -> 46800 | BC89: =IFERROR((1+$K89)*BC73*$F73/12,0) -> 46800 | BD89: =IFERROR((1+$K89)*BD73*$F73/12,0) -> 46800 | ... BH89: =IFERROR((1+$K89)*BH73*$F73/12,0) -> 58500 | BI89: =IFERROR((1+$L89)^2*BI73*$F73/12,0) -> 63180 | BJ89: =IFERROR((1+$L89)^2*BJ73*$F73/12,0) -> 63180 | BK89: =IFERROR((1+$L89)^2*BK73*$F73/12,0) -> 63180 | BL89: =IFERROR((1+$L89)^2*BL73*$F73/12,0) -> 63180 | BM89: =IFERROR((1+$L89)^2*BM73*$F73/12,0) -> 63180 | BN89: =IFERROR((1+$L89)^2*BN73*$F73/12,0) -> 63180 | BO89: =IFERROR((1+$L89)^2*BO73*$F73/12,0) -> 75816 | BP89: =IFERROR((1+$L89)^2*BP73*$F73/12,0) -> 75816 | ... BT89: =IFERROR((1+$L89)^2*BT73*$F73/12,0) -> 75816 | BU89: =IFERROR((1+$M89)^3*BU73*$F73/12,0) -> 219375 | BV89: =IFERROR((1+$M89)^3*BV73*$F73/12,0) -> 219375 | BW89: =IFERROR((1+$M89)^3*BW73*$F73/12,0) -> 219375 | BX89: =IFERROR((1+$M89)^3*BX73*$F73/12,0) -> 219375 | BY89: =IFERROR((1+$M89)^3*BY73*$F73/12,0) -> 219375 | BZ89: =IFERROR((1+$M89)^3*BZ73*$F73/12,0) -> 219375 | CA89: =IFERROR((1+$M89)^3*CA73*$F73/12,0) -> 292500 | CB89: =IFERROR((1+$M89)^3*CB73*$F73/12,0) -> 292500 | ... CF89: =IFERROR((1+$M89)^3*CF73*$F73/12,0) -> 329062.5 | CG89: =IFERROR((1+$N89)^4*CG73*$F73/12,0) -> 132647.67 | CH89: =IFERROR((1+$N89)^4*CH73*$F73/12,0) -> 132647.67 | CI89: =IFERROR((1+$N89)^4*CI73*$F73/12,0) -> 132647.67 | CJ89: =IFERROR((1+$N89)^4*CJ73*$F73/12,0) -> 132647.67 | CK89: =IFERROR((1+$N89)^4*CK73*$F73/12,0) -> 147386.3 | CL89: =IFERROR((1+$N89)^4*CL73*$F73/12,0) -> 147386.3 | CM89: =IFERROR((1+$N89)^4*CM73*$F73/12,0) -> 147386.3 | CN89: =IFERROR((1+$N89)^4*CN73*$F73/12,0) -> 147386.3 | ... CR89: =IFERROR((1+$N89)^4*CR73*$F73/12,0) -> 147386.3 | CS89: =IFERROR((1+$O89)^5*CS73*$F73/12,0) -> 159177.21 | CT89: =IFERROR((1+$O89)^5*CT73*$F73/12,0) -> 175094.93 | CU89: =IFERROR((1+$O89)^5*CU73*$F73/12,0) -> 191012.65 | CV89: =IFERROR((1+$O89)^5*CV73*$F73/12,0) -> 206930.37 | CW89: =IFERROR((1+$O89)^5*CW73*$F73/12,0) -> 222848.09 | CX89: =IFERROR((1+$O89)^5*CX73*$F73/12,0) -> 222848.09 | CY89: =IFERROR((1+$O89)^5*CY73*$F73/12,0) -> 222848.09 | CZ89: =IFERROR((1+$O89)^5*CZ73*$F73/12,0) -> 222848.09 | ... DD89: =IFERROR((1+$O89)^5*DD73*$F73/12,0) -> 222848.09
E90: =E74 -> Sales | K90: 0.08 | L90: 0.08 | M90: 0.08 | N90: 0.08 | O90: 0.08 | Q90: =SUM(Y90:AJ90) -> 244000 | R90: =SUM(AK90:AV90) -> 425000 | S90: =SUM(AW90:BH90) -> 661500 | T90: =SUM(BI90:BT90) -> 1822500 | U90: =SUM(BU90:CF90) -> 3905107.2 | V90: =SUM(CG90:CR90) -> 7856823.7 | W90: =SUM(CS90:DD90) -> 12526022 | Y90: 0 | Z90: 10000 | AA90: 12500 | AB90: 12500 | AC90: 20000 | AD90: 25000 | AE90: 28000 | AF90: 28000 | AG90: 28000 | AH90: 28000 | AI90: 28000 | AJ90: 24000 | AK90: =IFERROR(AK74*$F74/12,0) -> 25000 | AL90: =IFERROR(AL74*$F74/12,0) -> 25000 | AM90: =IFERROR(AM74*$F74/12,0) -> 25000 | AN90: =IFERROR(AN74*$F74/12,0) -> 25000 | AO90: =IFERROR(AO74*$F74/12,0) -> 37500 | AP90: =IFERROR(AP74*$F74/12,0) -> 37500 | AQ90: =IFERROR(AQ74*$F74/12,0) -> 37500 | AR90: =IFERROR(AR74*$F74/12,0) -> 37500 | ... AV90: =IFERROR(AV74*$F74/12,0) -> 50000 | AW90: =IFERROR((1+$K90)*AW74*$F74/12,0) -> 54000 | AX90: =IFERROR((1+$K90)*AX74*$F74/12,0) -> 54000 | AY90: =IFERROR((1+$K90)*AY74*$F74/12,0) -> 54000 | AZ90: =IFERROR((1+$K90)*AZ74*$F74/12,0) -> 54000 | BA90: =IFERROR((1+$K90)*BA74*$F74/12,0) -> 40500 | BB90: =IFERROR((1+$K90)*BB74*$F74/12,0) -> 54000 | BC90: =IFERROR((1+$K90)*BC74*$F74/12,0) -> 54000 | BD90: =IFERROR((1+$K90)*BD74*$F74/12,0) -> 54000 | ... BH90: =IFERROR((1+$K90)*BH74*$F74/12,0) -> 67500 | BI90: =IFERROR((1+$L90)^2*BI74*$F74/12,0) -> 72900 | BJ90: =IFERROR((1+$L90)^2*BJ74*$F74/12,0) -> 87480 | BK90: =IFERROR((1+$L90)^2*BK74*$F74/12,0) -> 102060 | BL90: =IFERROR((1+$L90)^2*BL74*$F74/12,0) -> 116640 | BM90: =IFERROR((1+$L90)^2*BM74*$F74/12,0) -> 131220 | BN90: =IFERROR((1+$L90)^2*BN74*$F74/12,0) -> 145800 | BO90: =IFERROR((1+$L90)^2*BO74*$F74/12,0) -> 160380 | BP90: =IFERROR((1+$L90)^2*BP74*$F74/12,0) -> 174960 | ... BT90: =IFERROR((1+$L90)^2*BT74*$F74/12,0) -> 218700 | BU90: =IFERROR((1+$M90)^3*BU74*$F74/12,0) -> 236196 | BV90: =IFERROR((1+$M90)^3*BV74*$F74/12,0) -> 236196 | BW90: =IFERROR((1+$M90)^3*BW74*$F74/12,0) -> 251942.4 | BX90: =IFERROR((1+$M90)^3*BX74*$F74/12,0) -> 267688.8 | BY90: =IFERROR((1+$M90)^3*BY74*$F74/12,0) -> 283435.2 | BZ90: =IFERROR((1+$M90)^3*BZ74*$F74/12,0) -> 299181.6 | CA90: =IFERROR((1+$M90)^3*CA74*$F74/12,0) -> 314928 | CB90: =IFERROR((1+$M90)^3*CB74*$F74/12,0) -> 346420.8 | ... CF90: =IFERROR((1+$M90)^3*CF74*$F74/12,0) -> 440899.2 | CG90: =IFERROR((1+$N90)^4*CG74*$F74/12,0) -> 476171.14 | CH90: =IFERROR((1+$N90)^4*CH74*$F74/12,0) -> 510183.36 | CI90: =IFERROR((1+$N90)^4*CI74*$F74/12,0) -> 544195.58 | CJ90: =IFERROR((1+$N90)^4*CJ74*$F74/12,0) -> 578207.81 | CK90: =IFERROR((1+$N90)^4*CK74*$F74/12,0) -> 612220.03 | CL90: =IFERROR((1+$N90)^4*CL74*$F74/12,0) -> 646232.26 | CM90: =IFERROR((1+$N90)^4*CM74*$F74/12,0) -> 680244.48 | CN90: =IFERROR((1+$N90)^4*CN74*$F74/12,0) -> 714256.7 | ... CR90: =IFERROR((1+$N90)^4*CR74*$F74/12,0) -> 782281.15 | CS90: =IFERROR((1+$O90)^5*CS74*$F74/12,0) -> 844863.64 | CT90: =IFERROR((1+$O90)^5*CT74*$F74/12,0) -> 881596.85 | CU90: =IFERROR((1+$O90)^5*CU74*$F74/12,0) -> 918330.05 | CV90: =IFERROR((1+$O90)^5*CV74*$F74/12,0) -> 955063.25 | CW90: =IFERROR((1+$O90)^5*CW74*$F74/12,0) -> 991796.45 | CX90: =IFERROR((1+$O90)^5*CX74*$F74/12,0) -> 1028529.7 | CY90: =IFERROR((1+$O90)^5*CY74*$F74/12,0) -> 1065262.9 | CZ90: =IFERROR((1+$O90)^5*CZ74*$F74/12,0) -> 1101996.1 | ... DD90: =IFERROR((1+$O90)^5*DD74*$F74/12,0) -> 1212195.7
E91: =E75 -> Marketing | K91: 0.08 | L91: 0.08 | M91: 0.08 | N91: 0.08 | O91: 0.08 | Q91: =SUM(Y91:AJ91) -> 137500 | R91: =SUM(AK91:AV91) -> 210000 | S91: =SUM(AW91:BH91) -> 730800 | T91: =SUM(BI91:BT91) -> 979776 | U91: =SUM(BU91:CF91) -> 1190427.8 | V91: =SUM(CG91:CR91) -> 1872939.8 | W91: =SUM(CS91:DD91) -> 2417044.7 | Y91: 0 | Z91: 12500 | AA91: 12500 | AB91: 12500 | AC91: 12500 | AD91: 12500 | AE91: 12500 | AF91: 12500 | AG91: 12500 | AH91: 12500 | AI91: 12500 | AJ91: 12500 | AK91: =IFERROR(AK75*$F75/12,0) -> 11666.667 | AL91: =IFERROR(AL75*$F75/12,0) -> 11666.667 | AM91: =IFERROR(AM75*$F75/12,0) -> 11666.667 | AN91: =IFERROR(AN75*$F75/12,0) -> 11666.667 | AO91: =IFERROR(AO75*$F75/12,0) -> 11666.667 | AP91: =IFERROR(AP75*$F75/12,0) -> 11666.667 | AQ91: =IFERROR(AQ75*$F75/12,0) -> 11666.667 | AR91: =IFERROR(AR75*$F75/12,0) -> 11666.667 | ... AV91: =IFERROR(AV75*$F75/12,0) -> 35000 | AW91: =IFERROR((1+$K91)*AW75*$F75/12,0) -> 37800 | AX91: =IFERROR((1+$K91)*AX75*$F75/12,0) -> 37800 | AY91: =IFERROR((1+$K91)*AY75*$F75/12,0) -> 37800 | AZ91: =IFERROR((1+$K91)*AZ75*$F75/12,0) -> 50400 | BA91: =IFERROR((1+$K91)*BA75*$F75/12,0) -> 50400 | BB91: =IFERROR((1+$K91)*BB75*$F75/12,0) -> 63000 | BC91: =IFERROR((1+$K91)*BC75*$F75/12,0) -> 75600 | BD91: =IFERROR((1+$K91)*BD75*$F75/12,0) -> 75600 | ... BH91: =IFERROR((1+$K91)*BH75*$F75/12,0) -> 75600 | BI91: =IFERROR((1+$L91)^2*BI75*$F75/12,0) -> 81648 | BJ91: =IFERROR((1+$L91)^2*BJ75*$F75/12,0) -> 81648 | BK91: =IFERROR((1+$L91)^2*BK75*$F75/12,0) -> 81648 | BL91: =IFERROR((1+$L91)^2*BL75*$F75/12,0) -> 81648 | BM91: =IFERROR((1+$L91)^2*BM75*$F75/12,0) -> 81648 | BN91: =IFERROR((1+$L91)^2*BN75*$F75/12,0) -> 81648 | BO91: =IFERROR((1+$L91)^2*BO75*$F75/12,0) -> 81648 | BP91: =IFERROR((1+$L91)^2*BP75*$F75/12,0) -> 81648 | ... BT91: =IFERROR((1+$L91)^2*BT75*$F75/12,0) -> 81648 | BU91: =IFERROR((1+$M91)^3*BU75*$F75/12,0) -> 88179.84 | BV91: =IFERROR((1+$M91)^3*BV75*$F75/12,0) -> 88179.84 | BW91: =IFERROR((1+$M91)^3*BW75*$F75/12,0) -> 88179.84 | BX91: =IFERROR((1+$M91)^3*BX75*$F75/12,0) -> 88179.84 | BY91: =IFERROR((1+$M91)^3*BY75*$F75/12,0) -> 88179.84 | BZ91: =IFERROR((1+$M91)^3*BZ75*$F75/12,0) -> 88179.84 | CA91: =IFERROR((1+$M91)^3*CA75*$F75/12,0) -> 88179.84 | CB91: =IFERROR((1+$M91)^3*CB75*$F75/12,0) -> 88179.84 | ... CF91: =IFERROR((1+$M91)^3*CF75*$F75/12,0) -> 132269.76 | CG91: =IFERROR((1+$N91)^4*CG75*$F75/12,0) -> 142851.34 | CH91: =IFERROR((1+$N91)^4*CH75*$F75/12,0) -> 142851.34 | CI91: =IFERROR((1+$N91)^4*CI75*$F75/12,0) -> 142851.34 | CJ91: =IFERROR((1+$N91)^4*CJ75*$F75/12,0) -> 142851.34 | CK91: =IFERROR((1+$N91)^4*CK75*$F75/12,0) -> 142851.34 | CL91: =IFERROR((1+$N91)^4*CL75*$F75/12,0) -> 158723.71 | CM91: =IFERROR((1+$N91)^4*CM75*$F75/12,0) -> 158723.71 | CN91: =IFERROR((1+$N91)^4*CN75*$F75/12,0) -> 158723.71 | ... CR91: =IFERROR((1+$N91)^4*CR75*$F75/12,0) -> 174596.08 | CS91: =IFERROR((1+$O91)^5*CS75*$F75/12,0) -> 188563.77 | CT91: =IFERROR((1+$O91)^5*CT75*$F75/12,0) -> 188563.77 | CU91: =IFERROR((1+$O91)^5*CU75*$F75/12,0) -> 188563.77 | CV91: =IFERROR((1+$O91)^5*CV75*$F75/12,0) -> 188563.77 | CW91: =IFERROR((1+$O91)^5*CW75*$F75/12,0) -> 188563.77 | CX91: =IFERROR((1+$O91)^5*CX75*$F75/12,0) -> 205705.93 | CY91: =IFERROR((1+$O91)^5*CY75*$F75/12,0) -> 205705.93 | CZ91: =IFERROR((1+$O91)^5*CZ75*$F75/12,0) -> 205705.93 | ... DD91: =IFERROR((1+$O91)^5*DD75*$F75/12,0) -> 239990.25
E92: =E76 -> Customer Service | K92: 0.1 | L92: 0.1 | M92: 0.08 | N92: 0.08 | O92: 0.08 | Q92: =SUM(Y92:AJ92) -> 0 | R92: =SUM(AK92:AV92) -> 39583.333 | S92: =SUM(AW92:BH92) -> 182875 | T92: =SUM(BI92:BT92) -> 268216.67 | U92: =SUM(BU92:CF92) -> 837708.48 | V92: =SUM(CG92:CR92) -> 1938696.8 | W92: =SUM(CS92:DD92) -> 2093792.5 | AK92: =IFERROR(AK76*$F76/12,0) -> 0 | AL92: =IFERROR(AL76*$F76/12,0) -> 0 | AM92: =IFERROR(AM76*$F76/12,0) -> 0 | AN92: =IFERROR(AN76*$F76/12,0) -> 0 | AO92: =IFERROR(AO76*$F76/12,0) -> 0 | AP92: =IFERROR(AP76*$F76/12,0) -> 0 | AQ92: =IFERROR(AQ76*$F76/12,0) -> 0 | AR92: =IFERROR(AR76*$F76/12,0) -> 7916.6667 | ... AV92: =IFERROR(AV76*$F76/12,0) -> 7916.6667 | AW92: =IFERROR((1+$K92)*AW76*$F76/12,0) -> 8708.3333 | AX92: =IFERROR((1+$K92)*AX76*$F76/12,0) -> 8708.3333 | AY92: =IFERROR((1+$K92)*AY76*$F76/12,0) -> 8708.3333 | AZ92: =IFERROR((1+$K92)*AZ76*$F76/12,0) -> 17416.667 | BA92: =IFERROR((1+$K92)*BA76*$F76/12,0) -> 17416.667 | BB92: =IFERROR((1+$K92)*BB76*$F76/12,0) -> 17416.667 | BC92: =IFERROR((1+$K92)*BC76*$F76/12,0) -> 17416.667 | BD92: =IFERROR((1+$K92)*BD76*$F76/12,0) -> 17416.667 | ... BH92: =IFERROR((1+$K92)*BH76*$F76/12,0) -> 17416.667 | BI92: =IFERROR((1+$L92)^2*BI76*$F76/12,0) -> 19158.333 | BJ92: =IFERROR((1+$L92)^2*BJ76*$F76/12,0) -> 19158.333 | BK92: =IFERROR((1+$L92)^2*BK76*$F76/12,0) -> 19158.333 | BL92: =IFERROR((1+$L92)^2*BL76*$F76/12,0) -> 19158.333 | BM92: =IFERROR((1+$L92)^2*BM76*$F76/12,0) -> 19158.333 | BN92: =IFERROR((1+$L92)^2*BN76*$F76/12,0) -> 19158.333 | BO92: =IFERROR((1+$L92)^2*BO76*$F76/12,0) -> 19158.333 | BP92: =IFERROR((1+$L92)^2*BP76*$F76/12,0) -> 19158.333 | ... BT92: =IFERROR((1+$L92)^2*BT76*$F76/12,0) -> 38316.667 | BU92: =IFERROR((1+$M92)^3*BU76*$F76/12,0) -> 39890.88 | BV92: =IFERROR((1+$M92)^3*BV76*$F76/12,0) -> 39890.88 | BW92: =IFERROR((1+$M92)^3*BW76*$F76/12,0) -> 39890.88 | BX92: =IFERROR((1+$M92)^3*BX76*$F76/12,0) -> 39890.88 | BY92: =IFERROR((1+$M92)^3*BY76*$F76/12,0) -> 39890.88 | BZ92: =IFERROR((1+$M92)^3*BZ76*$F76/12,0) -> 39890.88 | CA92: =IFERROR((1+$M92)^3*CA76*$F76/12,0) -> 99727.2 | CB92: =IFERROR((1+$M92)^3*CB76*$F76/12,0) -> 99727.2 | ... CF92: =IFERROR((1+$M92)^3*CF76*$F76/12,0) -> 99727.2 | CG92: =IFERROR((1+$N92)^4*CG76*$F76/12,0) -> 161558.06 | CH92: =IFERROR((1+$N92)^4*CH76*$F76/12,0) -> 161558.06 | CI92: =IFERROR((1+$N92)^4*CI76*$F76/12,0) -> 161558.06 | CJ92: =IFERROR((1+$N92)^4*CJ76*$F76/12,0) -> 161558.06 | CK92: =IFERROR((1+$N92)^4*CK76*$F76/12,0) -> 161558.06 | CL92: =IFERROR((1+$N92)^4*CL76*$F76/12,0) -> 161558.06 | CM92: =IFERROR((1+$N92)^4*CM76*$F76/12,0) -> 161558.06 | CN92: =IFERROR((1+$N92)^4*CN76*$F76/12,0) -> 161558.06 | ... CR92: =IFERROR((1+$N92)^4*CR76*$F76/12,0) -> 161558.06 | CS92: =IFERROR((1+$O92)^5*CS76*$F76/12,0) -> 174482.71 | CT92: =IFERROR((1+$O92)^5*CT76*$F76/12,0) -> 174482.71 | CU92: =IFERROR((1+$O92)^5*CU76*$F76/12,0) -> 174482.71 | CV92: =IFERROR((1+$O92)^5*CV76*$F76/12,0) -> 174482.71 | CW92: =IFERROR((1+$O92)^5*CW76*$F76/12,0) -> 174482.71 | CX92: =IFERROR((1+$O92)^5*CX76*$F76/12,0) -> 174482.71 | CY92: =IFERROR((1+$O92)^5*CY76*$F76/12,0) -> 174482.71 | CZ92: =IFERROR((1+$O92)^5*CZ76*$F76/12,0) -> 174482.71 | ... DD92: =IFERROR((1+$O92)^5*DD76*$F76/12,0) -> 174482.71
E93: =E77 -> Corporate Operations | K93: 0.1 | L93: 0.1 | M93: 0.08 | N93: 0.08 | O93: 0.08 | Q93: =SUM(Y93:AJ93) -> 0 | R93: =SUM(AK93:AV93) -> 0 | S93: =SUM(AW93:BH93) -> 210833.33 | T93: =SUM(BI93:BT93) -> 484000 | U93: =SUM(BU93:CF93) -> 913291.2 | V93: =SUM(CG93:CR93) -> 1768635.6 | W93: =SUM(CS93:DD93) -> 3110077.8 | AK93: =IFERROR(AK77*$F77/12,0) -> 0 | AL93: =IFERROR(AL77*$F77/12,0) -> 0 | AM93: =IFERROR(AM77*$F77/12,0) -> 0 | AN93: =IFERROR(AN77*$F77/12,0) -> 0 | AO93: =IFERROR(AO77*$F77/12,0) -> 0 | AP93: =IFERROR(AP77*$F77/12,0) -> 0 | AQ93: =IFERROR(AQ77*$F77/12,0) -> 0 | AR93: =IFERROR(AR77*$F77/12,0) -> 0 | ... AV93: =IFERROR(AV77*$F77/12,0) -> 0 | AW93: =IFERROR((1+$K93)*AW77*$F77/12,0) -> 0 | AX93: =IFERROR((1+$K93)*AX77*$F77/12,0) -> 0 | AY93: =IFERROR((1+$K93)*AY77*$F77/12,0) -> 0 | AZ93: =IFERROR((1+$K93)*AZ77*$F77/12,0) -> 0 | BA93: =IFERROR((1+$K93)*BA77*$F77/12,0) -> 0 | BB93: =IFERROR((1+$K93)*BB77*$F77/12,0) -> 27500 | BC93: =IFERROR((1+$K93)*BC77*$F77/12,0) -> 27500 | BD93: =IFERROR((1+$K93)*BD77*$F77/12,0) -> 27500 | ... BH93: =IFERROR((1+$K93)*BH77*$F77/12,0) -> 36666.667 | BI93: =IFERROR((1+$L93)^2*BI77*$F77/12,0) -> 40333.333 | BJ93: =IFERROR((1+$L93)^2*BJ77*$F77/12,0) -> 40333.333 | BK93: =IFERROR((1+$L93)^2*BK77*$F77/12,0) -> 40333.333 | BL93: =IFERROR((1+$L93)^2*BL77*$F77/12,0) -> 40333.333 | BM93: =IFERROR((1+$L93)^2*BM77*$F77/12,0) -> 40333.333 | BN93: =IFERROR((1+$L93)^2*BN77*$F77/12,0) -> 40333.333 | BO93: =IFERROR((1+$L93)^2*BO77*$F77/12,0) -> 40333.333 | BP93: =IFERROR((1+$L93)^2*BP77*$F77/12,0) -> 40333.333 | ... BT93: =IFERROR((1+$L93)^2*BT77*$F77/12,0) -> 40333.333 | BU93: =IFERROR((1+$M93)^3*BU77*$F77/12,0) -> 41990.4 | BV93: =IFERROR((1+$M93)^3*BV77*$F77/12,0) -> 52488 | BW93: =IFERROR((1+$M93)^3*BW77*$F77/12,0) -> 62985.6 | BX93: =IFERROR((1+$M93)^3*BX77*$F77/12,0) -> 73483.2 | BY93: =IFERROR((1+$M93)^3*BY77*$F77/12,0) -> 73483.2 | BZ93: =IFERROR((1+$M93)^3*BZ77*$F77/12,0) -> 73483.2 | CA93: =IFERROR((1+$M93)^3*CA77*$F77/12,0) -> 73483.2 | CB93: =IFERROR((1+$M93)^3*CB77*$F77/12,0) -> 73483.2 | ... CF93: =IFERROR((1+$M93)^3*CF77*$F77/12,0) -> 104976 | CG93: =IFERROR((1+$N93)^4*CG77*$F77/12,0) -> 113374.08 | CH93: =IFERROR((1+$N93)^4*CH77*$F77/12,0) -> 113374.08 | CI93: =IFERROR((1+$N93)^4*CI77*$F77/12,0) -> 113374.08 | CJ93: =IFERROR((1+$N93)^4*CJ77*$F77/12,0) -> 124711.49 | CK93: =IFERROR((1+$N93)^4*CK77*$F77/12,0) -> 136048.9 | CL93: =IFERROR((1+$N93)^4*CL77*$F77/12,0) -> 147386.3 | CM93: =IFERROR((1+$N93)^4*CM77*$F77/12,0) -> 147386.3 | CN93: =IFERROR((1+$N93)^4*CN77*$F77/12,0) -> 158723.71 | ... CR93: =IFERROR((1+$N93)^4*CR77*$F77/12,0) -> 181398.53 | CS93: =IFERROR((1+$O93)^5*CS77*$F77/12,0) -> 195910.41 | CT93: =IFERROR((1+$O93)^5*CT77*$F77/12,0) -> 208154.81 | CU93: =IFERROR((1+$O93)^5*CU77*$F77/12,0) -> 220399.21 | CV93: =IFERROR((1+$O93)^5*CV77*$F77/12,0) -> 232643.61 | CW93: =IFERROR((1+$O93)^5*CW77*$F77/12,0) -> 244888.01 | CX93: =IFERROR((1+$O93)^5*CX77*$F77/12,0) -> 257132.41 | CY93: =IFERROR((1+$O93)^5*CY77*$F77/12,0) -> 269376.81 | CZ93: =IFERROR((1+$O93)^5*CZ77*$F77/12,0) -> 281621.21 | ... DD93: =IFERROR((1+$O93)^5*DD77*$F77/12,0) -> 318354.42
E94: =E78 -> Engineering & Product | K94: 0.1 | L94: 0.1 | M94: 0.08 | N94: 0.08 | O94: 0.08 | Q94: =SUM(Y94:AJ94) -> 0 | R94: =SUM(AK94:AV94) -> 1983333.3 | S94: =SUM(AW94:BH94) -> 4331250 | T94: =SUM(BI94:BT94) -> 3317416.7 | U94: =SUM(BU94:CF94) -> 3453710.4 | V94: =SUM(CG94:CR94) -> 7340971.7 | W94: =SUM(CS94:DD94) -> 11785236 | AK94: =IFERROR(AK78*$F78/12,0) -> 43750 | AL94: =IFERROR(AL78*$F78/12,0) -> 58333.333 | AM94: =IFERROR(AM78*$F78/12,0) -> 72916.667 | AN94: =IFERROR(AN78*$F78/12,0) -> 116666.67 | AO94: =IFERROR(AO78*$F78/12,0) -> 160416.67 | AP94: =IFERROR(AP78*$F78/12,0) -> 189583.33 | AQ94: =IFERROR(AQ78*$F78/12,0) -> 189583.33 | AR94: =IFERROR(AR78*$F78/12,0) -> 204166.67 | ... AV94: =IFERROR(AV78*$F78/12,0) -> 247916.67 | AW94: =IFERROR((1+$K94)*AW78*$F78/12,0) -> 288750 | AX94: =IFERROR((1+$K94)*AX78*$F78/12,0) -> 304791.67 | AY94: =IFERROR((1+$K94)*AY78*$F78/12,0) -> 320833.33 | AZ94: =IFERROR((1+$K94)*AZ78*$F78/12,0) -> 336875 | BA94: =IFERROR((1+$K94)*BA78*$F78/12,0) -> 352916.67 | BB94: =IFERROR((1+$K94)*BB78*$F78/12,0) -> 368958.33 | BC94: =IFERROR((1+$K94)*BC78*$F78/12,0) -> 368958.33 | BD94: =IFERROR((1+$K94)*BD78*$F78/12,0) -> 368958.33 | ... BH94: =IFERROR((1+$K94)*BH78*$F78/12,0) -> 417083.33 | BI94: =IFERROR((1+$L94)^2*BI78*$F78/12,0) -> 458791.67 | BJ94: =IFERROR((1+$L94)^2*BJ78*$F78/12,0) -> 458791.67 | BK94: =IFERROR((1+$L94)^2*BK78*$F78/12,0) -> 458791.67 | BL94: =IFERROR((1+$L94)^2*BL78*$F78/12,0) -> 458791.67 | BM94: =IFERROR((1+$L94)^2*BM78*$F78/12,0) -> 458791.67 | BN94: =IFERROR((1+$L94)^2*BN78*$F78/12,0) -> 123520.83 | BO94: =IFERROR((1+$L94)^2*BO78*$F78/12,0) -> 123520.83 | BP94: =IFERROR((1+$L94)^2*BP78*$F78/12,0) -> 123520.83 | ... BT94: =IFERROR((1+$L94)^2*BT78*$F78/12,0) -> 176458.33 | BU94: =IFERROR((1+$M94)^3*BU78*$F78/12,0) -> 183708 | BV94: =IFERROR((1+$M94)^3*BV78*$F78/12,0) -> 183708 | BW94: =IFERROR((1+$M94)^3*BW78*$F78/12,0) -> 202078.8 | BX94: =IFERROR((1+$M94)^3*BX78*$F78/12,0) -> 220449.6 | BY94: =IFERROR((1+$M94)^3*BY78*$F78/12,0) -> 238820.4 | BZ94: =IFERROR((1+$M94)^3*BZ78*$F78/12,0) -> 257191.2 | CA94: =IFERROR((1+$M94)^3*CA78*$F78/12,0) -> 275562 | CB94: =IFERROR((1+$M94)^3*CB78*$F78/12,0) -> 312303.6 | ... CF94: =IFERROR((1+$M94)^3*CF78*$F78/12,0) -> 422528.4 | CG94: =IFERROR((1+$N94)^4*CG78*$F78/12,0) -> 456330.67 | CH94: =IFERROR((1+$N94)^4*CH78*$F78/12,0) -> 496011.6 | CI94: =IFERROR((1+$N94)^4*CI78*$F78/12,0) -> 535692.53 | CJ94: =IFERROR((1+$N94)^4*CJ78*$F78/12,0) -> 575373.46 | CK94: =IFERROR((1+$N94)^4*CK78*$F78/12,0) -> 615054.38 | CL94: =IFERROR((1+$N94)^4*CL78*$F78/12,0) -> 615054.38 | CM94: =IFERROR((1+$N94)^4*CM78*$F78/12,0) -> 654735.31 | CN94: =IFERROR((1+$N94)^4*CN78*$F78/12,0) -> 654735.31 | ... CR94: =IFERROR((1+$N94)^4*CR78*$F78/12,0) -> 694416.24 | CS94: =IFERROR((1+$O94)^5*CS78*$F78/12,0) -> 749969.54 | CT94: =IFERROR((1+$O94)^5*CT78*$F78/12,0) -> 792824.94 | CU94: =IFERROR((1+$O94)^5*CU78*$F78/12,0) -> 835680.34 | CV94: =IFERROR((1+$O94)^5*CV78*$F78/12,0) -> 878535.75 | CW94: =IFERROR((1+$O94)^5*CW78*$F78/12,0) -> 921391.15 | CX94: =IFERROR((1+$O94)^5*CX78*$F78/12,0) -> 964246.55 | CY94: =IFERROR((1+$O94)^5*CY78*$F78/12,0) -> 1007102 | CZ94: =IFERROR((1+$O94)^5*CZ78*$F78/12,0) -> 1049957.4 | ... DD94: =IFERROR((1+$O94)^5*DD78*$F78/12,0) -> 1178523.6
E95: =E79 -> 0 | Q95: =SUM(Y95:AJ95) -> 0 | R95: =SUM(AK95:AV95) -> 0 | S95: =SUM(AW95:BH95) -> 0 | T95: =SUM(BI95:BT95) -> 0 | U95: =SUM(BU95:CF95) -> 0 | V95: =SUM(CG95:CR95) -> 0 | W95: =SUM(CS95:DD95) -> 0 | AK95: =IFERROR(AK79*$F79/12,0) -> 0 | AL95: =IFERROR(AL79*$F79/12,0) -> 0 | AM95: =IFERROR(AM79*$F79/12,0) -> 0 | AN95: =IFERROR(AN79*$F79/12,0) -> 0 | AO95: =IFERROR(AO79*$F79/12,0) -> 0 | AP95: =IFERROR(AP79*$F79/12,0) -> 0 | AQ95: =IFERROR(AQ79*$F79/12,0) -> 0 | AR95: =IFERROR(AR79*$F79/12,0) -> 0 | ... AV95: =IFERROR(AV79*$F79/12,0) -> 0 | AW95: =IFERROR((1+$K95)*AW79*$F79/12,0) -> 0 | AX95: =IFERROR((1+$K95)*AX79*$F79/12,0) -> 0 | AY95: =IFERROR((1+$K95)*AY79*$F79/12,0) -> 0 | AZ95: =IFERROR((1+$K95)*AZ79*$F79/12,0) -> 0 | BA95: =IFERROR((1+$K95)*BA79*$F79/12,0) -> 0 | BB95: =IFERROR((1+$K95)*BB79*$F79/12,0) -> 0 | BC95: =IFERROR((1+$K95)*BC79*$F79/12,0) -> 0 | BD95: =IFERROR((1+$K95)*BD79*$F79/12,0) -> 0 | ... BH95: =IFERROR((1+$K95)*BH79*$F79/12,0) -> 0 | BI95: =IFERROR((1+$L95)^2*BI79*$F79/12,0) -> 0 | BJ95: =IFERROR((1+$L95)^2*BJ79*$F79/12,0) -> 0 | BK95: =IFERROR((1+$L95)^2*BK79*$F79/12,0) -> 0 | BL95: =IFERROR((1+$L95)^2*BL79*$F79/12,0) -> 0 | BM95: =IFERROR((1+$L95)^2*BM79*$F79/12,0) -> 0 | BN95: =IFERROR((1+$L95)^2*BN79*$F79/12,0) -> 0 | BO95: =IFERROR((1+$L95)^2*BO79*$F79/12,0) -> 0 | BP95: =IFERROR((1+$L95)^2*BP79*$F79/12,0) -> 0 | ... BT95: =IFERROR((1+$L95)^2*BT79*$F79/12,0) -> 0 | BU95: =IFERROR((1+$M95)^3*BU79*$F79/12,0) -> 0 | BV95: =IFERROR((1+$M95)^3*BV79*$F79/12,0) -> 0 | BW95: =IFERROR((1+$M95)^3*BW79*$F79/12,0) -> 0 | BX95: =IFERROR((1+$M95)^3*BX79*$F79/12,0) -> 0 | BY95: =IFERROR((1+$M95)^3*BY79*$F79/12,0) -> 0 | BZ95: =IFERROR((1+$M95)^3*BZ79*$F79/12,0) -> 0 | CA95: =IFERROR((1+$M95)^3*CA79*$F79/12,0) -> 0 | CB95: =IFERROR((1+$M95)^3*CB79*$F79/12,0) -> 0 | ... CF95: =IFERROR((1+$M95)^3*CF79*$F79/12,0) -> 0 | CG95: =IFERROR((1+$N95)^4*CG79*$F79/12,0) -> 0 | CH95: =IFERROR((1+$N95)^4*CH79*$F79/12,0) -> 0 | CI95: =IFERROR((1+$N95)^4*CI79*$F79/12,0) -> 0 | CJ95: =IFERROR((1+$N95)^4*CJ79*$F79/12,0) -> 0 | CK95: =IFERROR((1+$N95)^4*CK79*$F79/12,0) -> 0 | CL95: =IFERROR((1+$N95)^4*CL79*$F79/12,0) -> 0 | CM95: =IFERROR((1+$N95)^4*CM79*$F79/12,0) -> 0 | CN95: =IFERROR((1+$N95)^4*CN79*$F79/12,0) -> 0 | ... CR95: =IFERROR((1+$N95)^4*CR79*$F79/12,0) -> 0 | CS95: =IFERROR((1+$O95)^5*CS79*$F79/12,0) -> 0 | CT95: =IFERROR((1+$O95)^5*CT79*$F79/12,0) -> 0 | CU95: =IFERROR((1+$O95)^5*CU79*$F79/12,0) -> 0 | CV95: =IFERROR((1+$O95)^5*CV79*$F79/12,0) -> 0 | CW95: =IFERROR((1+$O95)^5*CW79*$F79/12,0) -> 0 | CX95: =IFERROR((1+$O95)^5*CX79*$F79/12,0) -> 0 | CY95: =IFERROR((1+$O95)^5*CY79*$F79/12,0) -> 0 | CZ95: =IFERROR((1+$O95)^5*CZ79*$F79/12,0) -> 0 | ... DD95: =IFERROR((1+$O95)^5*DD79*$F79/12,0) -> 0
E97: =E81 -> Contractors
E98: =E82 -> Full-Time Contractors | Q98: =SUM(Y98:AJ98) -> 0 | R98: =SUM(AK98:AV98) -> 160000 | S98: =SUM(AW98:BH98) -> 660000 | T98: =SUM(BI98:BT98) -> 1500000 | U98: =SUM(BU98:CF98) -> 2340000 | V98: =SUM(CG98:CR98) -> 2760000 | W98: =SUM(CS98:DD98) -> 2760000 | AK98: =IFERROR(AK82*$F82/12,0) -> 10000 | AL98: =IFERROR(AL82*$F82/12,0) -> 10000 | AM98: =IFERROR(AM82*$F82/12,0) -> 10000 | AN98: =IFERROR(AN82*$F82/12,0) -> 10000 | AO98: =IFERROR(AO82*$F82/12,0) -> 10000 | AP98: =IFERROR(AP82*$F82/12,0) -> 10000 | AQ98: =IFERROR(AQ82*$F82/12,0) -> 10000 | AR98: =IFERROR(AR82*$F82/12,0) -> 10000 | ... AV98: =IFERROR(AV82*$F82/12,0) -> 20000 | AW98: =IFERROR((1+$K98)*AW82*$F82/12,0) -> 30000 | AX98: =IFERROR((1+$K98)*AX82*$F82/12,0) -> 30000 | AY98: =IFERROR((1+$K98)*AY82*$F82/12,0) -> 30000 | AZ98: =IFERROR((1+$K98)*AZ82*$F82/12,0) -> 40000 | BA98: =IFERROR((1+$K98)*BA82*$F82/12,0) -> 40000 | BB98: =IFERROR((1+$K98)*BB82*$F82/12,0) -> 40000 | BC98: =IFERROR((1+$K98)*BC82*$F82/12,0) -> 60000 | BD98: =IFERROR((1+$K98)*BD82*$F82/12,0) -> 70000 | ... BH98: =IFERROR((1+$K98)*BH82*$F82/12,0) -> 90000 | BI98: =IFERROR((1+$L98)^2*BI82*$F82/12,0) -> 100000 | BJ98: =IFERROR((1+$L98)^2*BJ82*$F82/12,0) -> 100000 | BK98: =IFERROR((1+$L98)^2*BK82*$F82/12,0) -> 100000 | BL98: =IFERROR((1+$L98)^2*BL82*$F82/12,0) -> 110000 | BM98: =IFERROR((1+$L98)^2*BM82*$F82/12,0) -> 110000 | BN98: =IFERROR((1+$L98)^2*BN82*$F82/12,0) -> 110000 | BO98: =IFERROR((1+$L98)^2*BO82*$F82/12,0) -> 130000 | BP98: =IFERROR((1+$L98)^2*BP82*$F82/12,0) -> 140000 | ... BT98: =IFERROR((1+$L98)^2*BT82*$F82/12,0) -> 160000 | BU98: =IFERROR((1+$M98)^3*BU82*$F82/12,0) -> 170000 | BV98: =IFERROR((1+$M98)^3*BV82*$F82/12,0) -> 170000 | BW98: =IFERROR((1+$M98)^3*BW82*$F82/12,0) -> 170000 | BX98: =IFERROR((1+$M98)^3*BX82*$F82/12,0) -> 180000 | BY98: =IFERROR((1+$M98)^3*BY82*$F82/12,0) -> 180000 | BZ98: =IFERROR((1+$M98)^3*BZ82*$F82/12,0) -> 180000 | CA98: =IFERROR((1+$M98)^3*CA82*$F82/12,0) -> 200000 | CB98: =IFERROR((1+$M98)^3*CB82*$F82/12,0) -> 210000 | ... CF98: =IFERROR((1+$M98)^3*CF82*$F82/12,0) -> 230000 | CG98: =IFERROR((1+$N98)^4*CG82*$F82/12,0) -> 230000 | CH98: =IFERROR((1+$N98)^4*CH82*$F82/12,0) -> 230000 | CI98: =IFERROR((1+$N98)^4*CI82*$F82/12,0) -> 230000 | CJ98: =IFERROR((1+$N98)^4*CJ82*$F82/12,0) -> 230000 | CK98: =IFERROR((1+$N98)^4*CK82*$F82/12,0) -> 230000 | CL98: =IFERROR((1+$N98)^4*CL82*$F82/12,0) -> 230000 | CM98: =IFERROR((1+$N98)^4*CM82*$F82/12,0) -> 230000 | CN98: =IFERROR((1+$N98)^4*CN82*$F82/12,0) -> 230000 | ... CR98: =IFERROR((1+$N98)^4*CR82*$F82/12,0) -> 230000 | CS98: =IFERROR((1+$O98)^5*CS82*$F82/12,0) -> 230000 | CT98: =IFERROR((1+$O98)^5*CT82*$F82/12,0) -> 230000 | CU98: =IFERROR((1+$O98)^5*CU82*$F82/12,0) -> 230000 | CV98: =IFERROR((1+$O98)^5*CV82*$F82/12,0) -> 230000 | CW98: =IFERROR((1+$O98)^5*CW82*$F82/12,0) -> 230000 | CX98: =IFERROR((1+$O98)^5*CX82*$F82/12,0) -> 230000 | CY98: =IFERROR((1+$O98)^5*CY82*$F82/12,0) -> 230000 | CZ98: =IFERROR((1+$O98)^5*CZ82*$F82/12,0) -> 230000 | ... DD98: =IFERROR((1+$O98)^5*DD82*$F82/12,0) -> 230000
E99: =E83 -> 0 | Q99: =SUM(Y99:AJ99) -> 0 | R99: =SUM(AK99:AV99) -> 0 | S99: =SUM(AW99:BH99) -> 0 | T99: =SUM(BI99:BT99) -> 0 | U99: =SUM(BU99:CF99) -> 0 | V99: =SUM(CG99:CR99) -> 0 | W99: =SUM(CS99:DD99) -> 0 | AK99: =IFERROR(AK83*$F83/12,0) -> 0 | AL99: =IFERROR(AL83*$F83/12,0) -> 0 | AM99: =IFERROR(AM83*$F83/12,0) -> 0 | AN99: =IFERROR(AN83*$F83/12,0) -> 0 | AO99: =IFERROR(AO83*$F83/12,0) -> 0 | AP99: =IFERROR(AP83*$F83/12,0) -> 0 | AQ99: =IFERROR(AQ83*$F83/12,0) -> 0 | AR99: =IFERROR(AR83*$F83/12,0) -> 0 | ... AV99: =IFERROR(AV83*$F83/12,0) -> 0 | AW99: =IFERROR((1+$K99)*AW83*$F83/12,0) -> 0 | AX99: =IFERROR((1+$K99)*AX83*$F83/12,0) -> 0 | AY99: =IFERROR((1+$K99)*AY83*$F83/12,0) -> 0 | AZ99: =IFERROR((1+$K99)*AZ83*$F83/12,0) -> 0 | BA99: =IFERROR((1+$K99)*BA83*$F83/12,0) -> 0 | BB99: =IFERROR((1+$K99)*BB83*$F83/12,0) -> 0 | BC99: =IFERROR((1+$K99)*BC83*$F83/12,0) -> 0 | BD99: =IFERROR((1+$K99)*BD83*$F83/12,0) -> 0 | ... BH99: =IFERROR((1+$K99)*BH83*$F83/12,0) -> 0 | BI99: =IFERROR((1+$L99)^2*BI83*$F83/12,0) -> 0 | BJ99: =IFERROR((1+$L99)^2*BJ83*$F83/12,0) -> 0 | BK99: =IFERROR((1+$L99)^2*BK83*$F83/12,0) -> 0 | BL99: =IFERROR((1+$L99)^2*BL83*$F83/12,0) -> 0 | BM99: =IFERROR((1+$L99)^2*BM83*$F83/12,0) -> 0 | BN99: =IFERROR((1+$L99)^2*BN83*$F83/12,0) -> 0 | BO99: =IFERROR((1+$L99)^2*BO83*$F83/12,0) -> 0 | BP99: =IFERROR((1+$L99)^2*BP83*$F83/12,0) -> 0 | ... BT99: =IFERROR((1+$L99)^2*BT83*$F83/12,0) -> 0 | BU99: =IFERROR((1+$M99)^3*BU83*$F83/12,0) -> 0 | BV99: =IFERROR((1+$M99)^3*BV83*$F83/12,0) -> 0 | BW99: =IFERROR((1+$M99)^3*BW83*$F83/12,0) -> 0 | BX99: =IFERROR((1+$M99)^3*BX83*$F83/12,0) -> 0 | BY99: =IFERROR((1+$M99)^3*BY83*$F83/12,0) -> 0 | BZ99: =IFERROR((1+$M99)^3*BZ83*$F83/12,0) -> 0 | CA99: =IFERROR((1+$M99)^3*CA83*$F83/12,0) -> 0 | CB99: =IFERROR((1+$M99)^3*CB83*$F83/12,0) -> 0 | ... CF99: =IFERROR((1+$M99)^3*CF83*$F83/12,0) -> 0 | CG99: =IFERROR((1+$N99)^4*CG83*$F83/12,0) -> 0 | CH99: =IFERROR((1+$N99)^4*CH83*$F83/12,0) -> 0 | CI99: =IFERROR((1+$N99)^4*CI83*$F83/12,0) -> 0 | CJ99: =IFERROR((1+$N99)^4*CJ83*$F83/12,0) -> 0 | CK99: =IFERROR((1+$N99)^4*CK83*$F83/12,0) -> 0 | CL99: =IFERROR((1+$N99)^4*CL83*$F83/12,0) -> 0 | CM99: =IFERROR((1+$N99)^4*CM83*$F83/12,0) -> 0 | CN99: =IFERROR((1+$N99)^4*CN83*$F83/12,0) -> 0 | ... CR99: =IFERROR((1+$N99)^4*CR83*$F83/12,0) -> 0 | CS99: =IFERROR((1+$O99)^5*CS83*$F83/12,0) -> 0 | CT99: =IFERROR((1+$O99)^5*CT83*$F83/12,0) -> 0 | CU99: =IFERROR((1+$O99)^5*CU83*$F83/12,0) -> 0 | CV99: =IFERROR((1+$O99)^5*CV83*$F83/12,0) -> 0 | CW99: =IFERROR((1+$O99)^5*CW83*$F83/12,0) -> 0 | CX99: =IFERROR((1+$O99)^5*CX83*$F83/12,0) -> 0 | CY99: =IFERROR((1+$O99)^5*CY83*$F83/12,0) -> 0 | CZ99: =IFERROR((1+$O99)^5*CZ83*$F83/12,0) -> 0 | ... DD99: =IFERROR((1+$O99)^5*DD83*$F83/12,0) -> 0
E100: =E84 -> 0 | Q100: =SUM(Y100:AJ100) -> 0 | R100: =SUM(AK100:AV100) -> 0 | S100: =SUM(AW100:BH100) -> 0 | T100: =SUM(BI100:BT100) -> 0 | U100: =SUM(BU100:CF100) -> 0 | V100: =SUM(CG100:CR100) -> 0 | W100: =SUM(CS100:DD100) -> 0 | AK100: =IFERROR(AK84*$F84/12,0) -> 0 | AL100: =IFERROR(AL84*$F84/12,0) -> 0 | AM100: =IFERROR(AM84*$F84/12,0) -> 0 | AN100: =IFERROR(AN84*$F84/12,0) -> 0 | AO100: =IFERROR(AO84*$F84/12,0) -> 0 | AP100: =IFERROR(AP84*$F84/12,0) -> 0 | AQ100: =IFERROR(AQ84*$F84/12,0) -> 0 | AR100: =IFERROR(AR84*$F84/12,0) -> 0 | ... AV100: =IFERROR(AV84*$F84/12,0) -> 0 | AW100: =IFERROR((1+$K100)*AW84*$F84/12,0) -> 0 | AX100: =IFERROR((1+$K100)*AX84*$F84/12,0) -> 0 | AY100: =IFERROR((1+$K100)*AY84*$F84/12,0) -> 0 | AZ100: =IFERROR((1+$K100)*AZ84*$F84/12,0) -> 0 | BA100: =IFERROR((1+$K100)*BA84*$F84/12,0) -> 0 | BB100: =IFERROR((1+$K100)*BB84*$F84/12,0) -> 0 | BC100: =IFERROR((1+$K100)*BC84*$F84/12,0) -> 0 | BD100: =IFERROR((1+$K100)*BD84*$F84/12,0) -> 0 | ... BH100: =IFERROR((1+$K100)*BH84*$F84/12,0) -> 0 | BI100: =IFERROR((1+$L100)^2*BI84*$F84/12,0) -> 0 | BJ100: =IFERROR((1+$L100)^2*BJ84*$F84/12,0) -> 0 | BK100: =IFERROR((1+$L100)^2*BK84*$F84/12,0) -> 0 | BL100: =IFERROR((1+$L100)^2*BL84*$F84/12,0) -> 0 | BM100: =IFERROR((1+$L100)^2*BM84*$F84/12,0) -> 0 | BN100: =IFERROR((1+$L100)^2*BN84*$F84/12,0) -> 0 | BO100: =IFERROR((1+$L100)^2*BO84*$F84/12,0) -> 0 | BP100: =IFERROR((1+$L100)^2*BP84*$F84/12,0) -> 0 | ... BT100: =IFERROR((1+$L100)^2*BT84*$F84/12,0) -> 0 | BU100: =IFERROR((1+$M100)^3*BU84*$F84/12,0) -> 0 | BV100: =IFERROR((1+$M100)^3*BV84*$F84/12,0) -> 0 | BW100: =IFERROR((1+$M100)^3*BW84*$F84/12,0) -> 0 | BX100: =IFERROR((1+$M100)^3*BX84*$F84/12,0) -> 0 | BY100: =IFERROR((1+$M100)^3*BY84*$F84/12,0) -> 0 | BZ100: =IFERROR((1+$M100)^3*BZ84*$F84/12,0) -> 0 | CA100: =IFERROR((1+$M100)^3*CA84*$F84/12,0) -> 0 | CB100: =IFERROR((1+$M100)^3*CB84*$F84/12,0) -> 0 | ... CF100: =IFERROR((1+$M100)^3*CF84*$F84/12,0) -> 0 | CG100: =IFERROR((1+$N100)^4*CG84*$F84/12,0) -> 0 | CH100: =IFERROR((1+$N100)^4*CH84*$F84/12,0) -> 0 | CI100: =IFERROR((1+$N100)^4*CI84*$F84/12,0) -> 0 | CJ100: =IFERROR((1+$N100)^4*CJ84*$F84/12,0) -> 0 | CK100: =IFERROR((1+$N100)^4*CK84*$F84/12,0) -> 0 | CL100: =IFERROR((1+$N100)^4*CL84*$F84/12,0) -> 0 | CM100: =IFERROR((1+$N100)^4*CM84*$F84/12,0) -> 0 | CN100: =IFERROR((1+$N100)^4*CN84*$F84/12,0) -> 0 | ... CR100: =IFERROR((1+$N100)^4*CR84*$F84/12,0) -> 0 | CS100: =IFERROR((1+$O100)^5*CS84*$F84/12,0) -> 0 | CT100: =IFERROR((1+$O100)^5*CT84*$F84/12,0) -> 0 | CU100: =IFERROR((1+$O100)^5*CU84*$F84/12,0) -> 0 | CV100: =IFERROR((1+$O100)^5*CV84*$F84/12,0) -> 0 | CW100: =IFERROR((1+$O100)^5*CW84*$F84/12,0) -> 0 | CX100: =IFERROR((1+$O100)^5*CX84*$F84/12,0) -> 0 | CY100: =IFERROR((1+$O100)^5*CY84*$F84/12,0) -> 0 | CZ100: =IFERROR((1+$O100)^5*CZ84*$F84/12,0) -> 0 | ... DD100: =IFERROR((1+$O100)^5*DD84*$F84/12,0) -> 0
E101: Total Payroll | Q101: =SUM(Y101:AJ101) -> 920000 | R101: =SUM(AK101:AV101) -> 3121250 | S101: =SUM(AW101:BH101) -> 7327158.3 | T101: =SUM(BI101:BT101) -> 9205885.3 | U101: =SUM(BU101:CF101) -> 15784620 | V101: =SUM(CG101:CR101) -> 25247749 | W101: =SUM(CS101:DD101) -> 37207172 | Y101: 20000 | Z101: 30000 | AA101: 30000 | AB101: 60833.333 | AC101: 90000 | AD101: 90000 | AE101: 90000 | AF101: 90000 | AG101: 90000 | AH101: 100000 | AI101: 114583.33 | AJ101: 114583.33 | AK101: =SUM(AK89:AK100) -> 112083.33 | AL101: =SUM(AL89:AL100) -> 126666.67 | AM101: =SUM(AM89:AM100) -> 141250 | AN101: =SUM(AN89:AN100) -> 185000 | AO101: =SUM(AO89:AO100) -> 241250 | AP101: =SUM(AP89:AP100) -> 270416.67 | AQ101: =SUM(AQ89:AQ100) -> 281250 | AR101: =SUM(AR89:AR100) -> 303750 | ... DD101: =SUM(DD89:DD100) -> 3576394.7
E103: Payroll
E104: Salary & Wages | F104: From Payroll Section | Q104: =SUM(Y104:AJ104) -> 0 | R104: =SUM(AK104:AV104) -> 2961250 | S104: =SUM(AW104:BH104) -> 6667158.3 | T104: =SUM(BI104:BT104) -> 7705885.3 | U104: =SUM(BU104:CF104) -> 13444620 | V104: =SUM(CG104:CR104) -> 22487749 | W104: =SUM(CS104:DD104) -> 34447172 | AK104: =SUM(AK89:AK96) -> 102083.33 | AL104: =SUM(AL89:AL96) -> 116666.67 | AM104: =SUM(AM89:AM96) -> 131250 | AN104: =SUM(AN89:AN96) -> 175000 | AO104: =SUM(AO89:AO96) -> 231250 | AP104: =SUM(AP89:AP96) -> 260416.67 | AQ104: =SUM(AQ89:AQ96) -> 271250 | AR104: =SUM(AR89:AR96) -> 293750 | ... DD104: =SUM(DD89:DD96) -> 3346394.7
E105: Bonus Pool | F105: Bonus Pool | I105: 0 | J105: 0.1 | K105: 0.1 | L105: 0.1 | M105: 0.1 | N105: 0.1 | O105: 0.1 | Q105: =SUM(Y105:AJ105) -> 0 | R105: =SUM(AK105:AV105) -> 296125 | S105: =SUM(AW105:BH105) -> 666715.83 | T105: =SUM(BI105:BT105) -> 770588.53 | U105: =SUM(BU105:CF105) -> 1344462 | V105: =SUM(CG105:CR105) -> 2248774.9 | W105: =SUM(CS105:DD105) -> 3444717.2 | AK105: 0 | AL105: 0 | AM105: 0 | AN105: 0 | AO105: 0 | AP105: 0 | AQ105: 0 | AR105: 0 | AS105: 0 | AT105: 0 | AU105: 0 | AV105: =J105*SUM($R$104:$R$104) -> 296125 | AW105: 0 | AX105: 0 | AY105: 0 | AZ105: 0 | BA105: 0 | BB105: 0 | BC105: 0 | BD105: 0 | BE105: 0 | BF105: 0 | BG105: 0 | BH105: =K105*SUM(S104:S104) -> 666715.83 | BI105: 0 | BJ105: 0 | BK105: 0 | BL105: 0 | BM105: 0 | BN105: 0 | BO105: 0 | BP105: 0 | BQ105: 0 | BR105: 0 | BS105: 0 | BT105: =L105*SUM(T104:T104) -> 770588.53 | BU105: 0 | BV105: 0 | BW105: 0 | BX105: 0 | BY105: 0 | BZ105: 0 | CA105: 0 | CB105: 0 | CC105: 0 | CD105: 0 | CE105: 0 | CF105: =M105*SUM(U104:U104) -> 1344462 | CG105: 0 | CH105: 0 | CI105: 0 | CJ105: 0 | CK105: 0 | CL105: 0 | CM105: 0 | CN105: 0 | CO105: 0 | CP105: 0 | CQ105: 0 | CR105: =N105*SUM(V104:V104) -> 2248774.9 | CS105: 0 | CT105: 0 | CU105: 0 | CV105: 0 | CW105: 0 | CX105: 0 | CY105: 0 | CZ105: 0 | DA105: 0 | DB105: 0 | DC105: 0 | DD105: =$O$105*SUM(W104:W104) -> 3444717.2
E106: Payroll Tax | F106: Rate | J106: 0.1 | Q106: =SUM(Y106:AJ106) -> 0 | R106: =SUM(AK106:AV106) -> 325737.5 | S106: =SUM(AW106:BH106) -> 733387.42 | T106: =SUM(BI106:BT106) -> 847647.39 | U106: =SUM(BU106:CF106) -> 1478908.2 | V106: =SUM(CG106:CR106) -> 2473652.4 | W106: =SUM(CS106:DD106) -> 3789189 | AK106: =SUM(AK104:AK105)*$J$106 -> 10208.333 | AL106: =SUM(AL104:AL105)*$J$106 -> 11666.667 | AM106: =SUM(AM104:AM105)*$J$106 -> 13125 | AN106: =SUM(AN104:AN105)*$J$106 -> 17500 | AO106: =SUM(AO104:AO105)*$J$106 -> 23125 | AP106: =SUM(AP104:AP105)*$J$106 -> 26041.667 | AQ106: =SUM(AQ104:AQ105)*$J$106 -> 27125 | AR106: =SUM(AR104:AR105)*$J$106 -> 29375 | ... DD106: =SUM(DD104:DD105)*$J$106 -> 679111.19
E107: Employee Benefits | F107: Per FT Employee/Month | I107: 500 | J107: 800 | K107: 850 | L107: 850 | M107: 1500 | N107: 2500 | O107: 2500 | Q107: =SUM(Y107:AJ107) -> 0 | R107: =SUM(AK107:AV107) -> 189600 | S107: =SUM(AW107:BH107) -> 453900 | T107: =SUM(BI107:BT107) -> 575450 | U107: =SUM(BU107:CF107) -> 1512000 | V107: =SUM(CG107:CR107) -> 4195000 | W107: =SUM(CS107:DD107) -> 5602500 | AK107: =$J$107*AK85 -> 7200 | AL107: =$J$107*AL85 -> 8000 | AM107: =$J$107*AM85 -> 8800 | AN107: =$J$107*AN85 -> 11200 | AO107: =$J$107*AO85 -> 14400 | AP107: =$J$107*AP85 -> 16000 | AQ107: =$J$107*AQ85 -> 16800 | AR107: =$J$107*AR85 -> 18400 | ... AV107: =$J$107*AV85 -> 24000 | AW107: =$K$107*AW85 -> 27200 | AX107: =$K$107*AX85 -> 28050 | AY107: =$K$107*AY85 -> 29750 | AZ107: =$K$107*AZ85 -> 33150 | BA107: =$K$107*BA85 -> 33150 | BB107: =$K$107*BB85 -> 38250 | BC107: =$K$107*BC85 -> 40800 | BD107: =$K$107*BD85 -> 41650 | ... BH107: =$K$107*BH85 -> 48450 | BI107: =$L$107*BI85 -> 49300 | BJ107: =$L$107*BJ85 -> 50150 | BK107: =$L$107*BK85 -> 51000 | BL107: =$L$107*BL85 -> 52700 | BM107: =$L$107*BM85 -> 53550 | BN107: =$L$107*BN85 -> 38250 | BO107: =$L$107*BO85 -> 41650 | BP107: =$L$107*BP85 -> 43350 | ... BT107: =$L$107*BT85 -> 51850 | BU107: =$M$107*BU85 -> 93000 | BV107: =$M$107*BV85 -> 94500 | BW107: =$M$107*BW85 -> 99000 | BX107: =$M$107*BX85 -> 105000 | BY107: =$M$107*BY85 -> 108000 | BZ107: =$M$107*BZ85 -> 111000 | CA107: =$M$107*CA85 -> 129000 | CB107: =$M$107*CB85 -> 136500 | ... CF107: =$M$107*CF85 -> 168000 | CG107: =$N$107*CG85 -> 292500 | CH107: =$N$107*CH85 -> 302500 | CI107: =$N$107*CI85 -> 312500 | CJ107: =$N$107*CJ85 -> 325000 | CK107: =$N$107*CK85 -> 340000 | CL107: =$N$107*CL85 -> 350000 | CM107: =$N$107*CM85 -> 360000 | CN107: =$N$107*CN85 -> 367500 | ... CR107: =$N$107*CR85 -> 390000 | CS107: =$O$107*CS85 -> 390000 | CT107: =$O$107*CT85 -> 405000 | CU107: =$O$107*CU85 -> 420000 | CV107: =$O$107*CV85 -> 435000 | CW107: =$O$107*CW85 -> 450000 | CX107: =$O$107*CX85 -> 465000 | CY107: =$O$107*CY85 -> 477500 | CZ107: =$O$107*CZ85 -> 490000 | ... DD107: =$O$107*DD85 -> 532500
E108: Total Payroll | Q108: =SUM(Y108:AJ108) -> 920000 | R108: =SUM(R104:R107) -> 3772712.5 | S108: =SUM(S104:S107) -> 8521161.6 | T108: =SUM(T104:T107) -> 9899571.3 | U108: =SUM(U104:U107) -> 17779990 | V108: =SUM(V104:V107) -> 31405176 | W108: =SUM(W104:W107) -> 47283579 | X108: =SUM(X104:X107) -> 0 | Y108: =Y101 -> 20000 | Z108: =Z101 -> 30000 | AA108: =AA101 -> 30000 | AB108: =AB101 -> 60833.333 | AC108: =AC101 -> 90000 | AD108: =AD101 -> 90000 | AE108: =AE101 -> 90000 | AF108: =AF101 -> 90000 | ... AJ108: =AJ101 -> 114583.33 | AK108: =SUM(AK104:AK107) -> 119491.67 | AL108: =SUM(AL104:AL107) -> 136333.33 | AM108: =SUM(AM104:AM107) -> 153175 | AN108: =SUM(AN104:AN107) -> 203700 | AO108: =SUM(AO104:AO107) -> 268775 | AP108: =SUM(AP104:AP107) -> 302458.33 | AQ108: =SUM(AQ104:AQ107) -> 315175 | AR108: =SUM(AR104:AR107) -> 341525 | ... DD108: =SUM(DD104:DD107) -> 8002723.1
E110: Contract Labor | F110: From Above Payroll Section | Q110: =SUM(Y110:AJ110) -> 50000 | R110: =SUM(AK110:AV110) -> 160000 | S110: =SUM(AW110:BH110) -> 660000 | T110: =SUM(BI110:BT110) -> 1500000 | U110: =SUM(BU110:CF110) -> 2340000 | V110: =SUM(CG110:CR110) -> 2760000 | W110: =SUM(CS110:DD110) -> 2760000 | AF110: 10000 | AG110: 10000 | AH110: 10000 | AI110: 10000 | AJ110: 10000 | AK110: =SUM(AK98:AK100) -> 10000 | AL110: =SUM(AL98:AL100) -> 10000 | AM110: =SUM(AM98:AM100) -> 10000 | AN110: =SUM(AN98:AN100) -> 10000 | AO110: =SUM(AO98:AO100) -> 10000 | AP110: =SUM(AP98:AP100) -> 10000 | AQ110: =SUM(AQ98:AQ100) -> 10000 | AR110: =SUM(AR98:AR100) -> 10000 | ... DD110: =SUM(DD98:DD100) -> 230000
E112: Sales & Marketing Programs | F112: CAC for clients added | J112: 350 | K112: 325 | L112: 325 | M112: 500 | N112: 2500 | O112: 2500 | Q112: =SUM(Y112:AJ112) -> 269750 | R112: =SUM(AK112:AV112) -> 379050 | S112: =SUM(AW112:BH112) -> 1216782.3 | T112: =SUM(BI112:BT112) -> 3083290.4 | U112: =SUM(BU112:CF112) -> 4159969.7 | V112: =SUM(CG112:CR112) -> 9154633.8 | W112: =SUM(CS112:DD112) -> 11476319 | Y112: =Y22*1000 -> 20000 | Z112: =(Z22-Y22)*1000 -> 20000 | AA112: =(AA22-Z22)*1000 -> 20000 | AB112: =(AB22-AA22)*1000 -> 17000 | AC112: =(AC22-AB22)*1000 -> 21750 | AD112: 20000 | AE112: =(AE22-AD22)*600 -> 52800 | AF112: =(AF22-AE22)*600 -> 33900 | AG112: =(AG22-AF22)*400 -> 30600 | AH112: =(AH22-AG22)*200 -> 5200 | AI112: =(AI22-AH22)*150 -> 19800 | AJ112: =(AJ22-AI22)*150 -> 8700 | AK112: =(AK22-AJ22)*$J$112 -> 21350 | AL112: =(AL22-AK22)*$J$112 -> 24850 | AM112: =(AM22-AL22)*$J$112 -> 29050 | AN112: =(AN22-AM22)*$J$112 -> 33950 | AO112: =(AO22-AN22)*$J$112 -> 39900 | AP112: =(AP22-AO22)*$J$112 -> 46900 | AQ112: =(AQ22-AP22)*$J$112 -> 31150 | AR112: =(AR22-AQ22)*$J$112 -> 33950 | ... AV112: =(AV22-AU22)*$J$112 -> 27300 | AW112: =(AW22-AV22)*$K$112 -> 33946.25 | AX112: =(AX22-AW22)*$K$112 -> 46637.5 | AY112: =(AY22-AX22)*$K$112 -> 50842.269 | AZ112: =(AZ22-AY22)*$K$112 -> 55444.565 | BA112: =(BA22-AZ22)*$K$112 -> 60482.995 | BB112: =(BB22-BA22)*$K$112 -> 65999.966 | BC112: =(BC22-BB22)*$K$112 -> 90839.044 | BD112: =(BD22-BC22)*$K$112 -> 127902.01 | ... BH112: =(BH22-BG22)*$K$112 -> 121595.59 | BI112: =(BI22-BH22)*$L$112 -> 142300.37 | BJ112: =(BJ22-BI22)*$L$112 -> 145142.31 | BK112: =(BK22-BJ22)*$L$112 -> 161439 | BL112: =(BL22-BK22)*$L$112 -> 180090.56 | BM112: =(BM22-BL22)*$L$112 -> 201100.18 | BN112: =(BN22-BM22)*$L$112 -> 225121.19 | BO112: =(BO22-BN22)*$L$112 -> 252482.04 | BP112: =(BP22-BO22)*$L$112 -> 283511.32 | ... BT112: =(BT22-BS22)*$L$112 -> 406627.45 | BU112: =(BU22-BT22)*$M$112 -> 556302 | BV112: =(BV22-BU22)*$M$112 -> 605589.42 | BW112: =(BW22-BV22)*$M$112 -> 659577 | BX112: =(BX22-BW22)*$M$112 -> 416089.86 | BY112: =(BY22-BX22)*$M$112 -> 435511.85 | BZ112: =(BZ22-BY22)*$M$112 -> 255669.67 | CA112: =(CA22-BZ22)*$M$112 -> 262982.58 | CB112: =(CB22-CA22)*$M$112 -> 270537.06 | ... CF112: =(CF22-CE22)*$M$112 -> 57621.722 | CG112: =(CG22-CF22)*$N$112 -> 289549.15 | CH112: =(CH22-CG22)*$N$112 -> 795549.7 | CI112: =(CI22-CH22)*$N$112 -> 807776.31 | CJ112: =(CJ22-CI22)*$N$112 -> 820210.61 | CK112: =(CK22-CJ22)*$N$112 -> 832856.39 | CL112: =(CL22-CK22)*$N$112 -> 845717.5 | CM112: =(CM22-CL22)*$N$112 -> 858797.87 | CN112: =(CN22-CM22)*$N$112 -> 872101.51 | ... CR112: =(CR22-CQ22)*$N$112 -> 333654.05 | CS112: =(CS22-CR22)*$O$112 -> 902601.67 | CT112: =(CT22-CS22)*$O$112 -> 948276.64 | CU112: =(CU22-CT22)*$O$112 -> 963131.53 | CV112: =(CV22-CU22)*$O$112 -> 978242.41 | CW112: =(CW22-CV22)*$O$112 -> 993613.99 | CX112: =(CX22-CW22)*$O$112 -> 1009251.1 | CY112: =(CY22-CX22)*$O$112 -> 1025158.5 | CZ112: =(CZ22-CY22)*$O$112 -> 1041341.4 | ... DD112: =(DD22-DC22)*$O$112 -> 390750.17
E113: General & Administrative | F113: Assume per headcount per month | I113: 750 | J113: 1500 | K113: 1500 | L113: 1500 | M113: 1250 | N113: 1000 | O113: 5000 | Q113: =SUM(Y113:AJ113) -> 1000 | R113: =SUM(AK113:AV113) -> 355500 | S113: =SUM(AW113:BH113) -> 801000 | T113: =SUM(BI113:BT113) -> 1015500 | U113: =SUM(BU113:CF113) -> 1260000 | V113: =SUM(CG113:CR113) -> 1678000 | W113: =SUM(CS113:DD113) -> 11205000 | Z113: 100 | AA113: 100 | AB113: 100 | AC113: 100 | AD113: 100 | AE113: 100 | AF113: 100 | AG113: 100 | AH113: 100 | AI113: 100 | AK113: =$J$113*AK85 -> 13500 | AL113: =$J$113*AL85 -> 15000 | AM113: =$J$113*AM85 -> 16500 | AN113: =$J$113*AN85 -> 21000 | AO113: =$J$113*AO85 -> 27000 | AP113: =$J$113*AP85 -> 30000 | AQ113: =$J$113*AQ85 -> 31500 | AR113: =$J$113*AR85 -> 34500 | ... AV113: =$J$113*AV85 -> 45000 | AW113: =$K$113*AW85 -> 48000 | AX113: =$K$113*AX85 -> 49500 | AY113: =$K$113*AY85 -> 52500 | AZ113: =$K$113*AZ85 -> 58500 | BA113: =$K$113*BA85 -> 58500 | BB113: =$K$113*BB85 -> 67500 | BC113: =$K$113*BC85 -> 72000 | BD113: =$K$113*BD85 -> 73500 | ... BH113: =$K$113*BH85 -> 85500 | BI113: =$L$113*BI85 -> 87000 | BJ113: =$L$113*BJ85 -> 88500 | BK113: =$L$113*BK85 -> 90000 | BL113: =$L$113*BL85 -> 93000 | BM113: =$L$113*BM85 -> 94500 | BN113: =$L$113*BN85 -> 67500 | BO113: =$L$113*BO85 -> 73500 | BP113: =$L$113*BP85 -> 76500 | ... BT113: =$L$113*BT85 -> 91500 | BU113: =$M$113*BU85 -> 77500 | BV113: =$M$113*BV85 -> 78750 | BW113: =$M$113*BW85 -> 82500 | BX113: =$M$113*BX85 -> 87500 | BY113: =$M$113*BY85 -> 90000 | BZ113: =$M$113*BZ85 -> 92500 | CA113: =$M$113*CA85 -> 107500 | CB113: =$M$113*CB85 -> 113750 | ... CF113: =$M$113*CF85 -> 140000 | CG113: =$N$113*CG85 -> 117000 | CH113: =$N$113*CH85 -> 121000 | CI113: =$N$113*CI85 -> 125000 | CJ113: =$N$113*CJ85 -> 130000 | CK113: =$N$113*CK85 -> 136000 | CL113: =$N$113*CL85 -> 140000 | CM113: =$N$113*CM85 -> 144000 | CN113: =$N$113*CN85 -> 147000 | ... CR113: =$N$113*CR85 -> 156000 | CS113: =$O$113*CS85 -> 780000 | CT113: =$O$113*CT85 -> 810000 | CU113: =$O$113*CU85 -> 840000 | CV113: =$O$113*CV85 -> 870000 | CW113: =$O$113*CW85 -> 900000 | CX113: =$O$113*CX85 -> 930000 | CY113: =$O$113*CY85 -> 955000 | CZ113: =$O$113*CZ85 -> 980000 | ... DD113: =$O$113*DD85 -> 1065000
E114: Legal & Professional Fees | F114: Assume per month | I114: 5000 | J114: 10000 | K114: 15000 | L114: 20000 | M114: 30000 | N114: 35000 | O114: 35000 | Q114: =SUM(Y114:AJ114) -> 25700 | R114: =SUM(AK114:AV114) -> 120000 | S114: =SUM(AW114:BH114) -> 180000 | T114: =SUM(BI114:BT114) -> 240000 | U114: =SUM(BU114:CF114) -> 360000 | V114: =SUM(CG114:CR114) -> 420000 | W114: =SUM(CS114:DD114) -> 420000 | AA114: 100 | AB114: 15000 | AC114: 10000 | AD114: 100 | AE114: 100 | AF114: 100 | AG114: 100 | AH114: 100 | AI114: 100 | AK114: =$J114 -> 10000 | AL114: =$J114 -> 10000 | AM114: =$J114 -> 10000 | AN114: =$J114 -> 10000 | AO114: =$J114 -> 10000 | AP114: =$J114 -> 10000 | AQ114: =$J114 -> 10000 | AR114: =$J114 -> 10000 | ... AV114: =$J114 -> 10000 | AW114: =$K114 -> 15000 | AX114: =$K114 -> 15000 | AY114: =$K114 -> 15000 | AZ114: =$K114 -> 15000 | BA114: =$K114 -> 15000 | BB114: =$K114 -> 15000 | BC114: =$K114 -> 15000 | BD114: =$K114 -> 15000 | ... BH114: =$K114 -> 15000 | BI114: =$L114 -> 20000 | BJ114: =$L114 -> 20000 | BK114: =$L114 -> 20000 | BL114: =$L114 -> 20000 | BM114: =$L114 -> 20000 | BN114: =$L114 -> 20000 | BO114: =$L114 -> 20000 | BP114: =$L114 -> 20000 | ... BT114: =$L114 -> 20000 | BU114: =$M114 -> 30000 | BV114: =$M114 -> 30000 | BW114: =$M114 -> 30000 | BX114: =$M114 -> 30000 | BY114: =$M114 -> 30000 | BZ114: =$M114 -> 30000 | CA114: =$M114 -> 30000 | CB114: =$M114 -> 30000 | ... CF114: =$M114 -> 30000 | CG114: =$N114 -> 35000 | CH114: =$N114 -> 35000 | CI114: =$N114 -> 35000 | CJ114: =$N114 -> 35000 | CK114: =$N114 -> 35000 | CL114: =$N114 -> 35000 | CM114: =$N114 -> 35000 | CN114: =$N114 -> 35000 | ... CR114: =$N114 -> 35000 | CS114: =$O114 -> 35000 | CT114: =$O114 -> 35000 | CU114: =$O114 -> 35000 | CV114: =$O114 -> 35000 | CW114: =$O114 -> 35000 | CX114: =$O114 -> 35000 | CY114: =$O114 -> 35000 | CZ114: =$O114 -> 35000 | ... DD114: =$O114 -> 35000
E115: Rent | F115: Assume per month | I115: 17500 | J115: 17500 | K115: 17500 | L115: 25000 | M115: 35000 | N115: 40000 | O115: 60000 | Q115: =SUM(Y115:AJ115) -> 54250 | R115: =SUM(AK115:AV115) -> 210000 | S115: =SUM(AW115:BH115) -> 210000 | T115: =SUM(BI115:BT115) -> 300000 | U115: =SUM(BU115:CF115) -> 420000 | V115: =SUM(CG115:CR115) -> 480000 | W115: =SUM(CS115:DD115) -> 720000 | AD115: 250 | AE115: 500 | AF115: 500 | AG115: 500 | AH115: 17500 | AI115: 17500 | AJ115: 17500 | AK115: =$J115 -> 17500 | AL115: =$J115 -> 17500 | AM115: =$J115 -> 17500 | AN115: =$J115 -> 17500 | AO115: =$J115 -> 17500 | AP115: =$J115 -> 17500 | AQ115: =$J115 -> 17500 | AR115: =$J115 -> 17500 | ... AV115: =$J115 -> 17500 | AW115: =$K115 -> 17500 | AX115: =$K115 -> 17500 | AY115: =$K115 -> 17500 | AZ115: =$K115 -> 17500 | BA115: =$K115 -> 17500 | BB115: =$K115 -> 17500 | BC115: =$K115 -> 17500 | BD115: =$K115 -> 17500 | ... BH115: =$K115 -> 17500 | BI115: =$L115 -> 25000 | BJ115: =$L115 -> 25000 | BK115: =$L115 -> 25000 | BL115: =$L115 -> 25000 | BM115: =$L115 -> 25000 | BN115: =$L115 -> 25000 | BO115: =$L115 -> 25000 | BP115: =$L115 -> 25000 | ... BT115: =$L115 -> 25000 | BU115: =$M115 -> 35000 | BV115: =$M115 -> 35000 | BW115: =$M115 -> 35000 | BX115: =$M115 -> 35000 | BY115: =$M115 -> 35000 | BZ115: =$M115 -> 35000 | CA115: =$M115 -> 35000 | CB115: =$M115 -> 35000 | ... CF115: =$M115 -> 35000 | CG115: =$N115 -> 40000 | CH115: =$N115 -> 40000 | CI115: =$N115 -> 40000 | CJ115: =$N115 -> 40000 | CK115: =$N115 -> 40000 | CL115: =$N115 -> 40000 | CM115: =$N115 -> 40000 | CN115: =$N115 -> 40000 | ... CR115: =$N115 -> 40000 | CS115: =$O115 -> 60000 | CT115: =$O115 -> 60000 | CU115: =$O115 -> 60000 | CV115: =$O115 -> 60000 | CW115: =$O115 -> 60000 | CX115: =$O115 -> 60000 | CY115: =$O115 -> 60000 | CZ115: =$O115 -> 60000 | ... DD115: =$O115 -> 60000
E116: R&D Expense | F116: Assume per month | J116: 75000 | K116: 75000 | L116: 90000 | M116: 600000 | N116: 600000 | O116: 625000 | Q116: =SUM(Y116:AJ116) -> 700 | R116: =SUM(AK116:AV116) -> 900000 | S116: =SUM(AW116:BH116) -> 900000 | T116: =SUM(BI116:BT116) -> 1080000 | U116: =SUM(BU116:CF116) -> 7200000 | V116: =SUM(CG116:CR116) -> 7200000 | W116: =SUM(CS116:DD116) -> 7500000 | AB116: 100 | AC116: 100 | AD116: 100 | AE116: 100 | AF116: 100 | AG116: 100 | AH116: 100 | AK116: =$J116 -> 75000 | AL116: =$J116 -> 75000 | AM116: =$J116 -> 75000 | AN116: =$J116 -> 75000 | AO116: =$J116 -> 75000 | AP116: =$J116 -> 75000 | AQ116: =$J116 -> 75000 | AR116: =$J116 -> 75000 | ... AV116: =$J116 -> 75000 | AW116: =$K116 -> 75000 | AX116: =$K116 -> 75000 | AY116: =$K116 -> 75000 | AZ116: =$K116 -> 75000 | BA116: =$K116 -> 75000 | BB116: =$K116 -> 75000 | BC116: =$K116 -> 75000 | BD116: =$K116 -> 75000 | ... BH116: =$K116 -> 75000 | BI116: =$L116 -> 90000 | BJ116: =$L116 -> 90000 | BK116: =$L116 -> 90000 | BL116: =$L116 -> 90000 | BM116: =$L116 -> 90000 | BN116: =$L116 -> 90000 | BO116: =$L116 -> 90000 | BP116: =$L116 -> 90000 | ... BT116: =$L116 -> 90000 | BU116: =$M116 -> 600000 | BV116: =$M116 -> 600000 | BW116: =$M116 -> 600000 | BX116: =$M116 -> 600000 | BY116: =$M116 -> 600000 | BZ116: =$M116 -> 600000 | CA116: =$M116 -> 600000 | CB116: =$M116 -> 600000 | ... CF116: =$M116 -> 600000 | CG116: =$N116 -> 600000 | CH116: =$N116 -> 600000 | CI116: =$N116 -> 600000 | CJ116: =$N116 -> 600000 | CK116: =$N116 -> 600000 | CL116: =$N116 -> 600000 | CM116: =$N116 -> 600000 | CN116: =$N116 -> 600000 | ... CR116: =$N116 -> 600000 | CS116: =$O116 -> 625000 | CT116: =$O116 -> 625000 | CU116: =$O116 -> 625000 | CV116: =$O116 -> 625000 | CW116: =$O116 -> 625000 | CX116: =$O116 -> 625000 | CY116: =$O116 -> 625000 | CZ116: =$O116 -> 625000 | ... DD116: =$O116 -> 625000
E117: Travel | F117: Assumed Per Employee | I117: 300 | J117: 850 | K117: 850 | L117: 750 | M117: 500 | N117: 500 | O117: 500 | Q117: =SUM(Y117:AJ117) -> 700 | R117: =SUM(AK117:AV117) -> 201450 | S117: =SUM(AW117:BH117) -> 453900 | T117: =SUM(BI117:BT117) -> 507750 | U117: =SUM(BU117:CF117) -> 504000 | V117: =SUM(CG117:CR117) -> 839000 | W117: =SUM(CS117:DD117) -> 1120500 | AB117: 100 | AC117: 100 | AD117: 100 | AE117: 100 | AF117: 100 | AG117: 100 | AH117: 100 | AK117: =$J$117*AK85 -> 7650 | AL117: =$J$117*AL85 -> 8500 | AM117: =$J$117*AM85 -> 9350 | AN117: =$J$117*AN85 -> 11900 | AO117: =$J$117*AO85 -> 15300 | AP117: =$J$117*AP85 -> 17000 | AQ117: =$J$117*AQ85 -> 17850 | AR117: =$J$117*AR85 -> 19550 | ... AV117: =$J$117*AV85 -> 25500 | AW117: =$K$117*AW85 -> 27200 | AX117: =$K$117*AX85 -> 28050 | AY117: =$K$117*AY85 -> 29750 | AZ117: =$K$117*AZ85 -> 33150 | BA117: =$K$117*BA85 -> 33150 | BB117: =$K$117*BB85 -> 38250 | BC117: =$K$117*BC85 -> 40800 | BD117: =$K$117*BD85 -> 41650 | ... BH117: =$K$117*BH85 -> 48450 | BI117: =$L$117*BI85 -> 43500 | BJ117: =$L$117*BJ85 -> 44250 | BK117: =$L$117*BK85 -> 45000 | BL117: =$L$117*BL85 -> 46500 | BM117: =$L$117*BM85 -> 47250 | BN117: =$L$117*BN85 -> 33750 | BO117: =$L$117*BO85 -> 36750 | BP117: =$L$117*BP85 -> 38250 | ... BT117: =$L$117*BT85 -> 45750 | BU117: =$M$117*BU85 -> 31000 | BV117: =$M$117*BV85 -> 31500 | BW117: =$M$117*BW85 -> 33000 | BX117: =$M$117*BX85 -> 35000 | BY117: =$M$117*BY85 -> 36000 | BZ117: =$M$117*BZ85 -> 37000 | CA117: =$M$117*CA85 -> 43000 | CB117: =$M$117*CB85 -> 45500 | ... CF117: =$M$117*CF85 -> 56000 | CG117: =$N$117*CG85 -> 58500 | CH117: =$N$117*CH85 -> 60500 | CI117: =$N$117*CI85 -> 62500 | CJ117: =$N$117*CJ85 -> 65000 | CK117: =$N$117*CK85 -> 68000 | CL117: =$N$117*CL85 -> 70000 | CM117: =$N$117*CM85 -> 72000 | CN117: =$N$117*CN85 -> 73500 | ... CR117: =$N$117*CR85 -> 78000 | CS117: =$O$117*CS85 -> 78000 | CT117: =$O$117*CT85 -> 81000 | CU117: =$O$117*CU85 -> 84000 | CV117: =$O$117*CV85 -> 87000 | CW117: =$O$117*CW85 -> 90000 | CX117: =$O$117*CX85 -> 93000 | CY117: =$O$117*CY85 -> 95500 | CZ117: =$O$117*CZ85 -> 98000 | ... DD117: =$O$117*DD85 -> 106500
Q118: =SUM(Y118:AJ118) -> 0 | R118: =SUM(AK118:AV118) -> 0 | S118: =SUM(AW118:BH118) -> 0 | T118: =SUM(BI118:BT118) -> 0 | U118: =SUM(BU118:CF118) -> 0 | V118: =SUM(CG118:CR118) -> 0 | W118: =SUM(CS118:DD118) -> 0
E120: Total Operating Expenses | Q120: =SUM(Y120:AJ120) -> 1322100 | R120: =SUM(AK120:AV120) -> 6098712.5 | S120: =SUM(AW120:BH120) -> 12942844 | T120: =SUM(BI120:BT120) -> 17626112 | U120: =SUM(BU120:CF120) -> 34023960 | V120: =SUM(CG120:CR120) -> 53936810 | W120: =SUM(CS120:DD120) -> 82485398 | Y120: =SUM(Y108:Y119) -> 40000 | Z120: =SUM(Z108:Z119) -> 50100 | AA120: =SUM(AA108:AA119) -> 50200 | AB120: =SUM(AB108:AB119) -> 93133.333 | AC120: =SUM(AC108:AC119) -> 122050 | AD120: =SUM(AD108:AD119) -> 110650 | AE120: =SUM(AE108:AE119) -> 143700 | AF120: =SUM(AF108:AF119) -> 134800 | ... DD120: =SUM(DD108:DD119) -> 10514973
E122: Operating Income | Q122: =SUM(Y122:AJ122) -> -1205862.8 | R122: =SUM(AK122:AV122) -> -4986832.5 | S122: =SUM(AW122:BH122) -> -10171255 | T122: =SUM(BI122:BT122) -> -8036640.2 | U122: =SUM(BU122:CF122) -> -7816532.5 | V122: =SUM(CG122:CR122) -> -5946762.6 | W122: =SUM(CS122:DD122) -> 9180559.2 | Y122: =Y66-Y120 -> -39945 | Z122: =Z66-Z120 -> -49942 | AA122: =AA66-AA120 -> -49718 | AB122: =AB66-AB120 -> -92380.333 | AC122: =AC66-AC120 -> -121041.25 | AD122: =AD66-AD120 -> -109759 | AE122: =AE66-AE120 -> -139345 | AF122: =AF66-AF120 -> -126653.5 | ... DD122: =DD66-DD120 -> -2199587.5
E123: Operating Margin | Q123: =IFERROR(Q122/Q40,"–") -> -8.3728694 | R123: =IFERROR(R122/R40,"–") -> -3.8775596 | S123: =IFERROR(S122/S40,"–") -> -2.5913276 | T123: =IFERROR(T122/T40,"–") -> -0.74839915 | U123: =IFERROR(U122/U40,"–") -> -0.27437905 | V123: =IFERROR(V122/V40,"–") -> -0.11468026 | W123: =IFERROR(W122/W40,"–") -> 0.093189926 | Y123: =IFERROR(Y122/Y40,"–") -> -68.87069 | Z123: =IFERROR(Z122/Z40,"–") -> -43.053448 | AA123: =IFERROR(AA122/AA40,"–") -> -28.573563 | AB123: =IFERROR(AB122/AB40,"–") -> -40.64247 | AC123: =IFERROR(AC122/AC40,"–") -> -40.840574 | AD123: =IFERROR(AD122/AD40,"–") -> -37.105815 | AE123: =IFERROR(AE122/AE40,"–") -> -20.038108 | AF123: =IFERROR(AF122/AF40,"–") -> -11.511338 | ... DD123: =IFERROR(DD122/DD40,"–") -> -0.24632481
E125: Taxes & Licenses | F125: Assume per month | J125: 500 | Q125: =SUM(Y125:AJ125) -> 0 | R125: =SUM(AK125:AV125) -> 6000 | S125: =SUM(AW125:BH125) -> 6000 | T125: =SUM(BI125:BT125) -> 6000 | U125: =SUM(BU125:CF125) -> 6000 | V125: =SUM(CG125:CR125) -> 6000 | W125: =SUM(CS125:DD125) -> 6000 | AK125: =$J125 -> 500 | AL125: =$J125 -> 500 | AM125: =$J125 -> 500 | AN125: =$J125 -> 500 | AO125: =$J125 -> 500 | AP125: =$J125 -> 500 | AQ125: =$J125 -> 500 | AR125: =$J125 -> 500 | ... DD125: =$J125 -> 500
E127: FIXED ASSETS | I127: Existing | J127: Additional per month
E128: Fixed Asset Class 1 CapEx | I128: 5000 | J128: 150 | K128: 150 | L128: 150 | M128: 20000 | N128: 20000 | O128: 20000 | Q128: =SUM(Y128:AJ128) -> 1000 | R128: =SUM(AK128:AV128) -> 1800 | S128: =SUM(AW128:BH128) -> 1800 | T128: =SUM(BI128:BT128) -> 1800 | U128: =SUM(BU128:CF128) -> 240000 | V128: =SUM(CG128:CR128) -> 240000 | W128: =SUM(CS128:DD128) -> 240000 | AJ128: 1000 | AK128: =$J128 -> 150 | AL128: =$J128 -> 150 | AM128: =$J128 -> 150 | AN128: =$J128 -> 150 | AO128: =$J128 -> 150 | AP128: =$J128 -> 150 | AQ128: =$J128 -> 150 | AR128: =$J128 -> 150 | ... AV128: =$J128 -> 150 | AW128: =$K128 -> 150 | AX128: =$K128 -> 150 | AY128: =$K128 -> 150 | AZ128: =$K128 -> 150 | BA128: =$K128 -> 150 | BB128: =$K128 -> 150 | BC128: =$K128 -> 150 | BD128: =$K128 -> 150 | ... BH128: =$K128 -> 150 | BI128: =$L128 -> 150 | BJ128: =$L128 -> 150 | BK128: =$L128 -> 150 | BL128: =$L128 -> 150 | BM128: =$L128 -> 150 | BN128: =$L128 -> 150 | BO128: =$L128 -> 150 | BP128: =$L128 -> 150 | ... BT128: =$L128 -> 150 | BU128: =$M128 -> 20000 | BV128: =$M128 -> 20000 | BW128: =$M128 -> 20000 | BX128: =$M128 -> 20000 | BY128: =$M128 -> 20000 | BZ128: =$M128 -> 20000 | CA128: =$M128 -> 20000 | CB128: =$M128 -> 20000 | ... CF128: =$M128 -> 20000 | CG128: =$N128 -> 20000 | CH128: =$N128 -> 20000 | CI128: =$N128 -> 20000 | CJ128: =$N128 -> 20000 | CK128: =$N128 -> 20000 | CL128: =$N128 -> 20000 | CM128: =$N128 -> 20000 | CN128: =$N128 -> 20000 | ... CR128: =$N128 -> 20000 | CS128: =$O128 -> 20000 | CT128: =$O128 -> 20000 | CU128: =$O128 -> 20000 | CV128: =$O128 -> 20000 | CW128: =$O128 -> 20000 | CX128: =$O128 -> 20000 | CY128: =$O128 -> 20000 | CZ128: =$O128 -> 20000 | ... DD128: =$O128 -> 20000
...

Sheet Near Term Operating Plan
B2: OPERATING SUMMARY
B5: Operating Summary
F7: =Model!AJ8 -> 44531 | G7: =Model!AK8 -> 44562 | H7: =Model!AL8 -> 44593 | I7: =Model!AM8 -> 44621 | L7: =Model!AP8 -> 44713 | O7: =Model!AS8 -> 44805 | R7: =Model!AV8 -> 44896 | U7: =Model!AY8 -> 44986 | X7: =Model!BB8 -> 45078
B9: ARR | F9: =Model!AJ31 -> 480840 | I9: =ROUND(Model!AM31,-2) -> 771800 | J9: =ROUND(Model!AN31,-2) -> 909200 | K9: =ROUND(Model!AO31,-2) -> 1073200 | L9: =ROUND(Model!AP31,-2) -> 1268000 | M9: =ROUND(Model!AQ31,-2) -> 1387900 | N9: =ROUND(Model!AR31,-2) -> 1519500 | O9: =ROUND(Model!AS31,-2) -> 1662800 | P9: =ROUND(Model!AT31,-2) -> 1782100 | ... X9: =ROUND(Model!BB31,-2) -> 3629300
B11: Revenue
C12: =Model!E34 -> Basic | F12: =SUM(Model!AH34:'Model'!AJ34) -> 22678 | I12: =ROUND(SUM(Model!AK34:'Model'!AM34),-2) -> 28800 | J12: =ROUND(SUM(Model!AL34:'Model'!AN34),-2) -> 30300 | K12: =ROUND(SUM(Model!AM34:'Model'!AO34),-2) -> 31800 | L12: =ROUND(SUM(Model!AN34:'Model'!AP34),-2) -> 33400 | M12: =ROUND(SUM(Model!AO34:'Model'!AQ34),-2) -> 35000 | N12: =ROUND(SUM(Model!AP34:'Model'!AR34),-2) -> 36700 | O12: =ROUND(SUM(Model!AQ34:'Model'!AS34),-2) -> 38600 | P12: =ROUND(SUM(Model!AR34:'Model'!AT34),-2) -> 40500 | ... X12: =ROUND(SUM(Model!AZ34:'Model'!BB34),-2) -> 59800
C13: =Model!E35 -> Pro | F13: =SUM(Model!AH35:'Model'!AJ35) -> 16170 | I13: =ROUND(SUM(Model!AK35:'Model'!AM35),-2) -> 27800 | J13: =ROUND(SUM(Model!AL35:'Model'!AN35),-2) -> 33300 | K13: =ROUND(SUM(Model!AM35:'Model'!AO35),-2) -> 40000 | L13: =ROUND(SUM(Model!AN35:'Model'!AP35),-2) -> 48000 | M13: =ROUND(SUM(Model!AO35:'Model'!AQ35),-2) -> 55800 | N13: =ROUND(SUM(Model!AP35:'Model'!AR35),-2) -> 63000 | O13: =ROUND(SUM(Model!AQ35:'Model'!AS35),-2) -> 69300 | P13: =ROUND(SUM(Model!AR35:'Model'!AT35),-2) -> 75000 | ... X13: =ROUND(SUM(Model!AZ35:'Model'!BB35),-2) -> 135800
C14: =Model!E36 -> Mult-User | F14: =SUM(Model!AH36:'Model'!AJ36) -> 57500 | I14: =ROUND(SUM(Model!AK36:'Model'!AM36),-2) -> 109300 | J14: =ROUND(SUM(Model!AL36:'Model'!AN36),-2) -> 131300 | K14: =ROUND(SUM(Model!AM36:'Model'!AO36),-2) -> 157800 | L14: =ROUND(SUM(Model!AN36:'Model'!AP36),-2) -> 189500 | M14: =ROUND(SUM(Model!AO36:'Model'!AQ36),-2) -> 220000 | N14: =ROUND(SUM(Model!AP36:'Model'!AR36),-2) -> 248300 | O14: =ROUND(SUM(Model!AQ36:'Model'!AS36),-2) -> 273000 | P14: =ROUND(SUM(Model!AR36:'Model'!AT36),-2) -> 298300 | ... X14: =ROUND(SUM(Model!AZ36:'Model'!BB36),-2) -> 634400
C15: =Model!E37 -> Invoice Financing | F15: =SUM(Model!AH37:'Model'!AJ37) -> 0 | I15: =SUM(Model!AK37:'Model'!AM37) -> 0 | L15: =SUM(Model!AN37:'Model'!AP37) -> 0 | O15: =SUM(Model!AQ37:'Model'!AS37) -> 0 | R15: =SUM(Model!AT37:'Model'!AV37) -> 0 | U15: =SUM(Model!AW37:'Model'!AY37) -> 0 | X15: =SUM(Model!AZ37:'Model'!BB37) -> 0
C16: =Model!E38 -> Referral Fees | F16: =SUM(Model!AH38:'Model'!AJ38) -> 0 | I16: =SUM(Model!AK38:'Model'!AM38) -> 0 | L16: =SUM(Model!AN38:'Model'!AP38) -> 0 | O16: =SUM(Model!AQ38:'Model'!AS38) -> 0 | R16: =SUM(Model!AT38:'Model'!AV38) -> 0 | U16: =SUM(Model!AW38:'Model'!AY38) -> 0 | X16: =SUM(Model!AZ38:'Model'!BB38) -> 0
B17: Total Revenue | F17: =SUM(F12:F16) -> 96348 | I17: =SUM(I12:I16) -> 165900 | L17: =SUM(L12:L16) -> 270900 | O17: =SUM(O12:O16) -> 380900 | R17: =SUM(R12:R16) -> 468500 | U17: =SUM(U12:U16) -> 630200 | X17: =SUM(X12:X16) -> 830000
B21: Cost of Goods Sold
C22: =Model!E51 -> COGS - Basic | F22: =SUM(Model!AH51:'Model'!AJ51) -> 0 | I22: =SUM(Model!AK51:'Model'!AM51) -> 2882.6 | L22: =SUM(Model!AN51:'Model'!AP51) -> 3335 | O22: =SUM(Model!AQ51:'Model'!AS51) -> 3857 | R22: =SUM(Model!AT51:'Model'!AV51) -> 4460.2 | U22: =SUM(Model!AW51:'Model'!AY51) -> 38733.428 | X22: =SUM(Model!AZ51:'Model'!BB51) -> 44838.784
C23: =Model!E52 -> COGS - Pro | F23: =SUM(Model!AH52:'Model'!AJ52) -> 0 | I23: =SUM(Model!AK52:'Model'!AM52) -> 2778.3 | L23: =SUM(Model!AN52:'Model'!AP52) -> 4802 | O23: =SUM(Model!AQ52:'Model'!AS52) -> 6928.6 | R23: =SUM(Model!AT52:'Model'!AV52) -> 8388.8 | U23: =SUM(Model!AW52:'Model'!AY52) -> 76507.05 | X23: =SUM(Model!AZ52:'Model'!BB52) -> 101830.88
C24: =Model!E53 -> COGS - Mult-User | F24: =SUM(Model!AH53:'Model'!AJ53) -> 0 | I24: =SUM(Model!AK53:'Model'!AM53) -> 16387.5 | L24: =SUM(Model!AN53:'Model'!AP53) -> 28425 | O24: =SUM(Model!AQ53:'Model'!AS53) -> 40950 | R24: =SUM(Model!AT53:'Model'!AV53) -> 51000 | U24: =SUM(Model!AW53:'Model'!AY53) -> 71491.035 | X24: =SUM(Model!AZ53:'Model'!BB53) -> 95154.568
C25: =Model!E54 -> COGS - Invoice Financing | F25: =SUM(Model!AH54:'Model'!AJ54) -> 0 | I25: =SUM(Model!AK54:'Model'!AM54) -> 0 | L25: =SUM(Model!AN54:'Model'!AP54) -> 0 | O25: =SUM(Model!AQ54:'Model'!AS54) -> 0 | R25: =SUM(Model!AT54:'Model'!AV54) -> 0 | U25: =SUM(Model!AW54:'Model'!AY54) -> 0 | X25: =SUM(Model!AZ54:'Model'!BB54) -> 0
C26: =Model!E55 -> COGS - Referral Fees | F26: =SUM(Model!AH55:'Model'!AJ55) -> 0 | I26: =SUM(Model!AK55:'Model'!AM55) -> 0 | L26: =SUM(Model!AN55:'Model'!AP55) -> 0 | O26: =SUM(Model!AQ55:'Model'!AS55) -> 0 | R26: =SUM(Model!AT55:'Model'!AV55) -> 0 | U26: =SUM(Model!AW55:'Model'!AY55) -> 0 | X26: =SUM(Model!AZ55:'Model'!BB55) -> 0
B27: Total Cost of Goods Sold | F27: =SUM(Model!AH57:'Model'!AJ57) -> 11000 | I27: =ROUND(SUM(I22:I26),-2) -> 22000 | J27: =ROUND(SUM(J22:J26),-2) -> 0 | K27: =ROUND(SUM(K22:K26),-2) -> 0 | L27: =ROUND(SUM(L22:L26),-2) -> 36600 | M27: =ROUND(SUM(M22:M26),-2) -> 0 | N27: =ROUND(SUM(N22:N26),-2) -> 0 | O27: =ROUND(SUM(O22:O26),-2) -> 51700 | P27: =ROUND(SUM(P22:P26),-2) -> 0 | ... X27: =ROUND(SUM(X22:X26),-2) -> 241800
B29: Gross Profit | F29: =F17-F27 -> 85348 | I29: =I17-I27 -> 143900 | L29: =L17-L27 -> 234300 | O29: =O17-O27 -> 329200 | R29: =R17-R27 -> 404700 | U29: =U17-U27 -> 443500 | X29: =X17-X27 -> 588200
B31: GP Margin | F31: =IFERROR(F29/F17,0) -> 0.88583053 | I31: =IFERROR(I29/I17,0) -> 0.86738999 | L31: =IFERROR(L29/L17,0) -> 0.8648948 | O31: =IFERROR(O29/O17,0) -> 0.86426884 | R31: =IFERROR(R29/R17,0) -> 0.8638207 | U31: =IFERROR(U29/U17,0) -> 0.70374484 | X31: =IFERROR(X29/X17,0) -> 0.7086747
B33: Operating Expenses
C34: Payroll + Contractors | F34: =SUM(Model!AH108:'Model'!AJ108)+SUM(Model!AH110:'Model'!AJ110) -> 359166.67 | I34: =ROUND((SUM(Model!AK108:'Model'!AM108)+SUM(Model!AK110:'Model'!AM110)),-2) -> 439000 | J34: =ROUND((SUM(Model!AL108:'Model'!AN108)+SUM(Model!AL110:'Model'!AN110)),-2) -> 523200 | K34: =ROUND((SUM(Model!AM108:'Model'!AO108)+SUM(Model!AM110:'Model'!AO110)),-2) -> 655700 | L34: =ROUND((SUM(Model!AN108:'Model'!AP108)+SUM(Model!AN110:'Model'!AP110)),-2) -> 804900 | M34: =ROUND((SUM(Model!AO108:'Model'!AQ108)+SUM(Model!AO110:'Model'!AQ110)),-2) -> 916400 | N34: =ROUND((SUM(Model!AP108:'Model'!AR108)+SUM(Model!AP110:'Model'!AR110)),-2) -> 989200 | O34: =ROUND((SUM(Model!AQ108:'Model'!AS108)+SUM(Model!AQ110:'Model'!AS110)),-2) -> 1056800 | P34: =ROUND((SUM(Model!AR108:'Model'!AT108)+SUM(Model!AR110:'Model'!AT110)),-2) -> 1128500 | ... X34: =ROUND((SUM(Model!AZ108:'Model'!BB108)+SUM(Model!AZ110:'Model'!BB110)),-2) -> 1974900
C35: Sales & Marketing Programs | F35: =SUM(Model!AH112:'Model'!AJ112) -> 33700 | I35: =ROUND((SUM(Model!AK112:'Model'!AM112)),-2) -> 75300 | J35: =ROUND((SUM(Model!AL112:'Model'!AN112)),-2) -> 87900 | K35: =ROUND((SUM(Model!AM112:'Model'!AO112)),-2) -> 102900 | L35: =ROUND((SUM(Model!AN112:'Model'!AP112)),-2) -> 120800 | M35: =ROUND((SUM(Model!AO112:'Model'!AQ112)),-2) -> 118000 | N35: =ROUND((SUM(Model!AP112:'Model'!AR112)),-2) -> 112000 | O35: =ROUND((SUM(Model!AQ112:'Model'!AS112)),-2) -> 101900 | P35: =ROUND((SUM(Model!AR112:'Model'!AT112)),-2) -> 99100 | ... X35: =ROUND((SUM(Model!AZ112:'Model'!BB112)),-2) -> 181900
C36: General & Administrative | F36: =SUM(Model!AH113:'Model'!AJ113) -> 200 | I36: =SUM(Model!AK113:'Model'!AM113) -> 45000 | J36: =SUM(Model!AL113:'Model'!AN113) -> 52500 | K36: =SUM(Model!AM113:'Model'!AO113) -> 64500 | L36: =SUM(Model!AN113:'Model'!AP113) -> 78000 | M36: =SUM(Model!AO113:'Model'!AQ113) -> 88500 | N36: =SUM(Model!AP113:'Model'!AR113) -> 96000 | O36: =SUM(Model!AQ113:'Model'!AS113) -> 103500 | P36: =SUM(Model!AR113:'Model'!AT113) -> 111000 | ... X36: =SUM(Model!AZ113:'Model'!BB113) -> 184500
